Workbook
Name ACB: SUM(NHC_FAR!$BD1:$BF1,NHC_FAR!$BH1:$BJ1,NHC_FAR!$BM1)
Name Accounting_Policy_Change_confirmation: IF(OR(NHC_FAR!#REF!={0,""}),"No Change - New Asset",IF(NHC_FAR!#REF!=NHC_FAR!$AI1,"No Change","Change"))
Name Additions: IF(NHC_FAR!$AS1="Deemed Cost",IF(NHC_FAR!#REF!>=DATE(YEAR(NHC_FAR!$B$3)-1,7,1),NHC_FAR!#REF!,0),IF(NHC_FAR!#REF!>=DATE(YEAR(NHC_FAR!$B$3)-1,7,1),INDEX(#REF!,MATCH(NHC_FAR!$A1,#REF!,0)),0))
Name Annual_depreciation__not_to_be_used_for_accounting: IF(OR(NHC_FAR!$O1=NDA),0,IF(NHC_FAR!$AS1="Actual cost",-(NHC_FAR!$AY1-NHC_FAR!#REF!)/NHC_FAR!$AI1,-((NHC_FAR!#REF!-NHC_FAR!#REF!)/NHC_FAR!$AI1)))
Name C_1: INDEX(#REF!,MATCH(NHC_FAR!$E1,#REF!,0))
Name C_2: INDEX(#REF!,MATCH(NHC_FAR!$G1,#REF!,0))
Name C_3: INDEX(#REF!,MATCH(NHC_FAR!$I1,#REF!,0))
Name C_4: INDEX(#REF!,MATCH(NHC_FAR!#REF!,#REF!,0))
Name C_5: INDEX(#REF!,MATCH(NHC_FAR!$O1,#REF!,0))
Name C_6: INDEX(#REF!,MATCH(NHC_FAR!$Q1,#REF!,0))
Name CAI: SUM(NHC_FAR!$BO1:$BR1)
Name CCB: SUM(NHC_FAR!$AT1:$AW1)
Name CCV: NHC_FAR!$AY1+NHC_FAR!$BN1+NHC_FAR!$BS1
Name COB: SUM(NHC_FAR!$AT1:$AW1)
Name Compopt: _xlfn.IFNA(INDEX(#REF!,MATCH(NHC_FAR!$R1,#REF!,0)),"POLICY ERROR!!!")
Name Con_q: IF(NHC_FAR!#REF!="5","Very Poor",IF(NHC_FAR!#REF!="4","Poor",IF(NHC_FAR!#REF!="3","Fair",IF(NHC_FAR!#REF!="2","Good","Very Good"))))
Name ConB_RUL_Lower: IFERROR(INDEX(#REF!,MATCH(NHC_FAR!$AI1,#REF!,0),MATCH(NHC_FAR!#REF!,#REF!,0)-1),"NA")
Name ConB_RUL_Median: IFERROR(INDEX(#REF!,MATCH(NHC_FAR!$AI1,#REF!,0),MATCH(NHC_FAR!#REF!,#REF!,0)),"NA")
Name ConB_RUL_Upper: IFERROR(INDEX(#REF!,MATCH(NHC_FAR!$AI1,#REF!,0),MATCH(NHC_FAR!#REF!,#REF!,0)+1),"NA")
Name Condition_assessment: IF(NHC_FAR!#REF!="","NA",NHC_FAR!#REF!)
Name Cost_Opening_NewAssets: IF(NHC_FAR!$AS1="Deemed Cost",IF(NHC_FAR!#REF!<=DATE(YEAR(NHC_FAR!$B$3)-1,6,30),NHC_FAR!#REF!,0),IF(NHC_FAR!#REF!<=DATE(YEAR(NHC_FAR!$B$3)-1,6,30),INDEX(#REF!,MATCH(NHC_FAR!$A1,#REF!,0)),0))
Name CPA_Ref: INDEX(#REF!,MATCH(NHC_FAR!$R1,#REF!,0),17)
Name CPAperiodBase: IF(OR(NHC_FAR!#REF!={"",0,"NA - Actual Cost"}),"",NHC_FAR!#REF!&" "&LEFT(NHC_FAR!#REF!,7)&" to "&INDEX(#REF!,MATCH(NHC_FAR!$R1,#REF!,0))&" factor")
Name CRC: IF(OR(NHC_FAR!#REF!={"",0}),"",IF(OR(NHC_FAR!UnitRate="NA - Actual cost",NHC_FAR!UnitRate=""),"",IF(NHC_FAR!#REF!=NHC_FAR!#REF!,NHC_FAR!#REF!*NHC_FAR!$AA1,NHC_FAR!#REF!*NHC_FAR!#REF!*NHC_FAR!$AA1)))
Name CRC_CPA_ADJ: IF(OR(NHC_FAR!#REF!={"",0,"NA - Actual Cost"}),"",NHC_FAR!#REF!/NHC_FAR!#REF!*NHC_FAR!#REF!)
Name Dereg_AccDep: IF(NHC_FAR!#REF!="Yes",-SUM(NHC_FAR!$BD1:$BF1,NHC_FAR!$BH1:$BJ1),0)
Name Dereg_AccImp: IF(NHC_FAR!#REF!="Yes",-SUM(NHC_FAR!$BO1:$BQ1),0)
Name Dereg_Cost: IF(NHC_FAR!#REF!="Yes",-SUM(NHC_FAR!$AT1:$AV1),0)
Name DescrClass: _xlfn.IFNA(INDEX(#REF!,MATCH(NHC_FAR!$R1,#REF!,0)),"")
Name DRC_CPA_ADJ: IF(OR(NHC_FAR!#REF!={"",0,"NA - Actual Cost"}),"",NHC_FAR!#REF!/NHC_FAR!#REF!*NHC_FAR!#REF!)
Name EUL: _xlfn.IFNA(INDEX(#REF!,MATCH(NHC_FAR!$R1,#REF!,0)),"")
Name FC: "FX005002001000000000000000000000000"
Name FClass: "Finance and Administration : Asset Management"
Name General_List: INDEX(#REF!,0,MATCH(NHC_FAR!A$6,#REF!,0))
Name General_List_F: OFFSET(NHC_FAR!General_List,0,0,COUNTA(NHC_FAR!General_List),1)
Name General_List_F: OFFSET(NHC_FAR!General_List,0,0,COUNTA(NHC_FAR!General_List),1)
Name General_List_F: OFFSET(NHC_FAR!General_List,0,0,COUNTA(NHC_FAR!General_List),1)
Name General_List_F: OFFSET(NHC_FAR!General_List,0,0,COUNTA(NHC_FAR!General_List),1)
Name Mpumalanga: #REF!
Name NDA: OFFSET(NDAL,1,,COUNTA(NDAL)-1,1)
Name NDAL: INDEX(#REF!,,2)
Name No_Imp_Dep_Closing: IF(OR(NHC_FAR!$O1=NDA),0,-(NHC_FAR!$AY1-(((NHC_FAR!$AY1-NHC_FAR!#REF!)*NHC_FAR!$AO1/NHC_FAR!$AI1)+NHC_FAR!#REF!)))
Name No_Imp_Dep_CY: NHC_FAR!#REF!-NHC_FAR!$BU1
Name No_Imp_Dep_Opening: IF(OR(NHC_FAR!$O1=NDA),0,-(NHC_FAR!$AY1-(((NHC_FAR!$AY1-NHC_FAR!#REF!)*NHC_FAR!$AO1/NHC_FAR!$AI1)+NHC_FAR!#REF!)))
Name North_West: #REF!
Name RULBCC: IF(OR(NHC_FAR!$O1=NDA),"NA",IF(NHC_FAR!#REF!<1,0,NHC_FAR!#REF!-1))
Name RV: IFERROR(IF(OR(NHC_FAR!$O1=NDA),"NA",IF(NHC_FAR!$AS1="Deemed cost",NHC_FAR!#REF!*NHC_FAR!#REF!,NHC_FAR!#REF!*NHC_FAR!$AY1)),"ERROR!!!")
Name RVperc: INDEX(#REF!,MATCH(NHC_FAR!$R1,#REF!,0),MATCH("Residual Value (%)",#REF!,0))
Name Site_extent_unit_measure: _xlfn.IFNA(INDEX(#REF!,MATCH(NHC_FAR!$R1,#REF!,0)),"")
Name Size: _xlfn.IFNA(INDEX(#REF!,MATCH(NHC_FAR!$R1,#REF!,0)),"")
Name Size_unit: _xlfn.IFNA(INDEX(#REF!,MATCH(NHC_FAR!$R1,#REF!,0)),"")
Name TblAccGroup: [2]!Table114[#Headers]
Name TblAssetCategory: OFFSET('[2]TAR Model'!TblAssetCategoryList,0,0,COUNTA('[2]TAR Model'!TblAssetCategoryList),1)
Name Translator: IFERROR(INDEX(#REF!,MATCH(NHC_FAR!$Y1,#REF!,0)),"Update of Mscoa table needed")
Name UnitRate: IF(FAR[[#This Row],[Valuation method]]="Actual cost","NA - Actual Cost",INDEX(INDIRECT(SUBSTITUTE(NHC_FAR!$B$1," ","_",1)),MATCH(NHC_FAR!$R1,#REF!,0)))
Name URCode: IF(OR(NHC_FAR!#REF!={"",0},NHC_FAR!$AS1={"Actual Cost"}),"",_xlfn.IFNA(INDEX(#REF!,MATCH(NHC_FAR!$R1,#REF!,0)),""))
Name URmeasure: IF(OR(NHC_FAR!#REF!={"",0},NHC_FAR!$AS1={"Actual Cost"}),"",_xlfn.IFNA(INDEX(#REF!,MATCH(NHC_FAR!$R1,#REF!,0)),""))

Sheet Proposed journals
A2: Proposed Adjusting Journals
A3: No. | B3: Description | H3: 2022 | I3: 2023
B4: Current year movement
A5: 1 | B5: Dr | C5: Depreciation - FURNITURE AND FITTINGS | I5: =-I10 -> 99239.56
A6: 1 | B6: Dr | C6: Depreciation - COMPUTER EQUIPMENT | I6: =-I11 -> 1306109.9
A7: 1 | B7: Dr | C7: Depreciation - MOTOR VEHICLES | I7: =-I12 -> 69472.914
A8: 1 | B8: Dr | C8: Depreciation - LEASEHOLD IMPROVEMENTS | I8: 324278.05
A9: 1 | B9: Dr | C9: Depreciation - OFFICE EQUIPMENT AND TOOLS | I9: =-I14 -> 71032.24
A10: 1 | B10: Cr | C10: Accumulated Depreciation - FURNITURE AND FITTINGS | I10: ='Disclosure per Register'!H15 -> -99239.56
A11: 1 | B11: Dr | C11: Accumulated Depreciation - COMPUTER EQUIPMENT | I11: ='Disclosure per Register'!H16 -> -1306109.9
A12: 1 | B12: Cr | C12: Accumulated Depreciation - MOTOR VEHICLES | I12: ='Disclosure per Register'!H17 -> -69472.914
A13: 1 | B13: Dr | C13: Accumulated Depreciation - LEASEHOLD IMPROVEMENTS | I13: ='Disclosure per Register'!H18 -> -945935.23
A14: 1 | B14: Cr | C14: Accumulated Depreciation - OFFICE EQUIPMENT AND TOOLS | I14: ='Disclosure per Register'!H19 -> -71032.24
B15: Current year depreciation
A18: 2 | B18: Dr | C18: Accumulated Depreciation - COMPUTER EQUIPMENT | I18: 25227.813
A19: 2 | B19: Dr | C19: Asset Write - off/ disposal/ Derec | I19: 475.99667
A20: 2 | B20: Cr | C20: COMPUTER EQUIPMENT | I20: -25703.81
A22: 2 | B22: Dr | C22: Accumulated Depreciation - OFFICE EQUIPMENT AND TOOLS | I22: 13792.604
A23: 2 | B23: Dr | C23: Asset Write - off/ disposal/ Derec | I23: 8192.2659
A24: 2 | B24: Cr | C24: OFFICE EQUIPMENT AND TOOLS | I24: -21984.87
B25: Derecognition of asset no longer in use
A27: 3 | B27: Dr | C27: Accumulated Depreciation - FURNITURE AND FITTINGS | I27: =GETPIVOTDATA("Sum of Derecognitions (acc dep) [+]",'FAR Pivot'!$A$3,"Asset Category","Movable assets","Asset Sub Category","FURNITURE AND FITTINGS","Sub class Item","Other Assets") -> 0
A28: 3 | B28: Dr | C28: Asset Write - off/ disposal/ Derec | I28: 38489.936
A29: 3 | B29: Cr | C29: Cost - FURNITURE AND FITTINGS | I29: =GETPIVOTDATA("Sum of Derecognitions [-]",'FAR Pivot'!$A$3,"Asset Category","Movable assets","Asset Sub Category","FURNITURE AND FITTINGS","Sub class Item","Other Assets") -> 0
A31: 3 | B31: Dr | C31: Accumulated Depreciation - COMPUTER EQUIPMENT | I31: =GETPIVOTDATA("Sum of Derecognitions (acc dep) [+]",'FAR Pivot'!$A$3,"Asset Category","Movable assets","Asset Sub Category","COMPUTER EQUIPMENT","Sub class Item","Other Assets")-I18 -> -25227.813
A32: 3 | B32: Dr | C32: Asset Write - off/ disposal/ Derec | I32: 278581.58
A33: 3 | B33: Cr | C33: COMPUTER EQUIPMENT | I33: =GETPIVOTDATA("Sum of Derecognitions [-]",'FAR Pivot'!$A$3,"Asset Category","Movable assets","Asset Sub Category","COMPUTER EQUIPMENT","Sub class Item","Other Assets") -> 0
A35: 3 | B35: Dr | C35: Accumulated Depreciation - OFFICE EQUIPMENT AND TOOLS | I35: =GETPIVOTDATA("Sum of Derecognitions (acc dep) [+]",'FAR Pivot'!$A$3,"Asset Category","Movable assets","Asset Sub Category","OFFICE EQUIPMENT AND TOOLS","Sub class Item","Other Assets")-I22 -> -13792.604
A36: 3 | B36: Dr | C36: Asset Write - off/ disposal/ Derec | I36: 29765.058
A37: 3 | B37: Cr | C37: OFFICE EQUIPMENT AND TOOLS | I37: =GETPIVOTDATA("Sum of Derecognitions [-]",'FAR Pivot'!$A$3,"Asset Category","Movable assets","Asset Sub Category","OFFICE EQUIPMENT AND TOOLS","Sub class Item","Other Assets")-I24 -> 21984.87
B38: Derecognition of asset no longer in use

Sheet Tie-in
E15: AFS
A16: Property Plant and Equipment | E16: 2019
E17: Cost | F17: Accumulated Depreciation and Impairment | G17: Carrying Value
B18: Movables
B19: Furniture and fixtures | E19: 20868154 | F19: -17196748 | G19: =E19+F19 -> 3671406
B20: Total | E20: =SUM(E19) -> 20868154 | F20: =SUM(F19) -> -17196748 | G20: =SUM(G19) -> 3671406
E22: FAR
E23: 2019
E24: Cost | F24: Accumulated Depreciation and Impairment | G24: Carrying Value
B25: OTHER ASSETS | E25: 1392555.6 | F25: -705661.05 | G25: 686894.52
B26: FURNITURE AND FITTINGS | E26: 2873711.7 | F26: -1922840.3 | G26: 950871.39
B27: COMPUTER EQUIPMENT | E27: 2287443 | F27: -1000872.8 | G27: 1286570.3
B28: OFFICE EQUIPMENT | E28: 852504.67 | F28: -367477.36 | G28: 485027.31
B29: MOTOR VEHICLES | E29: 9310066 | F29: -6390789.7 | G29: 2919276.3
B30: PLANT AND MACHINERY | E30: 4302267.2 | F30: -2116675.9 | G30: 2185591.2
B31: Total | E31: =SUM(E25:E30) -> 21018548 | F31: =SUM(F25:F30) -> -12504317 | G31: =SUM(G25:G30) -> 8514231
E33: Difference
E34: Cost | F34: Accumulated Depreciation and Impairment | G34: Carrying Value
B35: Furniture and fixtures | E35: =E20-E31 -> -150394.13 | F35: =F20-F31 -> -4692430.9 | G35: =G20-G31 -> -4842825
E36: =SUM(E35) -> -150394.13 | F36: =SUM(F35) -> -4692430.9 | G36: =SUM(G35) -> -4842825

Sheet Disclosure per Register
A1: Property, Plant and Equipment
D2: 2026 | H2: 2025
C3: Cost / Valuation | D3: Accumulated depreciation and accumulated impairment | E3: Carrying value | G3: Cost / Valuation | H3: Accumulated depreciation and accumulated impairment | I3: Carrying value
A4: PPE Movables
B5: FURNITURE AND FITTINGS | C5: =GETPIVOTDATA("Sum of Cost Price (closing balance)",'FAR Pivot'!$A$3,"Asset Category","Movable assets","Asset Sub Category","FURNITURE AND FITTINGS","Sub class Item","Other Assets") -> 1565343 | D5: =GETPIVOTDATA("Sum of Accumulated depreciation (Closing balance)",'FAR Pivot'!$A$3,"Asset Category","Movable assets","Asset Sub Category","FURNITURE AND FITTINGS","Sub class Item","Other Assets") -> -1472008.8 | E5: =C5+D5 -> 93334.156 | G5: =GETPIVOTDATA("Sum of Cost Price (opening balance)",'FAR Pivot'!$A$3,"Asset Category","Movable assets","Asset Sub Category","FURNITURE AND FITTINGS","Sub class Item","Other Assets") -> 1565343 | H5: =GETPIVOTDATA("Sum of Accumulated depreciation (Opening balance)",'FAR Pivot'!$A$3,"Asset Category","Movable assets","Asset Sub Category","FURNITURE AND FITTINGS","Sub class Item","Other Assets") -> -1372769.3 | I5: =G5+H5 -> 192573.72
B6: COMPUTER EQUIPMENT | C6: =GETPIVOTDATA("Sum of Cost Price (closing balance)",'FAR Pivot'!$A$3,"Asset Category","Movable assets","Asset Sub Category","COMPUTER EQUIPMENT","Sub class Item","Other Assets") -> 7940229.2 | D6: =GETPIVOTDATA("Sum of Accumulated depreciation (Closing balance)",'FAR Pivot'!$A$3,"Asset Category","Movable assets","Asset Sub Category","COMPUTER EQUIPMENT","Sub class Item","Other Assets")+GETPIVOTDATA("Sum of Accumulated impairments (Closing balance)",'FAR Pivot'!$A$3,"Asset Category","Movable assets","Asset Sub Category","COMPUTER EQUIPMENT","Sub class Item","Other Assets")-GETPIVOTDATA("Sum of Accumulated impairments (Closing balance)",'FAR Pivot'!$A$3,"Asset Category","Movable assets","Asset Sub Category","COMPUTER EQUIPMENT","Sub class Item","Other Assets") -> -3606993.5 | E6: =C6+D6 -> 4333235.7 | G6: =GETPIVOTDATA("Sum of Cost Price (opening balance)",'FAR Pivot'!$A$3,"Asset Category","Movable assets","Asset Sub Category","COMPUTER EQUIPMENT","Sub class Item","Other Assets") -> 7929500.8 | H6: =GETPIVOTDATA("Sum of Accumulated depreciation (Opening balance)",'FAR Pivot'!$A$3,"Asset Category","Movable assets","Asset Sub Category","COMPUTER EQUIPMENT","Sub class Item","Other Assets") -> -2300883.5 | I6: =G6+H6 -> 5628617.3
B7: MOTOR VEHICLES | C7: =GETPIVOTDATA("Sum of Cost Price (closing balance)",'FAR Pivot'!$A$3,"Asset Category","Movable assets","Asset Sub Category","MOTOR VEHICLES","Sub class Item","Other Assets") -> 456050.95 | D7: =GETPIVOTDATA("Sum of Accumulated depreciation (Closing balance)",'FAR Pivot'!$A$3,"Asset Category","Movable assets","Asset Sub Category","MOTOR VEHICLES","Sub class Item","Other Assets") -> -395523.87 | E7: =C7+D7 -> 60527.086 | G7: =GETPIVOTDATA("Sum of Cost Price (opening balance)",'FAR Pivot'!$A$3,"Asset Category","Movable assets","Asset Sub Category","MOTOR VEHICLES","Sub class Item","Other Assets") -> 456050.95 | H7: =GETPIVOTDATA("Sum of Accumulated depreciation (Opening balance)",'FAR Pivot'!$A$3,"Asset Category","Movable assets","Asset Sub Category","MOTOR VEHICLES","Sub class Item","Other Assets") -> -326050.95 | I7: =G7+H7 -> 130000
B8: LEASEHOLD IMPROVEMENTS | C8: =GETPIVOTDATA("Sum of Cost Price (closing balance)",'FAR Pivot'!$A$3,"Asset Category","Movable assets","Asset Sub Category","LEASEHOLD IMPROVEMENTS","Sub class Item","Other Assets") -> 4729676.1 | D8: =GETPIVOTDATA("Sum of Accumulated depreciation (Closing balance)",'FAR Pivot'!$A$3,"Asset Category","Movable assets","Asset Sub Category","LEASEHOLD IMPROVEMENTS","Sub class Item","Other Assets") -> -1731191 | E8: =C8+D8 -> 2998485.1 | G8: =GETPIVOTDATA("Sum of Cost Price (opening balance)",'FAR Pivot'!$A$3,"Asset Category","Movable assets","Asset Sub Category","LEASEHOLD IMPROVEMENTS","Sub class Item","Other Assets") -> 4729676.1 | H8: =GETPIVOTDATA("Sum of Accumulated depreciation (Opening balance)",'FAR Pivot'!$A$3,"Asset Category","Movable assets","Asset Sub Category","LEASEHOLD IMPROVEMENTS","Sub class Item","Other Assets") -> -785255.82 | I8: =G8+H8 -> 3944420.3
B9: OFFICE EQUIPMENT AND TOOLS | C9: =GETPIVOTDATA("Sum of Cost Price (closing balance)",'FAR Pivot'!$A$3,"Asset Category","Movable assets","Asset Sub Category","OFFICE EQUIPMENT AND TOOLS","Sub class Item","Other Assets") -> 632812.09 | D9: =GETPIVOTDATA("Sum of Accumulated depreciation (Closing balance)",'FAR Pivot'!$A$3,"Asset Category","Movable assets","Asset Sub Category","OFFICE EQUIPMENT AND TOOLS","Sub class Item","Other Assets")+GETPIVOTDATA("Sum of Accumulated impairments (Closing balance)",'FAR Pivot'!$A$3,"Asset Category","Movable assets","Asset Sub Category","OFFICE EQUIPMENT AND TOOLS","Sub class Item","Other Assets")-GETPIVOTDATA("Sum of Accumulated impairments (Closing balance)",'FAR Pivot'!$A$3,"Asset Category","Movable assets","Asset Sub Category","OFFICE EQUIPMENT AND TOOLS","Sub class Item","Other Assets") -> -435767.43 | E9: =C9+D9 -> 197044.66 | G9: =GETPIVOTDATA("Sum of Cost Price (opening balance)",'FAR Pivot'!$A$3,"Asset Category","Movable assets","Asset Sub Category","OFFICE EQUIPMENT AND TOOLS","Sub class Item","Other Assets") -> 632812.09 | H9: =GETPIVOTDATA("Sum of Accumulated depreciation (Opening balance)",'FAR Pivot'!$A$3,"Asset Category","Movable assets","Asset Sub Category","OFFICE EQUIPMENT AND TOOLS","Sub class Item","Other Assets") -> -364735.19 | I9: =G9+H9 -> 268076.9
C10: =SUM(C5:C9) -> 15324111 | D10: =SUM(D5:D9) -> -7641484.6 | E10: =SUM(E5:E9) -> 7682626.7 | G10: =SUM(G4:G9) -> 15313383 | H10: =SUM(H4:H9) -> -5149694.8 | I10: =SUM(I4:I9) -> 10163688
C11: 0 | E11: =E10-J20 -> 0 | I11: =I10-C20 -> 0
A12: Reconciliation of property, plant and equipment - 2026
C14: Opening balance | D14: Additions | E14: Disposals | F14: Transfers | G14: Other | H14: Depreciation | I14: Impairments | J14: Total
B15: FURNITURE AND FITTINGS | C15: =GETPIVOTDATA("Sum of Cost Price (opening balance)",'FAR Pivot'!$A$3,"Asset Category","Movable assets","Asset Sub Category","FURNITURE AND FITTINGS","Sub class Item","Other Assets")+GETPIVOTDATA("Sum of Accumulated depreciation (Opening balance)",'FAR Pivot'!$A$3,"Asset Category","Movable assets","Asset Sub Category","FURNITURE AND FITTINGS","Sub class Item","Other Assets") -> 192573.72 | D15: =GETPIVOTDATA("Sum of Additions capitalised (@actual cost)",'FAR Pivot'!$A$3,"Asset Category","Movable assets","Asset Sub Category","FURNITURE AND FITTINGS","Sub class Item","Other Assets") -> 0 | E15: =GETPIVOTDATA("Sum of Derecognitions [-]",'FAR Pivot'!$A$3,"Asset Category","Movable assets","Asset Sub Category","FURNITURE AND FITTINGS","Sub class Item","Other Assets")+GETPIVOTDATA("Sum of Derecognitions (acc dep) [+]",'FAR Pivot'!$A$3,"Asset Category","Movable assets","Asset Sub Category","FURNITURE AND FITTINGS","Sub class Item","Other Assets") -> 0 | F15: 0 | G15: 0 | H15: =GETPIVOTDATA("Sum of Depreciation YTD",'FAR Pivot'!$A$3,"Asset Category","Movable assets","Asset Sub Category","FURNITURE AND FITTINGS","Sub class Item","Other Assets") -> -99239.56 | I15: 0 | J15: =C15+D15+H15+E15 -> 93334.156 | K15: =E5-J15 -> -4.5401976e-09
B16: COMPUTER EQUIPMENT | C16: =GETPIVOTDATA("Sum of Cost Price (opening balance)",'FAR Pivot'!$A$3,"Asset Category","Movable assets","Asset Sub Category","COMPUTER EQUIPMENT","Sub class Item","Other Assets")+GETPIVOTDATA("Sum of Accumulated depreciation (Opening balance)",'FAR Pivot'!$A$3,"Asset Category","Movable assets","Asset Sub Category","COMPUTER EQUIPMENT","Sub class Item","Other Assets") -> 5628617.3 | D16: =GETPIVOTDATA("Sum of Additions capitalised (@actual cost)",'FAR Pivot'!$A$3,"Asset Category","Movable assets","Asset Sub Category","COMPUTER EQUIPMENT","Sub class Item","Other Assets") -> 10728.35 | E16: =GETPIVOTDATA("Sum of Derecognitions [-]",'FAR Pivot'!$A$3,"Asset Category","Movable assets","Asset Sub Category","COMPUTER EQUIPMENT","Sub class Item","Other Assets")+GETPIVOTDATA("Sum of Derecognitions (acc dep) [+]",'FAR Pivot'!$A$3,"Asset Category","Movable assets","Asset Sub Category","COMPUTER EQUIPMENT","Sub class Item","Other Assets") -> 0 | F16: 0 | G16: 0 | H16: =GETPIVOTDATA("Sum of Depreciation YTD",'FAR Pivot'!$A$3,"Asset Category","Movable assets","Asset Sub Category","COMPUTER EQUIPMENT","Sub class Item","Other Assets") -> -1306109.9 | I16: =GETPIVOTDATA("Sum of Annual impairment",'FAR Pivot'!$A$3,"Asset Category","Movable assets","Asset Sub Category","COMPUTER EQUIPMENT","Sub class Item","Other Assets") -> 0 | J16: =C16+D16+H16+E16+I16 -> 4333235.7 | K16: =E6-J16 -> 0
B17: MOTOR VEHICLES | C17: =GETPIVOTDATA("Sum of Cost Price (opening balance)",'FAR Pivot'!$A$3,"Asset Category","Movable assets","Asset Sub Category","MOTOR VEHICLES","Sub class Item","Other Assets")+GETPIVOTDATA("Sum of Accumulated depreciation (Opening balance)",'FAR Pivot'!$A$3,"Asset Category","Movable assets","Asset Sub Category","MOTOR VEHICLES","Sub class Item","Other Assets") -> 130000 | D17: 0 | E17: 0 | F17: 0 | G17: =GETPIVOTDATA("Sum of Revaluation Adjustment Cost",'FAR Pivot'!$A$3,"Asset Category","Movable assets","Asset Sub Category","MOTOR VEHICLES","Sub class Item","Other Assets") -> 0 | H17: =GETPIVOTDATA("Sum of Depreciation YTD",'FAR Pivot'!$A$3,"Asset Category","Movable assets","Asset Sub Category","MOTOR VEHICLES","Sub class Item","Other Assets") -> -69472.914 | I17: 0 | J17: =C17+D17+H17+G17 -> 60527.086 | K17: =E7-J17 -> 0
B18: LEASEHOLD IMPROVEMENTS | C18: =GETPIVOTDATA("Sum of Cost Price (opening balance)",'FAR Pivot'!$A$3,"Asset Category","Movable assets","Asset Sub Category","LEASEHOLD IMPROVEMENTS","Sub class Item","Other Assets")+GETPIVOTDATA("Sum of Accumulated depreciation (Opening balance)",'FAR Pivot'!$A$3,"Asset Category","Movable assets","Asset Sub Category","LEASEHOLD IMPROVEMENTS","Sub class Item","Other Assets") -> 3944420.3 | D18: =GETPIVOTDATA("Sum of Additions capitalised (@actual cost)",'FAR Pivot'!$A$3,"Asset Category","Movable assets","Asset Sub Category","LEASEHOLD IMPROVEMENTS","Sub class Item","Other Assets") -> 0 | E18: 0 | F18: 0 | G18: 0 | H18: =GETPIVOTDATA("Sum of Depreciation YTD",'FAR Pivot'!$A$3,"Asset Category","Movable assets","Asset Sub Category","LEASEHOLD IMPROVEMENTS","Sub class Item","Other Assets") -> -945935.23 | I18: 0 | J18: =C18+D18+H18 -> 2998485.1 | K18: =E8-J18 -> 0
B19: OFFICE EQUIPMENT AND TOOLS | C19: =GETPIVOTDATA("Sum of Cost Price (opening balance)",'FAR Pivot'!$A$3,"Asset Category","Movable assets","Asset Sub Category","OFFICE EQUIPMENT AND TOOLS","Sub class Item","Other Assets")+GETPIVOTDATA("Sum of Accumulated depreciation (Opening balance)",'FAR Pivot'!$A$3,"Asset Category","Movable assets","Asset Sub Category","OFFICE EQUIPMENT AND TOOLS","Sub class Item","Other Assets") -> 268076.9 | D19: =GETPIVOTDATA("Sum of Additions capitalised (@actual cost)",'FAR Pivot'!$A$3,"Asset Category","Movable assets","Asset Sub Category","OFFICE EQUIPMENT AND TOOLS","Sub class Item","Other Assets") -> 0 | E19: =GETPIVOTDATA("Sum of Derecognitions [-]",'FAR Pivot'!$A$3,"Asset Category","Movable assets","Asset Sub Category","OFFICE EQUIPMENT AND TOOLS","Sub class Item","Other Assets")+GETPIVOTDATA("Sum of Derecognitions (acc dep) [+]",'FAR Pivot'!$A$3,"Asset Category","Movable assets","Asset Sub Category","OFFICE EQUIPMENT AND TOOLS","Sub class Item","Other Assets") -> 0 | F19: 0 | G19: 0 | H19: =GETPIVOTDATA("Sum of Depreciation YTD",'FAR Pivot'!$A$3,"Asset Category","Movable assets","Asset Sub Category","OFFICE EQUIPMENT AND TOOLS","Sub class Item","Other Assets") -> -71032.24 | I19: =GETPIVOTDATA("Sum of Annual impairment",'FAR Pivot'!$A$3,"Asset Category","Movable assets","Asset Sub Category","OFFICE EQUIPMENT AND TOOLS","Sub class Item","Other Assets") -> 0 | J19: =C19+D19+H19+E19+I19 -> 197044.66 | K19: =E9-J19 -> 0
C20: =SUM(C15:C19) -> 10163688 | D20: =SUM(D15:D19) -> 10728.35 | E20: =SUM(E15:E19) -> 0 | F20: 0 | G20: 0 | H20: =SUM(H15:H19) -> -2491789.9 | I20: 0 | J20: =SUM(J15:J19) -> 7682626.7
A22: Reconciliation of property, plant and equipment - 2022
C24: Opening balance | D24: Additions | E24: Disposals | F24: Transfers | G24: Other | H24: Depreciation | I24: Impairments | J24: Total
B25: FURNITURE AND FITTINGS | C25: 766749.91 | D25: 0 | E25: -1638.07 | F25: 0 | G25: 0 | H25: -260754.35 | I25: 0 | J25: 504357.49
B26: COMPUTER EQUIPMENT | C26: 1067715.3 | D26: 626049.41 | E26: -9864.73 | F26: 0 | G26: 0 | H26: -648124.88 | I26: 0 | J26: 1035775.1
B27: MOTOR VEHICLES | C27: 72963.05 | D27: 0 | E27: 0 | F27: 0 | G27: 0 | H27: -38991.967 | I27: 0 | J27: 33971.083
B28: LEASEHOLD IMPROVEMENTS | C28: 1066574.8 | D28: 0 | E28: 0 | F28: 0 | G28: 0 | H28: -324278.05 | I28: 0 | J28: 742296.74
B29: OFFICE EQUIPMENT AND TOOLS | C29: 214975 | D29: 19997.5 | E29: -19822.27 | F29: 0 | G29: 0 | H29: -67834.008 | I29: 0 | J29: 147316.23
B30: COMPUTER SOFTWARE | C30: 84924.86 | D30: 29980 | E30: -114904.86 | F30: 0 | G30: 0 | H30: 0 | I30: 0 | J30: 0
C31: 3273902.9 | D31: 676026.91 | E31: -146229.93 | F31: 0 | G31: 0 | H31: -1339983.3 | I31: 0 | J31: 2463716.6
A35: Prior period error note
C36: Previously disclosed | D36: Adjustment | E36: Restated balance
B39: Total | C39: =SUM(C37:C38) -> 0 | D39: =SUM(D37:D38) -> 0 | E39: =SUM(E37:E38) -> 0

Sheet Detail1
A1: Details for Sum of Cost Price (opening balance) - Sub class Item: Other Assets, Asset Sub Category (Level 3): FURNITURE AND FITTINGS, Asset Category (Level 2): Movable assets
A3: Component ID/ Bar code | B3: ROOM ID | C3: Code1 | D3: Accounting Group (Level 1) | E3: Code2 | F3: Asset Category (Level 2) | G3: Code3 | H3: Asset Sub Category (Level 3) | I3: Code4 | J3: Asset Group (Level 4) | K3: Asset Facility Sub-name / Area | L3: LOCATION | M3: Code5 | N3: Asset Type (Level 5) | O3: Code6 | P3: Asset Component (Level 6) | Q3: Descriptor Selection | R3: Accounting model applied | S3: Ownership | T3: Function importance | U3: Sub class Item | V3: MSCOA Function Class | W3: SCOA Function Code | X3: mSCOA Asset ID | Y3: Extent | Z3: Purchase Date | AA3: Take-On Date [dd-mm-yy] | AB3: Leased? | AC3: Movable asset? | AD3: Reporting date | AE3: Cost unit rate [@ recognition date] | AF3: EUL | AG3: Residual % | AH3: Residual Value | AI3: Accounting Policy Change confirmation | AJ3: Years utilised in Days | AK3: Years utilised in Years | AL3: Opening RUL | AM3: RUL Adjustment | AN3: Opening RUL 30 June 2026 | AO3: Closing RUL - June 2026 | AP3: Condition Rate | AQ3: Condition | AR3: Valuation method | AS3: Cost Price (opening balance) | AT3: Additions capitalised (@actual cost) | AU3: Revaluation Adjustment Cost | AV3: Derecognitions [-] | AW3: Derecognition costs | AX3: Cost Price (closing balance) | AY3: Carrying value (opening balance) | AZ3: Revaluation Value | BA3: Provision on rehabilitation cost | BB3: Fairvalue adjustment | BC3: Accumulated depreciation (Opening balance) | BD3: Revaluation adjustment Opening Accumulative depreciation | BE3: Change in Accounting Policy | BF3: Error Comments | BG3: Correction of RUL errors | BH3: Depreciation YTD | BI3: Monthly depreciation | BJ3: Change in useful life effect | BK3: Depreciation Method | BL3: Derecognitions (acc dep) [+] | BM3: Accumulated depreciation (Closing balance) | BN3: Accumulated impairments (Opening balance) | BO3: Revaluation adjustment: Opening Accumulative impairments | BP3: Annual impairment | BQ3: Derecognition Impairment balance [+] | BR3: Accumulated impairments (Closing balance) | BS3: Carrying value (closing balance) | BT3: Derecognitions date | BU3: Depreciation if no impairment took place - Depreciation | BV3: Depreciation if no impairment took place - Accumulative total | BW3: Method Acquired | BX3: Funding type | BY3: DEPARTMENT | BZ3: Asset Custodian/ Responsible Person | CA3: S/N | CB3: Make | CC3: Model | CD3: Insurance | CE3: Column1
A4: NHC171 | B4: Open plan finance | C4: PPE | D4: Property, plant & equipment | E4: MOV | F4: Movable assets | G4: OTH | H4: FURNITURE AND FITTINGS | I4: OTH | J4: Other Assets | K4: Main offices | L4: Main offices | M4: OTH | N4: Lockable TV Cabinet | O4: OTH | Q4: Lockable TV Cabinet | R4: Cost Model | S4: Owned | T4: Core | U4: Other Assets | V4: Finance and Administration : Asset Management | W4: FX005002001000000000000000000000000 | X4: IA002015001018001001000000000000000000 | Y4: 1 | Z4: 16/04/2004 | AA4: 38093 | AB4: NO | AC4: Yes | AD4: 44651 | AE4: NA - Actual Cost | AF4: 6 | AG4: 0 | AH4: 0 | AI4: No Change | AL4: 1 | AN4: 1 | AO4: 0 | AP4: 2 - Good (46-70%) | AR4: Actual Cost | AS4: 6384 | AU4: 0 | AV4: 0 | AW4: 0 | AX4: 6384 | AY4: 354.66667 | AZ4: 0 | BC4: -6029.3333 | BE4: NO | BH4: -354.66667 | BI4: -29.555556 | BK4: Straight line | BL4: 0 | BM4: -6384 | BR4: 0 | BS4: 0 | BW4: Purchased | BX4: Own funding | BZ4: L.Mashilo
A5: NHC172 | B5: Basement | C5: PPE | D5: Property, plant & equipment | E5: MOV | F5: Movable assets | G5: OTH | H5: FURNITURE AND FITTINGS | I5: OTH | J5: Other Assets | K5: Main offices | L5: Main offices | M5: OTH | N5: 1000X600mm Coffee Table | O5: OTH | Q5: 1000X600mm Coffee Table | R5: Cost Model | S5: Owned | T5: Core | U5: Other Assets | V5: Finance and Administration : Asset Management | W5: FX005002001000000000000000000000000 | X5: IA002015001018001001000000000000000000 | Y5: 1 | Z5: 16/04/2004 | AA5: 38093 | AB5: NO | AC5: Yes | AD5: 44651 | AE5: NA - Actual Cost | AF5: 6 | AG5: 0 | AH5: 0 | AI5: No Change | AL5: 1 | AN5: 1 | AO5: 0 | AP5: 3 - Fair (26-45%) | AR5: Actual Cost | AS5: 2394 | AU5: 0 | AV5: 0 | AW5: 0 | AX5: 2394 | AY5: 133 | AZ5: 0 | BC5: -2261 | BE5: NO | BH5: -133 | BI5: -11.083333 | BK5: Straight line | BL5: 0 | BM5: -2394 | BR5: 0 | BS5: 0 | BW5: Purchased | BX5: Own funding | BZ5: S.Skenjana
A6: NHC123 | B6: R8 executive office | C6: PPE | D6: Property, plant & equipment | E6: MOV | F6: Movable assets | G6: OTH | H6: FURNITURE AND FITTINGS | I6: OTH | J6: Other Assets | K6: Main offices | L6: Main offices | M6: OTH | N6: 1500*750mm Reception desk with Modesty panel | O6: OTH | Q6: 1500*750mm Reception desk with Modesty panel | R6: Cost Model | S6: Owned | T6: Core | U6: Other Assets | V6: Finance and Administration : Asset Management | W6: FX005002001000000000000000000000000 | X6: IA002015001018001001000000000000000000 | Y6: 1 | Z6: 25/03/2004 | AA6: 38071 | AB6: NO | AC6: Yes | AD6: 44651 | AE6: NA - Actual Cost | AF6: 6 | AG6: 0 | AH6: 0 | AI6: No Change | AL6: 1 | AN6: 1 | AO6: 0 | AP6: 3 - Fair (26-45%) | AR6: Actual Cost | AS6: 6460.38 | AU6: 0 | AV6: 0 | AW6: 0 | AX6: 6460.38 | AY6: 358.91 | AZ6: 0 | BC6: -6101.47 | BE6: NO | BH6: -358.91 | BI6: -29.909167 | BK6: Straight line | BL6: 0 | BM6: -6460.38 | BR6: 0 | BS6: 0 | BW6: Purchased | BX6: Own funding | BZ6: N. Ngabeni
A7: NHC127 | B7: Basement storage | C7: PPE | D7: Property, plant & equipment | E7: MOV | F7: Movable assets | G7: OTH | H7: FURNITURE AND FITTINGS | I7: OTH | J7: Other Assets | K7: Main offices | L7: Main offices | M7: OTH | N7: 950*950mm Coffee Table | O7: OTH | Q7: 950*950mm Coffee Table | R7: Cost Model | S7: Owned | T7: Core | U7: Other Assets | V7: Finance and Administration : Asset Management | W7: FX005002001000000000000000000000000 | X7: IA002015001018001001000000000000000000 | Y7: 1 | Z7: 25/03/2004 | AA7: 38071 | AB7: NO | AC7: Yes | AD7: 44651 | AE7: NA - Actual Cost | AF7: 6 | AG7: 0 | AH7: 0 | AI7: No Change | AL7: 1 | AN7: 1 | AO7: 0 | AP7: 5 - Very poor (0-10%) | AR7: Actual Cost | AS7: 3780.24 | AU7: 0 | AV7: 0 | AW7: 0 | AX7: 3780.24 | AY7: 210.01333 | AZ7: 0 | BC7: -3570.2267 | BE7: NO | BH7: -210.01333 | BI7: -17.501111 | BK7: Straight line | BL7: 0 | BM7: -3780.24 | BR7: 0 | BS7: 0 | BW7: Purchased | BX7: Own funding | BZ7: S. Skenjana
A8: NHC128 | B8: R8 executive office | C8: PPE | D8: Property, plant & equipment | E8: MOV | F8: Movable assets | G8: OTH | H8: FURNITURE AND FITTINGS | I8: OTH | J8: Other Assets | K8: Main offices | L8: Main offices | M8: OTH | N8: Traditional Cane Chair | O8: OTH | Q8: Traditional Cane Chair | R8: Cost Model | S8: Owned | T8: Core | U8: Other Assets | V8: Finance and Administration : Asset Management | W8: FX005002001000000000000000000000000 | X8: IA002015001018001001000000000000000000 | Y8: 1 | Z8: 25/03/2004 | AA8: 38071 | AB8: NO | AC8: Yes | AD8: 44651 | AE8: NA - Actual Cost | AF8: 6 | AG8: 0 | AH8: 0 | AI8: No Change | AL8: 1 | AN8: 1 | AO8: 0 | AP8: 3 - Fair (26-45%) | AR8: Actual Cost | AS8: 2560.44 | AU8: 0 | AV8: 0 | AW8: 0 | AX8: 2560.44 | AY8: 142.24667 | AZ8: 0 | BC8: -2418.1933 | BE8: NO | BH8: -142.24667 | BI8: -11.853889 | BK8: Straight line | BL8: 0 | BM8: -2560.44 | BR8: 0 | BS8: 0 | BW8: Purchased | BX8: Own funding | BZ8: M. Davids
A9: NHC129 | B9: R8 executive office | C9: PPE | D9: Property, plant & equipment | E9: MOV | F9: Movable assets | G9: OTH | H9: FURNITURE AND FITTINGS | I9: OTH | J9: Other Assets | K9: Main offices | L9: Main offices | M9: OTH | N9: Traditional Cane Chair | O9: OTH | Q9: Traditional Cane Chair | R9: Cost Model | S9: Owned | T9: Core | U9: Other Assets | V9: Finance and Administration : Asset Management | W9: FX005002001000000000000000000000000 | X9: IA002015001018001001000000000000000000 | Y9: 1 | Z9: 25/03/2004 | AA9: 38071 | AB9: NO | AC9: Yes | AD9: 44651 | AE9: NA - Actual Cost | AF9: 6 | AG9: 0 | AH9: 0 | AI9: No Change | AL9: 1 | AN9: 1 | AO9: 0 | AP9: 2 - Good (46-70%) | AR9: Actual Cost | AS9: 2560.44 | AU9: 0 | AV9: 0 | AW9: 0 | AX9: 2560.44 | AY9: 142.24667 | AZ9: 0 | BC9: -2418.1933 | BE9: NO | BH9: -142.24667 | BI9: -11.853889 | BK9: Straight line | BL9: 0 | BM9: -2560.44 | BR9: 0 | BS9: 0 | BW9: Purchased | BX9: Own funding | BZ9: N. Ngabeni
A10: NHC130 | B10: Open Plan Finance | C10: PPE | D10: Property, plant & equipment | E10: MOV | F10: Movable assets | G10: OTH | H10: FURNITURE AND FITTINGS | I10: OTH | J10: Other Assets | K10: Main offices | L10: Main offices | M10: OTH | N10: Traditional Cane Chair | O10: OTH | Q10: Traditional Cane Chair | R10: Cost Model | S10: Owned | T10: Core | U10: Other Assets | V10: Finance and Administration : Asset Management | W10: FX005002001000000000000000000000000 | X10: IA002015001018001001000000000000000000 | Y10: 1 | Z10: 25/03/2004 | AA10: 38071 | AB10: NO | AC10: Yes | AD10: 44651 | AE10: NA - Actual Cost | AF10: 6 | AG10: 0 | AH10: 0 | AI10: No Change | AL10: 1 | AN10: 1 | AO10: 0 | AP10: 3 - Fair (26-45%) | AR10: Actual Cost | AS10: 2560.44 | AU10: 0 | AV10: 0 | AW10: 0 | AX10: 2560.44 | AY10: 142.24667 | AZ10: 0 | BC10: -2418.1933 | BE10: NO | BH10: -142.24667 | BI10: -11.853889 | BK10: Straight line | BL10: 0 | BM10: -2560.44 | BR10: 0 | BS10: 0 | BW10: Purchased | BX10: Own funding | BZ10: S. Skenjana
A11: NHC131 | B11: Open plan finance | C11: PPE | D11: Property, plant & equipment | E11: MOV | F11: Movable assets | G11: OTH | H11: FURNITURE AND FITTINGS | I11: OTH | J11: Other Assets | K11: Main offices | L11: Main offices | M11: OTH | N11: Tradition Cane Chair | O11: OTH | Q11: Tradition Cane Chair | R11: Cost Model | S11: Owned | T11: Core | U11: Other Assets | V11: Finance and Administration : Asset Management | W11: FX005002001000000000000000000000000 | X11: IA002015001018001001000000000000000000 | Y11: 1 | Z11: 25/03/2004 | AA11: 38071 | AB11: NO | AC11: Yes | AD11: 44651 | AE11: NA - Actual Cost | AF11: 6 | AG11: 0 | AH11: 0 | AI11: No Change | AL11: 1 | AN11: 1 | AO11: 0 | AP11: 2 - Good (46-70%) | AR11: Actual Cost | AS11: 2560.44 | AU11: 0 | AV11: 0 | AW11: 0 | AX11: 2560.44 | AY11: 142.24667 | AZ11: 0 | BC11: -2418.1933 | BE11: NO | BH11: -142.24667 | BI11: -11.853889 | BK11: Straight line | BL11: 0 | BM11: -2560.44 | BR11: 0 | BS11: 0 | BW11: Purchased | BX11: Own funding | BZ11: S.Skenjana
A12: NHC145 | B12: R13 ceo office | C12: PPE | D12: Property, plant & equipment | E12: MOV | F12: Movable assets | G12: OTH | H12: FURNITURE AND FITTINGS | I12: OTH | J12: Other Assets | K12: Main offices | L12: Main offices | M12: OTH | N12: Antique Butlers Tray | O12: OTH | Q12: Antique Butlers Tray | R12: Cost Model | S12: Owned | T12: Core | U12: Other Assets | V12: Finance and Administration : Asset Management | W12: FX005002001000000000000000000000000 | X12: IA002015001018001001000000000000000000 | Y12: 1 | Z12: 25/03/2004 | AA12: 38071 | AB12: NO | AC12: Yes | AD12: 44651 | AE12: NA - Actual Cost | AF12: 6 | AG12: 0 | AH12: 0 | AI12: No Change | AL12: 1 | AN12: 1 | AO12: 0 | AP12: 2 - Good (46-70%) | AR12: Actual Cost | AS12: 2046.3 | AU12: 0 | AV12: 0 | AW12: 0 | AX12: 2046.3 | AY12: 113.68333 | AZ12: 0 | BC12: -1932.6167 | BE12: NO | BH12: -113.68333 | BI12: -9.4736111 | BK12: Straight line | BL12: 0 | BM12: -2046.3 | BR12: 0 | BS12: 0 | BW12: Purchased | BX12: Own funding | BZ12: C. GALLOWAY
A13: NHC133 | B13: R5 | C13: PPE | D13: Property, plant & equipment | E13: MOV | F13: Movable assets | G13: OTH | H13: FURNITURE AND FITTINGS | I13: OTH | J13: Other Assets | K13: Main offices | L13: Main offices | M13: OTH | N13: 1800*900mm Partners desk | O13: OTH | Q13: 1800*900mm Partners desk | R13: Cost Model | S13: Owned | T13: Core | U13: Other Assets | V13: Finance and Administration : Asset Management | W13: FX005002001000000000000000000000000 | X13: IA002015001018001001000000000000000000 | Y13: 1 | Z13: 25/03/2004 | AA13: 38071 | AB13: NO | AC13: Yes | AD13: 44651 | AE13: NA - Actual Cost | AF13: 6 | AG13: 0 | AH13: 0 | AI13: No Change | AL13: 1 | AN13: 1 | AO13: 0 | AP13: 3 - Fair (26-45%) | AR13: Actual Cost | AS13: 13393.86 | AU13: 0 | AV13: 0 | AW13: 0 | AX13: 13393.86 | AY13: 744.10333 | AZ13: 0 | BC13: -12649.757 | BE13: NO | BH13: -744.10333 | BI13: -62.008611 | BK13: Straight line | BL13: 0 | BM13: -13393.86 | BR13: 0 | BS13: 0 | BW13: Purchased | BX13: Own funding | BZ13: S. Pudikabekwa
A14: NHC104 | B14: Open plan co- business | C14: PPE | D14: Property, plant & equipment | E14: MOV | F14: Movable assets | G14: OTH | H14: FURNITURE AND FITTINGS | I14: OTH | J14: Other Assets | K14: Main offices | L14: Main offices | M14: OTH | N14: 3 Drawer Pedestal | O14: OTH | Q14: 3 Drawer Pedestal | R14: Cost Model | S14: Owned | T14: Core | U14: Other Assets | V14: Finance and Administration : Asset Management | W14: FX005002001000000000000000000000000 | X14: IA002015001018001001000000000000000000 | Y14: 1 | Z14: 25/03/2004 | AA14: 38071 | AB14: NO | AC14: Yes | AD14: 44651 | AE14: NA - Actual Cost | AF14: 6 | AG14: 0 | AH14: 0 | AI14: No Change | AL14: 1 | AN14: 1 | AO14: 0 | AP14: 2 - Good (46-70%) | AR14: Actual Cost | AS14: 2360.94 | AU14: 0 | AV14: 0 | AW14: 0 | AX14: 2360.94 | AY14: 131.16333 | AZ14: 0 | BC14: -2229.7767 | BE14: NO | BH14: -131.16333 | BI14: -10.930278 | BK14: Straight line | BL14: 0 | BM14: -2360.94 | BR14: 0 | BS14: 0 | BW14: Purchased | BX14: Own funding | BZ14: T. Maso
A15: NHC138 | B15: R2 Open plan finance | C15: PPE | D15: Property, plant & equipment | E15: MOV | F15: Movable assets | G15: OTH | H15: FURNITURE AND FITTINGS | I15: OTH | J15: Other Assets | K15: Main offices | L15: Main offices | M15: OTH | N15: Vesta Highback, Swivel & Tilt, Gas Height, Leather | O15: OTH | Q15: Vesta Highback, Swivel & Tilt, Gas Height, Leather | R15: Cost Model | S15: Owned | T15: Core | U15: Other Assets | V15: Finance and Administration : Asset Management | W15: FX005002001000000000000000000000000 | X15: IA002015001018001001000000000000000000 | Y15: 1 | Z15: 25/03/2004 | AA15: 38071 | AB15: NO | AC15: Yes | AD15: 44651 | AE15: NA - Actual Cost | AF15: 6 | AG15: 0 | AH15: 0 | AI15: No Change | AL15: 1 | AN15: 1 | AO15: 0 | AP15: 2 - Good (46-70%) | AR15: Actual Cost | AS15: 3034.68 | AU15: 0 | AV15: 0 | AW15: 0 | AX15: 3034.68 | AY15: 168.59333 | AZ15: 0 | BC15: -2866.0867 | BE15: NO | BH15: -168.59333 | BI15: -14.049444 | BK15: Straight line | BL15: 0 | BM15: -3034.68 | BR15: 0 | BS15: 0 | BW15: Purchased | BX15: Own funding | BZ15: N. Gawula
... A26: NHC179 | B26: Open Plan Finance | C26: PPE | D26: Property, plant & equipment | E26: MOV | F26: Movable assets | G26: OTH | H26: FURNITURE AND FITTINGS | I26: OTH | J26: Other Assets | K26: Main offices | L26: Main offices | M26: OTH | N26: Traditional Cane Chair-Range 2 fabric | O26: OTH | Q26: Traditional Cane Chair-Range 2 fabric | R26: Cost Model | S26: Owned | T26: Core | U26: Other Assets | V26: Finance and Administration : Asset Management | W26: FX005002001000000000000000000000000 | X26: IA002015001018001001000000000000000000 | Y26: 1 | Z26: 25/03/2004 | AA26: 38071 | AB26: NO | AC26: Yes | AD26: 44651 | AE26: NA - Actual Cost | AF26: 6 | AG26: 0 | AH26: 0 | AI26: No Change | AL26: 1 | AN26: 1 | AO26: 0 | AP26: 3 - Fair (26-45%) | AR26: Actual Cost | AS26: 5120.88 | AU26: 0 | AV26: 0 | AW26: 0 | AX26: 5120.88 | AY26: 284.49333 | AZ26: 0 | BC26: -4836.3867 | BE26: NO | BH26: -284.49333 | BI26: -23.707778 | BK26: Straight line | BL26: 0 | BM26: -5120.88 | BR26: 0 | BS26: 0 | BW26: Purchased | BX26: Own funding | BZ26: S. Skenjana
A27: NHC0083 | B27: 0 | C27: PPE | D27: Property, plant & equipment | E27: MOV | F27: Movable assets | G27: OTH | H27: FURNITURE AND FITTINGS | I27: OTH | J27: Other Assets | K27: Main offices | L27: Main offices | M27: OTH | N27: 1500*750mm Reception desk with Modesty panel | O27: OTH | Q27: 1500*750mm Reception desk with Modesty panel | R27: Cost Model | S27: Owned | T27: Core | U27: Other Assets | V27: Finance and Administration : Asset Management | W27: FX005002001000000000000000000000000 | X27: IA002015001018001001000000000000000000 | Y27: 1 | Z27: 25/03/2004 | AA27: 38071 | AB27: NO | AC27: Yes | AD27: 44651 | AE27: NA - Actual Cost | AF27: 6 | AG27: 0 | AH27: 0 | AI27: No Change | AL27: 1 | AN27: 1 | AO27: 0 | AP27: 0 | AR27: Actual Cost | AS27: 12920.76 | AU27: 0 | AV27: 0 | AW27: 0 | AX27: 12920.76 | AY27: 717.82 | AZ27: 0 | BC27: -12202.94 | BE27: NO | BH27: -717.82 | BI27: -59.818333 | BK27: Straight line | BL27: 0 | BM27: -12920.76 | BR27: 0 | BS27: 0 | BW27: Purchased | BX27: Own funding | BZ27: 0
A28: NHC102 | B28: Open Plan HR | C28: PPE | D28: Property, plant & equipment | E28: MOV | F28: Movable assets | G28: OTH | H28: FURNITURE AND FITTINGS | I28: OTH | J28: Other Assets | K28: Main offices | L28: Main offices | M28: OTH | N28: 1800*900mm partner desk | O28: OTH | Q28: 1800*900mm partner desk | R28: Cost Model | S28: Owned | T28: Core | U28: Other Assets | V28: Finance and Administration : Asset Management | W28: FX005002001000000000000000000000000 | X28: IA002015001018001001000000000000000000 | Y28: 1 | Z28: 25/03/2004 | AA28: 38071 | AB28: NO | AC28: Yes | AD28: 44651 | AE28: NA - Actual Cost | AF28: 6 | AG28: 0 | AH28: 0 | AI28: No Change | AL28: 1 | AN28: 1 | AO28: 0 | AP28: 2 - Good (46-70%) | AR28: Actual Cost | AS28: 13393.86 | AU28: 0 | AV28: 0 | AW28: 0 | AX28: 13393.86 | AY28: 744.10333 | AZ28: 0 | BC28: -12649.757 | BE28: NO | BH28: -744.10333 | BI28: -62.008611 | BK28: Straight line | BL28: 0 | BM28: -13393.86 | BR28: 0 | BS28: 0 | BW28: Purchased | BX28: Own funding | BZ28: M. Ndalamo
A29: NHC113 | B29: Open Plan Co business | C29: PPE | D29: Property, plant & equipment | E29: MOV | F29: Movable assets | G29: OTH | H29: FURNITURE AND FITTINGS | I29: OTH | J29: Other Assets | K29: Main offices | L29: Main offices | M29: OTH | N29: 1800*600mm Extension | O29: OTH | Q29: 1800*600mm Extension | R29: Cost Model | S29: Owned | T29: Core | U29: Other Assets | V29: Finance and Administration : Asset Management | W29: FX005002001000000000000000000000000 | X29: IA002015001018001001000000000000000000 | Y29: 1 | Z29: 25/03/2004 | AA29: 38071 | AB29: NO | AC29: Yes | AD29: 44651 | AE29: NA - Actual Cost | AF29: 6 | AG29: 0 | AH29: 0 | AI29: No Change | AL29: 1 | AN29: 1 | AO29: 0 | AP29: 3 - Fair (26-45%) | AR29: Actual Cost | AS29: 6459.24 | AU29: 0 | AV29: 0 | AW29: 0 | AX29: 6459.24 | AY29: 358.84667 | AZ29: 0 | BC29: -6100.3933 | BE29: NO | BH29: -358.84667 | BI29: -29.903889 | BK29: Straight line | BL29: 0 | BM29: -6459.24 | BR29: 0 | BS29: 0 | BW29: Purchased | BX29: Own funding | BZ29: R. Mandiwana
A30: NHC0076 | B30: Open plan Risk | C30: PPE | D30: Property, plant & equipment | E30: MOV | F30: Movable assets | G30: OTH | H30: FURNITURE AND FITTINGS | I30: OTH | J30: Other Assets | K30: Main offices | L30: Main offices | M30: OTH | N30: 1800*600mm L Extension | O30: OTH | Q30: 1800*600mm L Extension | R30: Cost Model | S30: Owned | T30: Core | U30: Other Assets | V30: Finance and Administration : Asset Management | W30: FX005002001000000000000000000000000 | X30: IA002015001018001001000000000000000000 | Y30: 1 | Z30: 25/03/2004 | AA30: 38071 | AB30: NO | AC30: Yes | AD30: 44651 | AE30: NA - Actual Cost | AF30: 6 | AG30: 0 | AH30: 0 | AI30: No Change | AL30: 1 | AN30: 1 | AO30: 0 | AP30: 2 - Good (46-70%) | AR30: Actual Cost | AS30: 6459.24 | AU30: 0 | AV30: 0 | AW30: 0 | AX30: 6459.24 | AY30: 358.84667 | AZ30: 0 | BC30: -6100.3933 | BE30: NO | BH30: -358.84667 | BI30: -29.903889 | BK30: Straight line | BL30: 0 | BM30: -6459.24 | BR30: 0 | BS30: 0 | BW30: Purchased | BX30: Own funding | BZ30: S.Skenjana
A31: NHC0078 | B31: R4 Main Board room | C31: PPE | D31: Property, plant & equipment | E31: MOV | F31: Movable assets | G31: OTH | H31: FURNITURE AND FITTINGS | I31: OTH | J31: Other Assets | K31: Main offices | L31: Main offices | M31: OTH | N31: Vesta highback,swivel & tilt, gas height, leather | O31: OTH | Q31: Vesta highback,swivel & tilt, gas height, leather | R31: Cost Model | S31: Owned | T31: Core | U31: Other Assets | V31: Finance and Administration : Asset Management | W31: FX005002001000000000000000000000000 | X31: IA002015001018001001000000000000000000 | Y31: 1 | Z31: 25/03/2004 | AA31: 38071 | AB31: NO | AC31: Yes | AD31: 44651 | AE31: NA - Actual Cost | AF31: 6 | AG31: 0 | AH31: 0 | AI31: No Change | AL31: 1 | AN31: 1 | AO31: 0 | AP31: 2 - Good (46-70%) | AR31: Actual Cost | AS31: 3034.68 | AU31: 0 | AV31: 0 | AW31: 0 | AX31: 3034.68 | AY31: 168.59333 | AZ31: 0 | BC31: -2866.0867 | BE31: NO | BH31: -168.59333 | BI31: -14.049444 | BK31: Straight line | BL31: 0 | BM31: -3034.68 | BR31: 0 | BS31: 0 | BW31: Purchased | BX31: Own funding | BZ31: S.Skenjana
A32: NHC000228 | B32: R3 Open plan finance | C32: PPE | D32: Property, plant & equipment | E32: MOV | F32: Movable assets | G32: OTH | H32: FURNITURE AND FITTINGS | I32: OTH | J32: Other Assets | K32: Main offices | L32: Main offices | M32: OTH | N32: 1500 B/Case W/Glass door Mahogany Veneer | O32: OTH | Q32: 1500 B/Case W/Glass door Mahogany Veneer | R32: Cost Model | S32: Owned | T32: Core | U32: Other Assets | V32: Finance and Administration : Asset Management | W32: FX005002001000000000000000000000000 | X32: IA002015001018001001000000000000000000 | Y32: 1 | Z32: 12/09/2005 | AA32: 38607 | AB32: NO | AC32: Yes | AD32: 44651 | AE32: NA - Actual Cost | AF32: 6 | AG32: 0 | AH32: 0 | AI32: No Change | AL32: 1 | AN32: 1 | AO32: 0 | AP32: 2 - Good (46-70%) | AR32: Actual Cost | AS32: 3192 | AU32: 0 | AV32: 0 | AW32: 0 | AX32: 3192 | AY32: 177.33333 | AZ32: 0 | BC32: -3014.6667 | BE32: NO | BH32: -177.33333 | BI32: -14.777778 | BK32: Straight line | BL32: 0 | BM32: -3192 | BR32: 0 | BS32: 0 | BW32: Purchased | BX32: Own funding | BZ32: M. MANENZHE
A33: NHC 000229 | B33: R5 | C33: PPE | D33: Property, plant & equipment | E33: MOV | F33: Movable assets | G33: OTH | H33: FURNITURE AND FITTINGS | I33: OTH | J33: Other Assets | K33: Main offices | L33: Main offices | M33: OTH | N33: 1500 BCase W/Glass door Mahogany Veneer | O33: OTH | Q33: 1500 BCase W/Glass door Mahogany Veneer | R33: Cost Model | S33: Owned | T33: Core | U33: Other Assets | V33: Finance and Administration : Asset Management | W33: FX005002001000000000000000000000000 | X33: IA002015001018001001000000000000000000 | Y33: 1 | Z33: 12/09/2005 | AA33: 38607 | AB33: NO | AC33: Yes | AD33: 44651 | AE33: NA - Actual Cost | AF33: 6 | AG33: 0 | AH33: 0 | AI33: No Change | AL33: 1 | AN33: 1 | AO33: 0 | AP33: 2 - Good (46-70%) | AR33: Actual Cost | AS33: 3192 | AU33: 0 | AV33: 0 | AW33: 0 | AX33: 3192 | AY33: 177.33333 | AZ33: 0 | BC33: -3014.6667 | BE33: NO | BH33: -177.33333 | BI33: -14.777778 | BK33: Straight line | BL33: 0 | BM33: -3192 | BR33: 0 | BS33: 0 | BW33: Purchased | BX33: Own funding | BZ33: S. Pudikabekwa
A34: NHC 000216 | B34: R9 executive office | C34: PPE | D34: Property, plant & equipment | E34: MOV | F34: Movable assets | G34: OTH | H34: FURNITURE AND FITTINGS | I34: OTH | J34: Other Assets | K34: Main offices | L34: Main offices | M34: OTH | N34: 1500B/Case W/Glass door mahogany Veneer | O34: OTH | Q34: 1500B/Case W/Glass door mahogany Veneer | R34: Cost Model | S34: Owned | T34: Core | U34: Other Assets | V34: Finance and Administration : Asset Management | W34: FX005002001000000000000000000000000 | X34: IA002015001018001001000000000000000000 | Y34: 1 | Z34: 12/09/2005 | AA34: 38607 | AB34: NO | AC34: Yes | AD34: 44651 | AE34: NA - Actual Cost | AF34: 6 | AG34: 0 | AH34: 0 | AI34: No Change | AL34: 1 | AN34: 1 | AO34: 0 | AP34: 2 - Good (46-70%) | AR34: Actual Cost | AS34: 3192 | AU34: 0 | AV34: 0 | AW34: 0 | AX34: 3192 | AY34: 177.33333 | AZ34: 0 | BC34: -3014.6667 | BE34: NO | BH34: -177.33333 | BI34: -14.777778 | BK34: Straight line | BL34: 0 | BM34: -3192 | BR34: 0 | BS34: 0 | BW34: Purchased | BX34: Own funding | BZ34: P. Kadi
A35: NHC 000230 | B35: Open plan finance | C35: PPE | D35: Property, plant & equipment | E35: MOV | F35: Movable assets | G35: OTH | H35: FURNITURE AND FITTINGS | I35: OTH | J35: Other Assets | K35: Main offices | L35: Main offices | M35: OTH | N35: 1500 B/Case W/Glass door Mahogany Veneer | O35: OTH | Q35: 1500 B/Case W/Glass door Mahogany Veneer | R35: Cost Model | S35: Owned | T35: Core | U35: Other Assets | V35: Finance and Administration : Asset Management | W35: FX005002001000000000000000000000000 | X35: IA002015001018001001000000000000000000 | Y35: 1 | Z35: 12/09/2005 | AA35: 38607 | AB35: NO | AC35: Yes | AD35: 44651 | AE35: NA - Actual Cost | AF35: 6 | AG35: 0 | AH35: 0 | AI35: No Change | AL35: 1 | AN35: 1 | AO35: 0 | AP35: 2 - Good (46-70%) | AR35: Actual Cost | AS35: 3192 | AU35: 0 | AV35: 0 | AW35: 0 | AX35: 3192 | AY35: 177.33333 | AZ35: 0 | BC35: -3014.6667 | BE35: NO | BH35: -177.33333 | BI35: -14.777778 | BK35: Straight line | BL35: 0 | BM35: -3192 | BR35: 0 | BS35: 0 | BW35: Purchased | BX35: Own funding | BZ35: K.Mashilo
A36: NHC 000244 | B36: R13 ceo office | C36: PPE | D36: Property, plant & equipment | E36: MOV | F36: Movable assets | G36: OTH | H36: FURNITURE AND FITTINGS | I36: OTH | J36: Other Assets | K36: Main offices | L36: Main offices | M36: OTH | N36: 1500 B/Case W/Glass Mahogany Veneer | O36: OTH | Q36: 1500 B/Case W/Glass Mahogany Veneer | R36: Cost Model | S36: Owned | T36: Core | U36: Other Assets | V36: Finance and Administration : Asset Management | W36: FX005002001000000000000000000000000 | X36: IA002015001018001001000000000000000000 | Y36: 1 | Z36: 12/09/2005 | AA36: 38607 | AB36: NO | AC36: Yes | AD36: 44651 | AE36: NA - Actual Cost | AF36: 6 | AG36: 0 | AH36: 0 | AI36: No Change | AL36: 1 | AN36: 1 | AO36: 0 | AP36: 2 - Good (46-70%) | AR36: Actual Cost | AS36: 3192 | AU36: 0 | AV36: 0 | AW36: 0 | AX36: 3192 | AY36: 177.33333 | AZ36: 0 | BC36: -3014.6667 | BE36: NO | BH36: -177.33333 | BI36: -14.777778 | BK36: Straight line | BL36: 0 | BM36: -3192 | BR36: 0 | BS36: 0 | BW36: Purchased | BX36: Own funding | BZ36: T. Manetsi
A37: NHC 00245 | B37: Open plan co- business | C37: PPE | D37: Property, plant & equipment | E37: MOV | F37: Movable assets | G37: OTH | H37: FURNITURE AND FITTINGS | I37: OTH | J37: Other Assets | K37: Main offices | L37: Main offices | M37: OTH | N37: 1500 B/Case W/Glass Mahogany Venneer | O37: OTH | Q37: 1500 B/Case W/Glass Mahogany Venneer | R37: Cost Model | S37: Owned | T37: Core | U37: Other Assets | V37: Finance and Administration : Asset Management | W37: FX005002001000000000000000000000000 | X37: IA002015001018001001000000000000000000 | Y37: 1 | Z37: 12/09/2005 | AA37: 38607 | AB37: NO | AC37: Yes | AD37: 44651 | AE37: NA - Actual Cost | AF37: 6 | AG37: 0 | AH37: 0 | AI37: No Change | AL37: 1 | AN37: 1 | AO37: 0 | AP37: 2 - Good (46-70%) | AR37: Actual Cost | AS37: 3192 | AU37: 0 | AV37: 0 | AW37: 0 | AX37: 3192 | AY37: 177.33333 | AZ37: 0 | BC37: -3014.6667 | BE37: NO | BH37: -177.33333 | BI37: -14.777778 | BK37: Straight line | BL37: 0 | BM37: -3192 | BR37: 0 | BS37: 0 | BW37: Purchased | BX37: Own funding | BZ37: S.Skenjana
A38: NHC 000237 | B38: R27 | C38: PPE | D38: Property, plant & equipment | E38: MOV | F38: Movable assets | G38: OTH | H38: FURNITURE AND FITTINGS | I38: OTH | J38: Other Assets | K38: Main offices | L38: Main offices | M38: OTH | N38: 1500 B/Case W/Glass Mahogany Veneer | O38: OTH | Q38: 1500 B/Case W/Glass Mahogany Veneer | R38: Cost Model | S38: Owned | T38: Core | U38: Other Assets | V38: Finance and Administration : Asset Management | W38: FX005002001000000000000000000000000 | X38: IA002015001018001001000000000000000000 | Y38: 1 | Z38: 12/09/2005 | AA38: 38607 | AB38: NO | AC38: Yes | AD38: 44651 | AE38: NA - Actual Cost | AF38: 6 | AG38: 0 | AH38: 0 | AI38: No Change | AL38: 1 | AN38: 1 | AO38: 0 | AP38: 2 - Good (46-70%) | AR38: Actual Cost | AS38: 3192 | AU38: 0 | AV38: 0 | AW38: 0 | AX38: 3192 | AY38: 177.33333 | AZ38: 0 | BC38: -3014.6667 | BE38: NO | BH38: -177.33333 | BI38: -14.777778 | BK38: Straight line | BL38: 0 | BM38: -3192 | BR38: 0 | BS38: 0 | BW38: Purchased | BX38: Own funding | BZ38: B. Maqasela
A39: NHC 000253 | B39: Open plan Risk | C39: PPE | D39: Property, plant & equipment | E39: MOV | F39: Movable assets | G39: OTH | H39: FURNITURE AND FITTINGS | I39: OTH | J39: Other Assets | K39: Main offices | L39: Main offices | M39: OTH | N39: 1500 B/Case W/Glass Mahogany Veneer | O39: OTH | Q39: 1500 B/Case W/Glass Mahogany Veneer | R39: Cost Model | S39: Owned | T39: Core | U39: Other Assets | V39: Finance and Administration : Asset Management | W39: FX005002001000000000000000000000000 | X39: IA002015001018001001000000000000000000 | Y39: 1 | Z39: 12/09/2005 | AA39: 38607 | AB39: NO | AC39: Yes | AD39: 44651 | AE39: NA - Actual Cost | AF39: 6 | AG39: 0 | AH39: 0 | AI39: No Change | AL39: 1 | AN39: 1 | AO39: 0 | AP39: 2 - Good (46-70%) | AR39: Actual Cost | AS39: 3192 | AU39: 0 | AV39: 0 | AW39: 0 | AX39: 3192 | AY39: 177.33333 | AZ39: 0 | BC39: -3014.6667 | BE39: NO | BH39: -177.33333 | BI39: -14.777778 | BK39: Straight line | BL39: 0 | BM39: -3192 | BR39: 0 | BS39: 0 | BW39: Purchased | BX39: Own funding | BZ39: M. Ngwaila
... A91: NHC000297 | B91: R25 | C91: PPE | D91: Property, plant & equipment | E91: MOV | F91: Movable assets | G91: OTH | H91: FURNITURE AND FITTINGS | I91: OTH | J91: Other Assets | K91: Main offices | L91: Main offices | M91: OTH | N91: Desk | O91: OTH | Q91: Desk | R91: Cost Model | S91: Owned | T91: Core | U91: Other Assets | V91: Finance and Administration : Asset Management | W91: FX005002001000000000000000000000000 | X91: IA002015001018001001000000000000000000 | Y91: 1 | Z91: 30/03/2007 | AA91: 39171 | AB91: NO | AC91: Yes | AD91: 44651 | AE91: NA - Actual Cost | AF91: 6 | AG91: 0 | AH91: 0 | AI91: No Change | AL91: 1 | AN91: 1 | AO91: 0 | AP91: 2 - Good (46-70%) | AR91: Actual Cost | AS91: 9690 | AU91: 0 | AV91: 0 | AW91: 0 | AX91: 9690 | AY91: 538.33333 | AZ91: 0 | BC91: -9151.6667 | BE91: NO | BH91: -538.33333 | BI91: -44.861111 | BK91: Straight line | BL91: 0 | BM91: -9690 | BR91: 0 | BS91: 0 | BW91: Purchased | BX91: Own funding | BZ91: L. Mphafe
A92: NHC000298 | B92: 0 | C92: PPE | D92: Property, plant & equipment | E92: MOV | F92: Movable assets | G92: OTH | H92: FURNITURE AND FITTINGS | I92: OTH | J92: Other Assets | K92: Main offices | L92: Main offices | M92: OTH | N92: Table Extension | O92: OTH | Q92: Table Extension | R92: Cost Model | S92: Owned | T92: Core | U92: Other Assets | V92: Finance and Administration : Asset Management | W92: FX005002001000000000000000000000000 | X92: IA002015001018001001000000000000000000 | Y92: 1 | Z92: 30/03/2007 | AA92: 39171 | AB92: NO | AC92: Yes | AD92: 44651 | AE92: NA - Actual Cost | AF92: 6 | AG92: 0 | AH92: 0 | AI92: No Change | AL92: 1 | AN92: 1 | AO92: 0 | AP92: 0 | AR92: Actual Cost | AS92: 3306 | AU92: 0 | AV92: 0 | AW92: 0 | AX92: 3306 | AY92: 183.66667 | AZ92: 0 | BC92: -3122.3333 | BE92: NO | BH92: -183.66667 | BI92: -15.305556 | BK92: Straight line | BL92: 0 | BM92: -3306 | BR92: 0 | BS92: 0 | BW92: Purchased | BX92: Own funding | BZ92: 0
A93: NHC000295 | B93: R27 | C93: PPE | D93: Property, plant & equipment | E93: MOV | F93: Movable assets | G93: OTH | H93: FURNITURE AND FITTINGS | I93: OTH | J93: Other Assets | K93: Main offices | L93: Main offices | M93: OTH | N93: 3 Drawer Pedestal | O93: OTH | Q93: 3 Drawer Pedestal | R93: Cost Model | S93: Owned | T93: Core | U93: Other Assets | V93: Finance and Administration : Asset Management | W93: FX005002001000000000000000000000000 | X93: IA002015001018001001000000000000000000 | Y93: 1 | Z93: 30/03/2007 | AA93: 39171 | AB93: NO | AC93: Yes | AD93: 44651 | AE93: NA - Actual Cost | AF93: 6 | AG93: 0 | AH93: 0 | AI93: No Change | AL93: 1 | AN93: 1 | AO93: 0 | AP93: 2 - Good (46-70%) | AR93: Actual Cost | AS93: 1824 | AU93: 0 | AV93: 0 | AW93: 0 | AX93: 1824 | AY93: 101.33333 | AZ93: 0 | BC93: -1722.6667 | BE93: NO | BH93: -101.33333 | BI93: -8.4444444 | BK93: Straight line | BL93: 0 | BM93: -1824 | BR93: 0 | BS93: 0 | BW93: Purchased | BX93: Own funding | BZ93: B. Maqasela
A94: NHC 000319 | B94: R13 CEO Offce | C94: PPE | D94: Property, plant & equipment | E94: MOV | F94: Movable assets | G94: OTH | H94: FURNITURE AND FITTINGS | I94: OTH | J94: Other Assets | K94: Main offices | L94: Main offices | M94: OTH | N94: Artifacts | O94: OTH | Q94: Artifacts | R94: Cost Model | S94: Owned | T94: Core | U94: Other Assets | V94: Finance and Administration : Asset Management | W94: FX005002001000000000000000000000000 | X94: IA002015001018001001000000000000000000 | Y94: 1 | Z94: 10/08/2007 | AA94: 39304 | AB94: NO | AC94: Yes | AD94: 44651 | AE94: NA - Actual Cost | AF94: 6 | AG94: 0 | AH94: 0 | AI94: No Change | AL94: 1 | AN94: 1 | AO94: 0 | AP94: 2 - Good (46-70%) | AR94: Actual Cost | AS94: 1020.34 | AU94: 0 | AV94: 0 | AW94: 0 | AX94: 1020.34 | AY94: 56.685556 | AZ94: 0 | BC94: -963.65444 | BE94: NO | BH94: -56.685556 | BI94: -4.7237963 | BK94: Straight line | BL94: 0 | BM94: -1020.34 | BR94: 0 | BS94: 0 | BW94: Purchased | BX94: Own funding | BZ94: T. Manetsi
A95: NHC 000320 | B95: R13 ceo office | C95: PPE | D95: Property, plant & equipment | E95: MOV | F95: Movable assets | G95: OTH | H95: FURNITURE AND FITTINGS | I95: OTH | J95: Other Assets | K95: Main offices | L95: Main offices | M95: OTH | N95: Artifacts | O95: OTH | Q95: Artifacts | R95: Cost Model | S95: Owned | T95: Core | U95: Other Assets | V95: Finance and Administration : Asset Management | W95: FX005002001000000000000000000000000 | X95: IA002015001018001001000000000000000000 | Y95: 1 | Z95: 10/08/2007 | AA95: 39304 | AB95: NO | AC95: Yes | AD95: 44651 | AE95: NA - Actual Cost | AF95: 6 | AG95: 0 | AH95: 0 | AI95: No Change | AL95: 1 | AN95: 1 | AO95: 0 | AP95: 2 - Good (46-70%) | AR95: Actual Cost | AS95: 1020.34 | AU95: 0 | AV95: 0 | AW95: 0 | AX95: 1020.34 | AY95: 56.685556 | AZ95: 0 | BC95: -963.65444 | BE95: NO | BH95: -56.685556 | BI95: -4.7237963 | BK95: Straight line | BL95: 0 | BM95: -1020.34 | BR95: 0 | BS95: 0 | BW95: Purchased | BX95: Own funding | BZ95: T. Manetsi
A96: NHC 000322 | B96: R1 Main Reception | C96: PPE | D96: Property, plant & equipment | E96: MOV | F96: Movable assets | G96: OTH | H96: FURNITURE AND FITTINGS | I96: OTH | J96: Other Assets | K96: Main offices | L96: Main offices | M96: OTH | N96: Artifacts | O96: OTH | Q96: Artifacts | R96: Cost Model | S96: Owned | T96: Core | U96: Other Assets | V96: Finance and Administration : Asset Management | W96: FX005002001000000000000000000000000 | X96: IA002015001018001001000000000000000000 | Y96: 1 | Z96: 10/08/2007 | AA96: 39304 | AB96: NO | AC96: Yes | AD96: 44651 | AE96: NA - Actual Cost | AF96: 6 | AG96: 0 | AH96: 0 | AI96: No Change | AL96: 1 | AN96: 1 | AO96: 0 | AP96: 2 - Good (46-70%) | AR96: Actual Cost | AS96: 1020.34 | AU96: 0 | AV96: 0 | AW96: 0 | AX96: 1020.34 | AY96: 56.685556 | AZ96: 0 | BC96: -963.65444 | BE96: NO | BH96: -56.685556 | BI96: -4.7237963 | BK96: Straight line | BL96: 0 | BM96: -1020.34 | BR96: 0 | BS96: 0 | BW96: Purchased | BX96: Own funding | BZ96: M. Letsoale
A97: NHC 000324 | B97: R13 CEO Offce | C97: PPE | D97: Property, plant & equipment | E97: MOV | F97: Movable assets | G97: OTH | H97: FURNITURE AND FITTINGS | I97: OTH | J97: Other Assets | K97: Main offices | L97: Main offices | M97: OTH | N97: Potrait | O97: OTH | Q97: Potrait | R97: Cost Model | S97: Owned | T97: Core | U97: Other Assets | V97: Finance and Administration : Asset Management | W97: FX005002001000000000000000000000000 | X97: IA002015001018001001000000000000000000 | Y97: 1 | Z97: 10/08/2007 | AA97: 39304 | AB97: NO | AC97: Yes | AD97: 44651 | AE97: NA - Actual Cost | AF97: 6 | AG97: 0 | AH97: 0 | AI97: No Change | AL97: 1 | AN97: 1 | AO97: 0 | AP97: 2 - Good (46-70%) | AR97: Actual Cost | AS97: 4733.52 | AU97: 0 | AV97: 0 | AW97: 0 | AX97: 4733.52 | AY97: 262.97333 | AZ97: 0 | BC97: -4470.5467 | BE97: NO | BH97: -262.97333 | BI97: -21.914444 | BK97: Straight line | BL97: 0 | BM97: -4733.52 | BR97: 0 | BS97: 0 | BW97: Purchased | BX97: Own funding | BZ97: T. Manetsi
A98: NHC 000325 | B98: R13 CEO Offce | C98: PPE | D98: Property, plant & equipment | E98: MOV | F98: Movable assets | G98: OTH | H98: FURNITURE AND FITTINGS | I98: OTH | J98: Other Assets | K98: Main offices | L98: Main offices | M98: OTH | N98: Potrait | O98: OTH | Q98: Potrait | R98: Cost Model | S98: Owned | T98: Core | U98: Other Assets | V98: Finance and Administration : Asset Management | W98: FX005002001000000000000000000000000 | X98: IA002015001018001001000000000000000000 | Y98: 1 | Z98: 10/08/2007 | AA98: 39304 | AB98: NO | AC98: Yes | AD98: 44651 | AE98: NA - Actual Cost | AF98: 6 | AG98: 0 | AH98: 0 | AI98: No Change | AL98: 1 | AN98: 1 | AO98: 0 | AP98: 2 - Good (46-70%) | AR98: Actual Cost | AS98: 4733.52 | AU98: 0 | AV98: 0 | AW98: 0 | AX98: 4733.52 | AY98: 262.97333 | AZ98: 0 | BC98: -4470.5467 | BE98: NO | BH98: -262.97333 | BI98: -21.914444 | BK98: Straight line | BL98: 0 | BM98: -4733.52 | BR98: 0 | BS98: 0 | BW98: Purchased | BX98: Own funding | BZ98: T. Manetsi
A99: NHC 00337 | B99: Basement storage | C99: PPE | D99: Property, plant & equipment | E99: MOV | F99: Movable assets | G99: OTH | H99: FURNITURE AND FITTINGS | I99: OTH | J99: Other Assets | K99: Main offices | L99: Main offices | M99: OTH | N99: Drum of Africa with glass top | O99: OTH | Q99: Drum of Africa with glass top | R99: Cost Model | S99: Owned | T99: Core | U99: Other Assets | V99: Finance and Administration : Asset Management | W99: FX005002001000000000000000000000000 | X99: IA002015001018001001000000000000000000 | Y99: 1 | Z99: 10/08/2007 | AA99: 39304 | AB99: NO | AC99: Yes | AD99: 44651 | AE99: NA - Actual Cost | AF99: 6 | AG99: 0 | AH99: 0 | AI99: No Change | AL99: 1 | AN99: 1 | AO99: 0 | AP99: 3 - Fair (26-45%) | AR99: Actual Cost | AS99: 1262.27 | AU99: 0 | AV99: 0 | AW99: 0 | AX99: 1262.27 | AY99: 70.126111 | AZ99: 0 | BC99: -1192.1439 | BE99: NO | BH99: -70.126111 | BI99: -5.8438426 | BK99: Straight line | BL99: 0 | BM99: -1262.27 | BR99: 0 | BS99: 0 | BW99: Purchased | BX99: Own funding | BZ99: S. Skenjana
A100: NHC000349 | B100: 0 | C100: PPE | D100: Property, plant & equipment | E100: MOV | F100: Movable assets | G100: OTH | H100: FURNITURE AND FITTINGS | I100: OTH | J100: Other Assets | K100: Main offices | L100: Main offices | M100: OTH | N100: Side Table with Glass Top | O100: OTH | Q100: Side Table with Glass Top | R100: Cost Model | S100: Owned | T100: Core | U100: Other Assets | V100: Finance and Administration : Asset Management | W100: FX005002001000000000000000000000000 | X100: IA002015001018001001000000000000000000 | Y100: 1 | Z100: 31/01/2008 | AA100: 39478 | AB100: NO | AC100: Yes | AD100: 44651 | AE100: NA - Actual Cost | AF100: 6 | AG100: 0 | AH100: 0 | AI100: No Change | AL100: 1 | AN100: 1 | AO100: 0 | AP100: 0 | AR100: Actual Cost | AS100: 957.6 | AU100: 0 | AV100: 0 | AW100: 0 | AX100: 957.6 | AY100: 53.2 | AZ100: 0 | BC100: -904.4 | BE100: NO | BH100: -53.2 | BI100: -4.4333333 | BK100: Straight line | BL100: 0 | BM100: -957.6 | BR100: 0 | BS100: 0 | BW100: Purchased | BX100: Own funding | BZ100: 0
A101: NHC000350 | B101: R1 Main Reception | C101: PPE | D101: Property, plant & equipment | E101: MOV | F101: Movable assets | G101: OTH | H101: FURNITURE AND FITTINGS | I101: OTH | J101: Other Assets | K101: Main offices | L101: Main offices | M101: OTH | N101: NHC Pot with Reeds | O101: OTH | Q101: NHC Pot with Reeds | R101: Cost Model | S101: Owned | T101: Core | U101: Other Assets | V101: Finance and Administration : Asset Management | W101: FX005002001000000000000000000000000 | X101: IA002015001018001001000000000000000000 | Y101: 1 | Z101: 31/01/2008 | AA101: 39478 | AB101: NO | AC101: Yes | AD101: 44651 | AE101: NA - Actual Cost | AF101: 6 | AG101: 0 | AH101: 0 | AI101: No Change | AL101: 1 | AN101: 1 | AO101: 0 | AP101: 3 - Fair (26-45%) | AR101: Actual Cost | AS101: 1750 | AU101: 0 | AV101: 0 | AW101: 0 | AX101: 1750 | AY101: 97.222222 | AZ101: 0 | BC101: -1652.7778 | BE101: NO | BH101: -97.222222 | BI101: -8.1018519 | BK101: Straight line | BL101: 0 | BM101: -1750 | BR101: 0 | BS101: 0 | BW101: Purchased | BX101: Own funding | BZ101: M. Letsoale
A102: NHC000351 | B102: R1 Main Reception | C102: PPE | D102: Property, plant & equipment | E102: MOV | F102: Movable assets | G102: OTH | H102: FURNITURE AND FITTINGS | I102: OTH | J102: Other Assets | K102: Main offices | L102: Main offices | M102: OTH | N102: NHC Pot with Reeds | O102: OTH | Q102: NHC Pot with Reeds | R102: Cost Model | S102: Owned | T102: Core | U102: Other Assets | V102: Finance and Administration : Asset Management | W102: FX005002001000000000000000000000000 | X102: IA002015001018001001000000000000000000 | Y102: 1 | Z102: 31/01/2008 | AA102: 39478 | AB102: NO | AC102: Yes | AD102: 44651 | AE102: NA - Actual Cost | AF102: 6 | AG102: 0 | AH102: 0 | AI102: No Change | AL102: 1 | AN102: 1 | AO102: 0 | AP102: 2 - Good (46-70%) | AR102: Actual Cost | AS102: 1750 | AU102: 0 | AV102: 0 | AW102: 0 | AX102: 1750 | AY102: 97.222222 | AZ102: 0 | BC102: -1652.7778 | BE102: NO | BH102: -97.222222 | BI102: -8.1018519 | BK102: Straight line | BL102: 0 | BM102: -1750 | BR102: 0 | BS102: 0 | BW102: Purchased | BX102: Own funding | BZ102: M. Letsoale
A103: NHC000352 | B103: R29 | C103: PPE | D103: Property, plant & equipment | E103: MOV | F103: Movable assets | G103: OTH | H103: FURNITURE AND FITTINGS | I103: OTH | J103: Other Assets | K103: Main offices | L103: Main offices | M103: OTH | N103: NHC Pot with Reeds | O103: OTH | Q103: NHC Pot with Reeds | R103: Cost Model | S103: Owned | T103: Core | U103: Other Assets | V103: Finance and Administration : Asset Management | W103: FX005002001000000000000000000000000 | X103: IA002015001018001001000000000000000000 | Y103: 1 | Z103: 31/01/2008 | AA103: 39478 | AB103: NO | AC103: Yes | AD103: 44651 | AE103: NA - Actual Cost | AF103: 6 | AG103: 0 | AH103: 0 | AI103: No Change | AL103: 1 | AN103: 1 | AO103: 0 | AP103: 2 - Good (46-70%) | AR103: Actual Cost | AS103: 1750 | AU103: 0 | AV103: 0 | AW103: 0 | AX103: 1750 | AY103: 97.222222 | AZ103: 0 | BC103: -1652.7778 | BE103: NO | BH103: -97.222222 | BI103: -8.1018519 | BK103: Straight line | BL103: 0 | BM103: -1750 | BR103: 0 | BS103: 0 | BW103: Purchased | BX103: Own funding | BZ103: A. Mulaudzi
A104: NHC000354 | B104: R13 CEO Office | C104: PPE | D104: Property, plant & equipment | E104: MOV | F104: Movable assets | G104: OTH | H104: FURNITURE AND FITTINGS | I104: OTH | J104: Other Assets | K104: Main offices | L104: Main offices | M104: OTH | N104: Side Lamp Shade & Stand | O104: OTH | Q104: Side Lamp Shade & Stand | R104: Cost Model | S104: Owned | T104: Core | U104: Other Assets | V104: Finance and Administration : Asset Management | W104: FX005002001000000000000000000000000 | X104: IA002015001018001001000000000000000000 | Y104: 1 | Z104: 31/01/2008 | AA104: 39478 | AB104: NO | AC104: Yes | AD104: 44651 | AE104: NA - Actual Cost | AF104: 6 | AG104: 0 | AH104: 0 | AI104: No Change | AL104: 1 | AN104: 1 | AO104: 0 | AP104: 2 - Good (46-70%) | AR104: Actual Cost | AS104: 550 | AU104: 0 | AV104: 0 | AW104: 0 | AX104: 550 | AY104: 30.555556 | AZ104: 0 | BC104: -519.44444 | BE104: NO | BH104: -30.555556 | BI104: -2.5462963 | BK104: Straight line | BL104: 0 | BM104: -550 | BR104: 0 | BS104: 0 | BW104: Purchased | BX104: Own funding | BZ104: T. MANETSI
A105: NHC000355 | B105: R1 Main Reception | C105: PPE | D105: Property, plant & equipment | E105: MOV | F105: Movable assets | G105: OTH | H105: FURNITURE AND FITTINGS | I105: OTH | J105: Other Assets | K105: Main offices | L105: Main offices | M105: OTH | N105: Artwork | O105: OTH | Q105: Artwork | R105: Cost Model | S105: Owned | T105: Core | U105: Other Assets | V105: Finance and Administration : Asset Management | W105: FX005002001000000000000000000000000 | X105: IA002015001018001001000000000000000000 | Y105: 1 | Z105: 31/01/2008 | AA105: 39478 | AB105: NO | AC105: Yes | AD105: 44651 | AE105: NA - Actual Cost | AF105: 6 | AG105: 0 | AH105: 0 | AI105: No Change | AL105: 1 | AN105: 1 | AO105: 0 | AP105: 3 - Fair (26-45%) | AR105: Actual Cost | AS105: 4500 | AU105: 0 | AV105: 0 | AW105: 0 | AX105: 4500 | AY105: 250 | AZ105: 0 | BC105: -4250 | BE105: NO | BH105: -250 | BI105: -20.833333 | BK105: Straight line | BL105: 0 | BM105: -4500 | BR105: 0 | BS105: 0 | BW105: Purchased | BX105: Own funding | BZ105: M. Letsoale
A106: NHC000357 | B106: R1 Main Reception | C106: PPE | D106: Property, plant & equipment | E106: MOV | F106: Movable assets | G106: OTH | H106: FURNITURE AND FITTINGS | I106: OTH | J106: Other Assets | K106: Main offices | L106: Main offices | M106: OTH | N106: Artwork | O106: OTH | Q106: Artwork | R106: Cost Model | S106: Owned | T106: Core | U106: Other Assets | V106: Finance and Administration : Asset Management | W106: FX005002001000000000000000000000000 | X106: IA002015001018001001000000000000000000 | Y106: 1 | Z106: 24/01/2008 | AA106: 39471 | AB106: NO | AC106: Yes | AD106: 44651 | AE106: NA - Actual Cost | AF106: 6 | AG106: 0 | AH106: 0 | AI106: No Change | AL106: 1 | AN106: 1 | AO106: 0 | AP106: 3 - Fair (26-45%) | AR106: Actual Cost | AS106: 4500 | AU106: 0 | AV106: 0 | AW106: 0 | AX106: 4500 | AY106: 250 | AZ106: 0 | BC106: -4250 | BE106: NO | BH106: -250 | BI106: -20.833333 | BK106: Straight line | BL106: 0 | BM106: -4500 | BR106: 0 | BS106: 0 | BW106: Purchased | BX106: Own funding | BZ106: M. Letsoale
A107: NHC000356 | B107: R1 Main Reception | C107: PPE | D107: Property, plant & equipment | E107: MOV | F107: Movable assets | G107: OTH | H107: FURNITURE AND FITTINGS | I107: OTH | J107: Other Assets | K107: Main offices | L107: Main offices | M107: OTH | N107: Artwork | O107: OTH | Q107: Artwork | R107: Cost Model | S107: Owned | T107: Core | U107: Other Assets | V107: Finance and Administration : Asset Management | W107: FX005002001000000000000000000000000 | X107: IA002015001018001001000000000000000000 | Y107: 1 | Z107: 31/01/2008 | AA107: 39478 | AB107: NO | AC107: Yes | AD107: 44651 | AE107: NA - Actual Cost | AF107: 6 | AG107: 0 | AH107: 0 | AI107: No Change | AL107: 1 | AN107: 1 | AO107: 0 | AP107: 3 - Fair (26-45%) | AR107: Actual Cost | AS107: 4500 | AU107: 0 | AV107: 0 | AW107: 0 | AX107: 4500 | AY107: 250 | AZ107: 0 | BC107: -4250 | BE107: NO | BH107: -250 | BI107: -20.833333 | BK107: Straight line | BL107: 0 | BM107: -4500 | BR107: 0 | BS107: 0 | BW107: Purchased | BX107: Own funding | BZ107: M. Letsoale
A108: NHC000358 | B108: 0 | C108: PPE | D108: Property, plant & equipment | E108: MOV | F108: Movable assets | G108: OTH | H108: FURNITURE AND FITTINGS | I108: OTH | J108: Other Assets | K108: Main offices | L108: Main offices | M108: OTH | N108: Artwok | O108: OTH | Q108: Artwok | R108: Cost Model | S108: Owned | T108: Core | U108: Other Assets | V108: Finance and Administration : Asset Management | W108: FX005002001000000000000000000000000 | X108: IA002015001018001001000000000000000000 | Y108: 1 | Z108: 31/01/2008 | AA108: 39478 | AB108: NO | AC108: Yes | AD108: 44651 | AE108: NA - Actual Cost | AF108: 6 | AG108: 0 | AH108: 0 | AI108: No Change | AL108: 1 | AN108: 1 | AO108: 0 | AP108: 0 | AR108: Actual Cost | AS108: 4500 | AU108: 0 | AV108: 0 | AW108: 0 | AX108: 4500 | AY108: 250 | AZ108: 0 | BC108: -4250 | BE108: NO | BH108: -250 | BI108: -20.833333 | BK108: Straight line | BL108: 0 | BM108: -4500 | BR108: 0 | BS108: 0 | BW108: Purchased | BX108: Own funding | BZ108: 0
A109: NHC000375 | B109: 0 | C109: PPE | D109: Property, plant & equipment | E109: MOV | F109: Movable assets | G109: OTH | H109: FURNITURE AND FITTINGS | I109: OTH | J109: Other Assets | K109: Main offices | L109: Main offices | M109: OTH | N109: Armchair | O109: OTH | Q109: Armchair | R109: Cost Model | S109: Owned | T109: Core | U109: Other Assets | V109: Finance and Administration : Asset Management | W109: FX005002001000000000000000000000000 | X109: IA002015001018001001000000000000000000 | Y109: 1 | Z109: 25/02/2008 | AA109: 39503 | AB109: NO | AC109: Yes | AD109: 44651 | AE109: NA - Actual Cost | AF109: 6 | AG109: 0 | AH109: 0 | AI109: No Change | AL109: 1 | AN109: 1 | AO109: 0 | AP109: 0 | AR109: Actual Cost | AS109: 450 | AU109: 0 | AV109: 0 | AW109: 0 | AX109: 450 | AY109: 25 | AZ109: 0 | BC109: -425 | BE109: NO | BH109: -25 | BI109: -2.0833333 | BK109: Straight line | BL109: 0 | BM109: -450 | BR109: 0 | BS109: 0 | BW109: Purchased | BX109: Own funding | BZ109: 0
A110: NHC000376 | B110: Open Plan HR | C110: PPE | D110: Property, plant & equipment | E110: MOV | F110: Movable assets | G110: OTH | H110: FURNITURE AND FITTINGS | I110: OTH | J110: Other Assets | K110: Main offices | L110: Main offices | M110: OTH | N110: Armchair | O110: OTH | Q110: Armchair | R110: Cost Model | S110: Owned | T110: Core | U110: Other Assets | V110: Finance and Administration : Asset Management | W110: FX005002001000000000000000000000000 | X110: IA002015001018001001000000000000000000 | Y110: 1 | Z110: 25/02/2008 | AA110: 39503 | AB110: NO | AC110: Yes | AD110: 44651 | AE110: NA - Actual Cost | AF110: 6 | AG110: 0 | AH110: 0 | AI110: No Change | AL110: 1 | AN110: 1 | AO110: 0 | AP110: 3 - Fair (26-45%) | AR110: Actual Cost | AS110: 450 | AU110: 0 | AV110: 0 | AW110: 0 | AX110: 450 | AY110: 25 | AZ110: 0 | BC110: -425 | BE110: NO | BH110: -25 | BI110: -2.0833333 | BK110: Straight line | BL110: 0 | BM110: -450 | BR110: 0 | BS110: 0 | BW110: Purchased | BX110: Own funding | BZ110: M. Serebolo
A111: NHC000378 | B111: R12 Executive Offices | C111: PPE | D111: Property, plant & equipment | E111: MOV | F111: Movable assets | G111: OTH | H111: FURNITURE AND FITTINGS | I111: OTH | J111: Other Assets | K111: Main offices | L111: Main offices | M111: OTH | N111: Mirror | O111: OTH | Q111: Mirror | R111: Cost Model | S111: Owned | T111: Core | U111: Other Assets | V111: Finance and Administration : Asset Management | W111: FX005002001000000000000000000000000 | X111: IA002015001018001001000000000000000000 | Y111: 1 | Z111: 25/02/2008 | AA111: 39503 | AB111: NO | AC111: Yes | AD111: 44651 | AE111: NA - Actual Cost | AF111: 6 | AG111: 0 | AH111: 0 | AI111: No Change | AL111: 1 | AN111: 1 | AO111: 0 | AP111: 2 - Good (46-70%) | AR111: Actual Cost | AS111: 850 | AU111: 0 | AV111: 0 | AW111: 0 | AX111: 850 | AY111: 47.222222 | AZ111: 0 | BC111: -802.77778 | BE111: NO | BH111: -47.222222 | BI111: -3.9351852 | BK111: Straight line | BL111: 0 | BM111: -850 | BR111: 0 | BS111: 0 | BW111: Purchased | BX111: Own funding | BZ111: C. GALLOWAY
A112: NHC000385 | B112: R16 | C112: PPE | D112: Property, plant & equipment | E112: MOV | F112: Movable assets | G112: OTH | H112: FURNITURE AND FITTINGS | I112: OTH | J112: Other Assets | K112: Main offices | L112: Main offices | M112: OTH | N112: Desk | O112: OTH | Q112: Desk | R112: Cost Model | S112: Owned | T112: Core | U112: Other Assets | V112: Finance and Administration : Asset Management | W112: FX005002001000000000000000000000000 | X112: IA002015001018001001000000000000000000 | Y112: 1 | Z112: 26/06/2007 | AA112: 39259 | AB112: NO | AC112: Yes | AD112: 44651 | AE112: NA - Actual Cost | AF112: 6 | AG112: 0 | AH112: 0 | AI112: No Change | AL112: 1 | AN112: 1 | AO112: 0 | AP112: 3 - Fair (26-45%) | AR112: Actual Cost | AS112: 3967.64 | AU112: 0 | AV112: 0 | AW112: 0 | AX112: 3967.64 | AY112: 220.42444 | AZ112: 0 | BC112: -3747.2156 | BE112: NO | BH112: -220.42444 | BI112: -18.368704 | BK112: Straight line | BL112: 0 | BM112: -3967.64 | BR112: 0 | BS112: 0 | BW112: Purchased | BX112: Own funding | BZ112: S. SKENJANA
A113: NHC000391 | B113: Open plan co- business | C113: PPE | D113: Property, plant & equipment | E113: MOV | F113: Movable assets | G113: OTH | H113: FURNITURE AND FITTINGS | I113: OTH | J113: Other Assets | K113: Main offices | L113: Main offices | M113: OTH | N113: Desk | O113: OTH | Q113: Desk | R113: Cost Model | S113: Owned | T113: Core | U113: Other Assets | V113: Finance and Administration : Asset Management | W113: FX005002001000000000000000000000000 | X113: IA002015001018001001000000000000000000 | Y113: 1 | Z113: 26/06/2007 | AA113: 39259 | AB113: NO | AC113: Yes | AD113: 44651 | AE113: NA - Actual Cost | AF113: 6 | AG113: 0 | AH113: 0 | AI113: No Change | AL113: 1 | AN113: 1 | AO113: 0 | AP113: 2 - Good (46-70%) | AR113: Actual Cost | AS113: 3967.64 | AU113: 0 | AV113: 0 | AW113: 0 | AX113: 3967.64 | AY113: 220.42444 | AZ113: 0 | BC113: -3747.2156 | BE113: NO | BH113: -220.42444 | BI113: -18.368704 | BK113: Straight line | BL113: 0 | BM113: -3967.64 | BR113: 0 | BS113: 0 | BW113: Purchased | BX113: Own funding | BZ113: M. Phukubje
A114: NHC000400 | B114: R12 Executive Offices | C114: PPE | D114: Property, plant & equipment | E114: MOV | F114: Movable assets | G114: OTH | H114: FURNITURE AND FITTINGS | I114: OTH | J114: Other Assets | K114: Main offices | L114: Main offices | M114: OTH | N114: Traditional Desk | O114: OTH | Q114: Traditional Desk | R114: Cost Model | S114: Owned | T114: Core | U114: Other Assets | V114: Finance and Administration : Asset Management | W114: FX005002001000000000000000000000000 | X114: IA002015001018001001000000000000000000 | Y114: 1 | Z114: 14/12/2007 | AA114: 39430 | AB114: NO | AC114: Yes | AD114: 44651 | AE114: NA - Actual Cost | AF114: 6 | AG114: 0 | AH114: 0 | AI114: No Change | AL114: 1 | AN114: 1 | AO114: 0 | AP114: 2 - Good (46-70%) | AR114: Actual Cost | AS114: 17968.77 | AU114: 0 | AV114: 0 | AW114: 0 | AX114: 17968.77 | AY114: 998.265 | AZ114: 0 | BC114: -16970.505 | BE114: NO | BH114: -998.265 | BI114: -83.18875 | BK114: Straight line | BL114: 0 | BM114: -17968.77 | BR114: 0 | BS114: 0 | BW114: Purchased | BX114: Own funding | BZ114: C. GALLOWAY
A115: NHC000407 | B115: R29 | C115: PPE | D115: Property, plant & equipment | E115: MOV | F115: Movable assets | G115: OTH | H115: FURNITURE AND FITTINGS | I115: OTH | J115: Other Assets | K115: Main offices | L115: Main offices | M115: OTH | N115: TV Cabinet | O115: OTH | Q115: TV Cabinet | R115: Cost Model | S115: Owned | T115: Core | U115: Other Assets | V115: Finance and Administration : Asset Management | W115: FX005002001000000000000000000000000 | X115: IA002015001018001001000000000000000000 | Y115: 1 | Z115: 28/05/2008 | AA115: 39596 | AB115: NO | AC115: Yes | AD115: 44651 | AE115: NA - Actual Cost | AF115: 6 | AG115: 0 | AH115: 0 | AI115: No Change | AL115: 1 | AN115: 1 | AO115: 0 | AP115: 2 - Good (46-70%) | AR115: Actual Cost | AS115: 3762 | AU115: 0 | AV115: 0 | AW115: 0 | AX115: 3762 | AY115: 209 | AZ115: 0 | BC115: -3553 | BE115: NO | BH115: -209 | BI115: -17.416667 | BK115: Straight line | BL115: 0 | BM115: -3762 | BR115: 0 | BS115: 0 | BW115: Purchased | BX115: Own funding | BZ115: A.MULAUDZI
A116: NHC000429 | B116: R1 Main Reception | C116: PPE | D116: Property, plant & equipment | E116: MOV | F116: Movable assets | G116: OTH | H116: FURNITURE AND FITTINGS | I116: OTH | J116: Other Assets | K116: Main offices | L116: Main offices | M116: OTH | N116: Tender Box | O116: OTH | Q116: Tender Box | R116: Cost Model | S116: Owned | T116: Core | U116: Other Assets | V116: Finance and Administration : Asset Management | W116: FX005002001000000000000000000000000 | X116: IA002015001018001001000000000000000000 | Y116: 1 | Z116: 11/03/2009 | AA116: 39883 | AB116: NO | AC116: Yes | AD116: 44651 | AE116: NA - Actual Cost | AF116: 6 | AG116: 0 | AH116: 0 | AI116: No Change | AL116: 1 | AN116: 1 | AO116: 0 | AP116: 3 - Fair (26-45%) | AR116: Actual Cost | AS116: 4446 | AU116: 0 | AV116: 0 | AW116: 0 | AX116: 4446 | AY116: 247 | AZ116: 0 | BC116: -4199 | BE116: NO | BH116: -247 | BI116: -20.583333 | BK116: Straight line | BL116: 0 | BM116: -4446 | BR116: 0 | BS116: 0 | BW116: Purchased | BX116: Own funding | BZ116: M. Letsoale
A117: NHC000454 | B117: R28 | C117: PPE | D117: Property, plant & equipment | E117: MOV | F117: Movable assets | G117: OTH | H117: FURNITURE AND FITTINGS | I117: OTH | J117: Other Assets | K117: Main offices | L117: Main offices | M117: OTH | N117: Conference Table | O117: OTH | Q117: Conference Table | R117: Cost Model | S117: Owned | T117: Core | U117: Other Assets | V117: Finance and Administration : Asset Management | W117: FX005002001000000000000000000000000 | X117: IA002015001018001001000000000000000000 | Y117: 1 | Z117: 11/03/2009 | AA117: 39883 | AB117: NO | AC117: Yes | AD117: 44651 | AE117: NA - Actual Cost | AF117: 6 | AG117: 0 | AH117: 0 | AI117: No Change | AL117: 1 | AN117: 1 | AO117: 0 | AP117: 2 - Good (46-70%) | AR117: Actual Cost | AS117: 9866.22 | AU117: 0 | AV117: 0 | AW117: 0 | AX117: 9866.22 | AY117: 548.12333 | AZ117: 0 | BC117: -9318.0967 | BE117: NO | BH117: -548.12333 | BI117: -45.676944 | BK117: Straight line | BL117: 0 | BM117: -9866.22 | BR117: 0 | BS117: 0 | BW117: Purchased | BX117: Own funding | BZ117: M. TAWANE
A118: NHC000479 | B118: R4 Main Board room | C118: PPE | D118: Property, plant & equipment | E118: MOV | F118: Movable assets | G118: OTH | H118: FURNITURE AND FITTINGS | I118: OTH | J118: Other Assets | K118: Main offices | L118: Main offices | M118: OTH | N118: Steel Key Cabinet | O118: OTH | Q118: Steel Key Cabinet | R118: Cost Model | S118: Owned | T118: Core | U118: Other Assets | V118: Finance and Administration : Asset Management | W118: FX005002001000000000000000000000000 | X118: IA002015001018001001000000000000000000 | Y118: 1 | Z118: 11/03/2009 | AA118: 39883 | AB118: NO | AC118: Yes | AD118: 44651 | AE118: NA - Actual Cost | AF118: 6 | AG118: 0 | AH118: 0 | AI118: No Change | AL118: 1 | AN118: 1 | AO118: 0 | AP118: 2 - Good (46-70%) | AR118: Actual Cost | AS118: 615.6 | AU118: 0 | AV118: 0 | AW118: 0 | AX118: 615.6 | AY118: 34.2 | AZ118: 0 | BC118: -581.4 | BE118: NO | BH118: -34.2 | BI118: -2.85 | BK118: Straight line | BL118: 0 | BM118: -615.6 | BR118: 0 | BS118: 0 | BW118: Purchased | BX118: Own funding | BZ118: S.Skenjana
A119: NHC000488 | B119: Open Plan finance | C119: PPE | D119: Property, plant & equipment | E119: MOV | F119: Movable assets | G119: OTH | H119: FURNITURE AND FITTINGS | I119: OTH | J119: Other Assets | K119: Main offices | L119: Main offices | M119: OTH | N119: Filing System | O119: OTH | Q119: Filing System | R119: Cost Model | S119: Owned | T119: Core | U119: Other Assets | V119: Finance and Administration : Asset Management | W119: FX005002001000000000000000000000000 | X119: IA002015001018001001000000000000000000 | Y119: 1 | Z119: 11/03/2009 | AA119: 39883 | AB119: NO | AC119: Yes | AD119: 44651 | AE119: NA - Actual Cost | AF119: 6 | AG119: 0 | AH119: 0 | AI119: No Change | AL119: 1 | AN119: 1 | AO119: 0 | AP119: 2 - Good (46-70%) | AR119: Actual Cost | AS119: 19722 | AU119: 0 | AV119: 0 | AW119: 0 | AX119: 19722 | AY119: 1095.6667 | AZ119: 0 | BC119: -18626.333 | BE119: NO | BH119: -1095.6667 | BI119: -91.305556 | BK119: Straight line | BL119: 0 | BM119: -19722 | BR119: 0 | BS119: 0 | BW119: Purchased | BX119: Own funding | BZ119: S. Skenjana
A120: NHC000489 | B120: R21 hr Storeroom | C120: PPE | D120: Property, plant & equipment | E120: MOV | F120: Movable assets | G120: OTH | H120: FURNITURE AND FITTINGS | I120: OTH | J120: Other Assets | K120: Main offices | L120: Main offices | M120: OTH | N120: Filing System | O120: OTH | Q120: Filing System | R120: Cost Model | S120: Owned | T120: Core | U120: Other Assets | V120: Finance and Administration : Asset Management | W120: FX005002001000000000000000000000000 | X120: IA002015001018001001000000000000000000 | Y120: 1 | Z120: 11/03/2009 | AA120: 39883 | AB120: NO | AC120: Yes | AD120: 44651 | AE120: NA - Actual Cost | AF120: 6 | AG120: 0 | AH120: 0 | AI120: No Change | AL120: 1 | AN120: 1 | AO120: 0 | AP120: 2 - Good (46-70%) | AR120: Actual Cost | AS120: 25665.88 | AU120: 0 | AV120: 0 | AW120: 0 | AX120: 25665.88 | AY120: 1425.8822 | AZ120: 0 | BC120: -24239.998 | BE120: NO | BH120: -1425.8822 | BI120: -118.82352 | BK120: Straight line | BL120: 0 | BM120: -25665.88 | BR120: 0 | BS120: 0 | BW120: Purchased | BX120: Own funding | BZ120: A. Noge
A121: NHC00399 | B121: Open plan co- business | C121: PPE | D121: Property, plant & equipment | E121: MOV | F121: Movable assets | G121: OTH | H121: FURNITURE AND FITTINGS | I121: OTH | J121: Other Assets | K121: Main offices | L121: Main offices | M121: OTH | N121: Tradional Desk | O121: OTH | Q121: Tradional Desk | R121: Cost Model | S121: Owned | T121: Core | U121: Other Assets | V121: Finance and Administration : Asset Management | W121: FX005002001000000000000000000000000 | X121: IA002015001018001001000000000000000000 | Y121: 1 | Z121: 14/12/2007 | AA121: 39430 | AB121: NO | AC121: Yes | AD121: 44651 | AE121: NA - Actual Cost | AF121: 6 | AG121: 0 | AH121: 0 | AI121: No Change | AL121: 1 | AN121: 1 | AO121: 0 | AP121: 2 - Good (46-70%) | AR121: Actual Cost | AS121: 17968.77 | AU121: 0 | AV121: 0 | AW121: 0 | AX121: 17968.77 | AY121: 998.265 | AZ121: 0 | BC121: -16970.505 | BE121: NO | BH121: -998.265 | BI121: -83.18875 | BK121: Straight line | BL121: 0 | BM121: -17968.77 | BR121: 0 | BS121: 0 | BW121: Purchased | BX121: Own funding | BZ121: T.Molema
... A124: NHC000520 | B124: R2 Open plan finance | C124: PPE | D124: Property, plant & equipment | E124: MOV | F124: Movable assets | G124: OTH | H124: FURNITURE AND FITTINGS | I124: OTH | J124: Other Assets | K124: Main offices | L124: Main offices | M124: OTH | N124: Glass Door Cabinet | O124: OTH | Q124: Glass Door Cabinet | R124: Cost Model | S124: Owned | T124: Core | U124: Other Assets | V124: Finance and Administration : Asset Management | W124: FX005002001000000000000000000000000 | X124: IA002015001018001001000000000000000000 | Y124: 1 | Z124: 31/07/2009 | AA124: 40025 | AB124: NO | AC124: Yes | AD124: 44651 | AE124: NA - Actual Cost | AF124: 6 | AG124: 0 | AH124: 0 | AI124: No Change | AL124: 1 | AN124: 1 | AO124: 0 | AP124: 2 - Good (46-70%) | AR124: Actual Cost | AS124: 8892 | AU124: 0 | AV124: 0 | AW124: 0 | AX124: 8892 | AY124: 494 | AZ124: 0 | BC124: -8398 | BE124: NO | BH124: -494 | BI124: -41.166667 | BK124: Straight line | BL124: 0 | BM124: -8892 | BR124: 0 | BS124: 0 | BW124: Purchased | BX124: Own funding | BZ124: N. Gawula
A125: NHC000524 | B125: 0 | C125: PPE | D125: Property, plant & equipment | E125: MOV | F125: Movable assets | G125: OTH | H125: FURNITURE AND FITTINGS | I125: OTH | J125: Other Assets | K125: Main offices | L125: Main offices | M125: OTH | N125: Antique Freestanding L-Ext-No Inlay | O125: OTH | Q125: Antique Freestanding L-Ext-No Inlay | R125: Cost Model | S125: Owned | T125: Core | U125: Other Assets | V125: Finance and Administration : Asset Management | W125: FX005002001000000000000000000000000 | X125: IA002015001018001001000000000000000000 | Y125: 1 | Z125: 31/07/2009 | AA125: 40025 | AB125: NO | AC125: Yes | AD125: 44651 | AE125: NA - Actual Cost | AF125: 6 | AG125: 0 | AH125: 0 | AI125: No Change | AL125: 1 | AN125: 1 | AO125: 0 | AP125: 0 | AR125: Actual Cost | AS125: 7660.8 | AU125: 0 | AV125: 0 | AW125: 0 | AX125: 7660.8 | AY125: 425.6 | AZ125: 0 | BC125: -7235.2 | BE125: NO | BH125: -425.6 | BI125: -35.466667 | BK125: Straight line | BL125: 0 | BM125: -7660.8 | BR125: 0 | BS125: 0 | BW125: Purchased | BX125: Own funding | BZ125: 0
A126: NHC000512 | B126: R27 | C126: PPE | D126: Property, plant & equipment | E126: MOV | F126: Movable assets | G126: OTH | H126: FURNITURE AND FITTINGS | I126: OTH | J126: Other Assets | K126: Main offices | L126: Main offices | M126: OTH | N126: Single Pedestal Desk 1600 x 800 | O126: OTH | Q126: Single Pedestal Desk 1600 x 800 | R126: Cost Model | S126: Owned | T126: Core | U126: Other Assets | V126: Finance and Administration : Asset Management | W126: FX005002001000000000000000000000000 | X126: IA002015001018001001000000000000000000 | Y126: 1 | Z126: 31/07/2009 | AA126: 40025 | AB126: NO | AC126: Yes | AD126: 44651 | AE126: NA - Actual Cost | AF126: 6 | AG126: 0 | AH126: 0 | AI126: No Change | AL126: 1 | AN126: 1 | AO126: 0 | AP126: 2 - Good (46-70%) | AR126: Actual Cost | AS126: 8550 | AU126: 0 | AV126: 0 | AW126: 0 | AX126: 8550 | AY126: 475 | AZ126: 0 | BC126: -8075 | BE126: NO | BH126: -475 | BI126: -39.583333 | BK126: Straight line | BL126: 0 | BM126: -8550 | BR126: 0 | BS126: 0 | BW126: Purchased | BX126: Own funding | BZ126: B. Maqasela
A127: NHC000516 | B127: Open plan co- business | C127: PPE | D127: Property, plant & equipment | E127: MOV | F127: Movable assets | G127: OTH | H127: FURNITURE AND FITTINGS | I127: OTH | J127: Other Assets | K127: Main offices | L127: Main offices | M127: OTH | N127: Hinged Door Cabinet | O127: OTH | Q127: Hinged Door Cabinet | R127: Cost Model | S127: Owned | T127: Core | U127: Other Assets | V127: Finance and Administration : Asset Management | W127: FX005002001000000000000000000000000 | X127: IA002015001018001001000000000000000000 | Y127: 1 | Z127: 31/07/2009 | AA127: 40025 | AB127: NO | AC127: Yes | AD127: 44651 | AE127: NA - Actual Cost | AF127: 6 | AG127: 0 | AH127: 0 | AI127: No Change | AL127: 1 | AN127: 1 | AO127: 0 | AP127: 2 - Good (46-70%) | AR127: Actual Cost | AS127: 7011 | AU127: 0 | AV127: 0 | AW127: 0 | AX127: 7011 | AY127: 389.5 | AZ127: 0 | BC127: -6621.5 | BE127: NO | BH127: -389.5 | BI127: -32.458333 | BK127: Straight line | BL127: 0 | BM127: -7011 | BR127: 0 | BS127: 0 | BW127: Purchased | BX127: Own funding | BZ127: M. Phukubje
A128: NHC000515 | B128: Passage executive offices | C128: PPE | D128: Property, plant & equipment | E128: MOV | F128: Movable assets | G128: OTH | H128: FURNITURE AND FITTINGS | I128: OTH | J128: Other Assets | K128: Main offices | L128: Main offices | M128: OTH | N128: Single Pedestal Desk 1600 x 800 | O128: OTH | Q128: Single Pedestal Desk 1600 x 800 | R128: Cost Model | S128: Owned | T128: Core | U128: Other Assets | V128: Finance and Administration : Asset Management | W128: FX005002001000000000000000000000000 | X128: IA002015001018001001000000000000000000 | Y128: 1 | Z128: 31/07/2009 | AA128: 40025 | AB128: NO | AC128: Yes | AD128: 44651 | AE128: NA - Actual Cost | AF128: 6 | AG128: 0 | AH128: 0 | AI128: No Change | AL128: 1 | AN128: 1 | AO128: 0 | AP128: 2 - Good (46-70%) | AR128: Actual Cost | AS128: 8550 | AU128: 0 | AV128: 0 | AW128: 0 | AX128: 8550 | AY128: 475 | AZ128: 0 | BC128: -8075 | BE128: NO | BH128: -475 | BI128: -39.583333 | BK128: Straight line | BL128: 0 | BM128: -8550 | BR128: 0 | BS128: 0 | BW128: Purchased | BX128: Own funding | BZ128: S. Skenjana
A129: NHC000514 | B129: R11 executive board room | C129: PPE | D129: Property, plant & equipment | E129: MOV | F129: Movable assets | G129: OTH | H129: FURNITURE AND FITTINGS | I129: OTH | J129: Other Assets | K129: Main offices | L129: Main offices | M129: OTH | N129: Hinged Door Cabinet | O129: OTH | Q129: Hinged Door Cabinet | R129: Cost Model | S129: Owned | T129: Core | U129: Other Assets | V129: Finance and Administration : Asset Management | W129: FX005002001000000000000000000000000 | X129: IA002015001018001001000000000000000000 | Y129: 1 | Z129: 31/07/2009 | AA129: 40025 | AB129: NO | AC129: Yes | AD129: 44651 | AE129: NA - Actual Cost | AF129: 6 | AG129: 0 | AH129: 0 | AI129: No Change | AL129: 1 | AN129: 1 | AO129: 0 | AP129: 2 - Good (46-70%) | AR129: Actual Cost | AS129: 7011 | AU129: 0 | AV129: 0 | AW129: 0 | AX129: 7011 | AY129: 389.5 | AZ129: 0 | BC129: -6621.5 | BE129: NO | BH129: -389.5 | BI129: -32.458333 | BK129: Straight line | BL129: 0 | BM129: -7011 | BR129: 0 | BS129: 0 | BW129: Purchased | BX129: Own funding | BZ129: S. Skenjana
A130: NHC000508 | B130: Open Plan Finance | C130: PPE | D130: Property, plant & equipment | E130: MOV | F130: Movable assets | G130: OTH | H130: FURNITURE AND FITTINGS | I130: OTH | J130: Other Assets | K130: Main offices | L130: Main offices | M130: OTH | N130: 2700x1200 Boardroom Table | O130: OTH | Q130: 2700x1200 Boardroom Table | R130: Cost Model | S130: Owned | T130: Core | U130: Other Assets | V130: Finance and Administration : Asset Management | W130: FX005002001000000000000000000000000 | X130: IA002015001018001001000000000000000000 | Y130: 1 | Z130: 31/07/2009 | AA130: 40025 | AB130: NO | AC130: Yes | AD130: 44651 | AE130: NA - Actual Cost | AF130: 6 | AG130: 0 | AH130: 0 | AI130: No Change | AL130: 1 | AN130: 1 | AO130: 0 | AP130: 3 - Fair (26-45%) | AR130: Actual Cost | AS130: 14956.8 | AU130: 0 | AV130: 0 | AW130: 0 | AX130: 14956.8 | AY130: 830.93333 | AZ130: 0 | BC130: -14125.867 | BE130: NO | BH130: -830.93333 | BI130: -69.244444 | BK130: Straight line | BL130: 0 | BM130: -14956.8 | BR130: 0 | BS130: 0 | BW130: Purchased | BX130: Own funding | BZ130: S. Skenjana
A131: NHC000501 | B131: Open plan co-business | C131: PPE | D131: Property, plant & equipment | E131: MOV | F131: Movable assets | G131: OTH | H131: FURNITURE AND FITTINGS | I131: OTH | J131: Other Assets | K131: Main offices | L131: Main offices | M131: OTH | N131: Hinged Door Cabinet | O131: OTH | Q131: Hinged Door Cabinet | R131: Cost Model | S131: Owned | T131: Core | U131: Other Assets | V131: Finance and Administration : Asset Management | W131: FX005002001000000000000000000000000 | X131: IA002015001018001001000000000000000000 | Y131: 1 | Z131: 31/07/2009 | AA131: 40025 | AB131: NO | AC131: Yes | AD131: 44651 | AE131: NA - Actual Cost | AF131: 6 | AG131: 0 | AH131: 0 | AI131: No Change | AL131: 1 | AN131: 1 | AO131: 0 | AP131: 2 - Good (46-70%) | AR131: Actual Cost | AS131: 3505.5 | AU131: 0 | AV131: 0 | AW131: 0 | AX131: 3505.5 | AY131: 194.75 | AZ131: 0 | BC131: -3310.75 | BE131: NO | BH131: -194.75 | BI131: -16.229167 | BK131: Straight line | BL131: 0 | BM131: -3505.5 | BR131: 0 | BS131: 0 | BW131: Purchased | BX131: Own funding | BZ131: K.Mpumlwana
A132: NHC000388 | B132: R27 Core business | C132: PPE | D132: Property, plant & equipment | E132: MOV | F132: Movable assets | G132: OTH | H132: FURNITURE AND FITTINGS | I132: OTH | J132: Other Assets | K132: Main offices | L132: Main offices | M132: OTH | N132: Chair | O132: OTH | Q132: Chair | R132: Cost Model | S132: Owned | T132: Core | U132: Other Assets | V132: Finance and Administration : Asset Management | W132: FX005002001000000000000000000000000 | X132: IA002015001018001001000000000000000000 | Y132: 1 | Z132: 26/06/2007 | AA132: 39259 | AB132: NO | AC132: Yes | AD132: 44651 | AE132: NA - Actual Cost | AF132: 6 | AG132: 0 | AH132: 0 | AI132: No Change | AL132: 1 | AN132: 1 | AO132: 0 | AP132: 4 - Poor (11-25%) | AR132: Actual Cost | AS132: 3967.63 | AU132: 0 | AV132: 0 | AW132: 0 | AX132: 3967.63 | AY132: 220.42389 | AZ132: 0 | BC132: -3747.2061 | BE132: NO | BH132: -220.42389 | BI132: -18.368657 | BK132: Straight line | BL132: 0 | BM132: -3967.63 | BR132: 0 | BS132: 0 | BW132: Purchased | BX132: Own funding | BZ132: B. Magasela
A133: NHC000387 | B133: Open plan co-Business | C133: PPE | D133: Property, plant & equipment | E133: MOV | F133: Movable assets | G133: OTH | H133: FURNITURE AND FITTINGS | I133: OTH | J133: Other Assets | K133: Main offices | L133: Main offices | M133: OTH | N133: Desk | O133: OTH | Q133: Desk | R133: Cost Model | S133: Owned | T133: Core | U133: Other Assets | V133: Finance and Administration : Asset Management | W133: FX005002001000000000000000000000000 | X133: IA002015001018001001000000000000000000 | Y133: 1 | Z133: 26/06/2007 | AA133: 39259 | AB133: NO | AC133: Yes | AD133: 44651 | AE133: NA - Actual Cost | AF133: 6 | AG133: 0 | AH133: 0 | AI133: No Change | AL133: 1 | AN133: 1 | AO133: 0 | AP133: 2 - Good (46-70%) | AR133: Actual Cost | AS133: 3967.64 | AU133: 0 | AV133: 0 | AW133: 0 | AX133: 3967.64 | AY133: 220.42444 | AZ133: 0 | BC133: -3747.2156 | BE133: NO | BH133: -220.42444 | BI133: -18.368704 | BK133: Straight line | BL133: 0 | BM133: -3967.64 | BR133: 0 | BS133: 0 | BW133: Purchased | BX133: Own funding | BZ133: G. Mdluli
A134: NHC000389 | B134: Open plan Risk | C134: PPE | D134: Property, plant & equipment | E134: MOV | F134: Movable assets | G134: OTH | H134: FURNITURE AND FITTINGS | I134: OTH | J134: Other Assets | K134: Main offices | L134: Main offices | M134: OTH | N134: Desk | O134: OTH | Q134: Desk | R134: Cost Model | S134: Owned | T134: Core | U134: Other Assets | V134: Finance and Administration : Asset Management | W134: FX005002001000000000000000000000000 | X134: IA002015001018001001000000000000000000 | Y134: 1 | Z134: 26/06/2007 | AA134: 39259 | AB134: NO | AC134: Yes | AD134: 44651 | AE134: NA - Actual Cost | AF134: 6 | AG134: 0 | AH134: 0 | AI134: No Change | AL134: 1 | AN134: 1 | AO134: 0 | AP134: 2 - Good (46-70%) | AR134: Actual Cost | AS134: 3967.64 | AU134: 0 | AV134: 0 | AW134: 0 | AX134: 3967.64 | AY134: 220.42444 | AZ134: 0 | BC134: -3747.2156 | BE134: NO | BH134: -220.42444 | BI134: -18.368704 | BK134: Straight line | BL134: 0 | BM134: -3967.64 | BR134: 0 | BS134: 0 | BW134: Purchased | BX134: Own funding | BZ134: Z. Sithole
A135: NHC000393 | B135: Open Plan Risk | C135: PPE | D135: Property, plant & equipment | E135: MOV | F135: Movable assets | G135: OTH | H135: FURNITURE AND FITTINGS | I135: OTH | J135: Other Assets | K135: Main offices | L135: Main offices | M135: OTH | N135: Desk | O135: OTH | Q135: Desk | R135: Cost Model | S135: Owned | T135: Core | U135: Other Assets | V135: Finance and Administration : Asset Management | W135: FX005002001000000000000000000000000 | X135: IA002015001018001001000000000000000000 | Y135: 1 | Z135: 26/06/2007 | AA135: 39259 | AB135: NO | AC135: Yes | AD135: 44651 | AE135: NA - Actual Cost | AF135: 6 | AG135: 0 | AH135: 0 | AI135: No Change | AL135: 1 | AN135: 1 | AO135: 0 | AP135: 2 - Good (46-70%) | AR135: Actual Cost | AS135: 3967.64 | AU135: 0 | AV135: 0 | AW135: 0 | AX135: 3967.64 | AY135: 220.42444 | AZ135: 0 | BC135: -3747.2156 | BE135: NO | BH135: -220.42444 | BI135: -18.368704 | BK135: Straight line | BL135: 0 | BM135: -3967.64 | BR135: 0 | BS135: 0 | BW135: Purchased | BX135: Own funding | BZ135: M. Ngwaila
A136: NHC000397 | B136: Open Plan communications | C136: PPE | D136: Property, plant & equipment | E136: MOV | F136: Movable assets | G136: OTH | H136: FURNITURE AND FITTINGS | I136: OTH | J136: Other Assets | K136: Main offices | L136: Main offices | M136: OTH | N136: Desk | O136: OTH | Q136: Desk | R136: Cost Model | S136: Owned | T136: Core | U136: Other Assets | V136: Finance and Administration : Asset Management | W136: FX005002001000000000000000000000000 | X136: IA002015001018001001000000000000000000 | Y136: 1 | Z136: 26/06/2007 | AA136: 39259 | AB136: NO | AC136: Yes | AD136: 44651 | AE136: NA - Actual Cost | AF136: 6 | AG136: 0 | AH136: 0 | AI136: No Change | AL136: 1 | AN136: 1 | AO136: 0 | AP136: 2 - Good (46-70%) | AR136: Actual Cost | AS136: 3967.64 | AU136: 0 | AV136: 0 | AW136: 0 | AX136: 3967.64 | AY136: 220.42444 | AZ136: 0 | BC136: -3747.2156 | BE136: NO | BH136: -220.42444 | BI136: -18.368704 | BK136: Straight line | BL136: 0 | BM136: -3967.64 | BR136: 0 | BS136: 0 | BW136: Purchased | BX136: Own funding | BZ136: S. Makhura
A137: NHC000386 | B137: R1 Open plan finance | C137: PPE | D137: Property, plant & equipment | E137: MOV | F137: Movable assets | G137: OTH | H137: FURNITURE AND FITTINGS | I137: OTH | J137: Other Assets | K137: Main offices | L137: Main offices | M137: OTH | N137: Chair | O137: OTH | Q137: Chair | R137: Cost Model | S137: Owned | T137: Core | U137: Other Assets | V137: Finance and Administration : Asset Management | W137: FX005002001000000000000000000000000 | X137: IA002015001018001001000000000000000000 | Y137: 1 | Z137: 26/06/2007 | AA137: 39259 | AB137: NO | AC137: Yes | AD137: 44651 | AE137: NA - Actual Cost | AF137: 6 | AG137: 0 | AH137: 0 | AI137: No Change | AL137: 1 | AN137: 1 | AO137: 0 | AP137: 2 - Good (46-70%) | AR137: Actual Cost | AS137: 3967.63 | AU137: 0 | AV137: 0 | AW137: 0 | AX137: 3967.63 | AY137: 220.42389 | AZ137: 0 | BC137: -3747.2061 | BE137: NO | BH137: -220.42389 | BI137: -18.368657 | BK137: Straight line | BL137: 0 | BM137: -3967.63 | BR137: 0 | BS137: 0 | BW137: Purchased | BX137: Own funding | BZ137: B.L Mthombeni
... A157: NHC 000561 | B157: R10 executive office | C157: PPE | D157: Property, plant & equipment | E157: MOV | F157: Movable assets | G157: OTH | H157: FURNITURE AND FITTINGS | I157: OTH | J157: Other Assets | K157: Main offices | L157: Main offices | M157: OTH | N157: Systems Cabinet | O157: OTH | Q157: Systems Cabinet | R157: Cost Model | S157: Owned | T157: Core | U157: Other Assets | V157: Finance and Administration : Asset Management | W157: FX005002001000000000000000000000000 | X157: IA002015001018001001000000000000000000 | Y157: 1 | Z157: 10/08/2007 | AA157: 39304 | AB157: NO | AC157: Yes | AD157: 44651 | AE157: NA - Actual Cost | AF157: 6 | AG157: 0 | AH157: 0 | AI157: No Change | AL157: 1 | AN157: 1 | AO157: 0 | AP157: 2 - Good (46-70%) | AR157: Actual Cost | AS157: 3839.41 | AU157: 0 | AV157: 0 | AW157: 0 | AX157: 3839.41 | AY157: 213.30056 | AZ157: 0 | BC157: -3626.1094 | BE157: NO | BH157: -213.30056 | BI157: -17.775046 | BK157: Straight line | BL157: 0 | BM157: -3839.41 | BR157: 0 | BS157: 0 | BW157: Purchased | BX157: Own funding | BZ157: M Chamane
A158: NHC000456 | B158: 0 | C158: PPE | D158: Property, plant & equipment | E158: MOV | F158: Movable assets | G158: OTH | H158: FURNITURE AND FITTINGS | I158: OTH | J158: Other Assets | K158: Main offices | L158: Main offices | M158: OTH | N158: Mirror | O158: OTH | Q158: Mirror | R158: Cost Model | S158: Owned | T158: Core | U158: Other Assets | V158: Finance and Administration : Asset Management | W158: FX005002001000000000000000000000000 | X158: IA002015001018001001000000000000000000 | Y158: 1 | Z158: 25/02/2008 | AA158: 39503 | AB158: NO | AC158: Yes | AD158: 44651 | AE158: NA - Actual Cost | AF158: 6 | AG158: 0 | AH158: 0 | AI158: No Change | AL158: 1 | AN158: 1 | AO158: 0 | AP158: 0 | AR158: Actual Cost | AS158: 850 | AU158: 0 | AV158: 0 | AW158: 0 | AX158: 850 | AY158: 47.222222 | AZ158: 0 | BC158: -802.77778 | BE158: NO | BH158: -47.222222 | BI158: -3.9351852 | BK158: Straight line | BL158: 0 | BM158: -850 | BR158: 0 | BS158: 0 | BW158: Purchased | BX158: Own funding | BZ158: 0
A159: NHC0074 | B159: R3 | C159: PPE | D159: Property, plant & equipment | E159: MOV | F159: Movable assets | G159: OTH | H159: FURNITURE AND FITTINGS | I159: OTH | J159: Other Assets | K159: Main offices | L159: Main offices | M159: OTH | N159: 3 Drawer pedestal | O159: OTH | Q159: 3 Drawer pedestal | R159: Cost Model | S159: Owned | T159: Core | U159: Other Assets | V159: Finance and Administration : Asset Management | W159: FX005002001000000000000000000000000 | X159: IA002015001018001001000000000000000000 | Y159: 1 | Z159: 25/03/2004 | AA159: 38071 | AB159: NO | AC159: Yes | AD159: 44651 | AE159: NA - Actual Cost | AF159: 6 | AG159: 0 | AH159: 0 | AI159: No Change | AL159: 1 | AN159: 1 | AO159: 0 | AP159: 2 - Good (46-70%) | AR159: Actual Cost | AS159: 1180.47 | AU159: 0 | AV159: 0 | AW159: 0 | AX159: 1180.47 | AY159: 65.581667 | AZ159: 0 | BC159: -1114.8883 | BE159: NO | BH159: -65.581667 | BI159: -5.4651389 | BK159: Straight line | BL159: 0 | BM159: -1180.47 | BR159: 0 | BS159: 0 | BW159: Purchased | BX159: Own funding | BZ159: M.Manenzhe
A160: NHC000804 | B160: R1 Open plan finance | C160: PPE | D160: Property, plant & equipment | E160: MOV | F160: Movable assets | G160: OTH | H160: FURNITURE AND FITTINGS | I160: OTH | J160: Other Assets | K160: Main offices | L160: Main offices | M160: OTH | N160: High Back Chair | O160: OTH | Q160: High Back Chair | R160: Cost Model | S160: Owned | T160: Core | U160: Other Assets | V160: Finance and Administration : Asset Management | W160: FX005002001000000000000000000000000 | X160: IA002015001018001001000000000000000000 | Y160: 1 | Z160: 17/02/2012 | AA160: 40956 | AB160: NO | AC160: Yes | AD160: 44651 | AE160: NA - Actual Cost | AF160: 6 | AG160: 0 | AH160: 0 | AI160: No Change | AL160: 1 | AN160: 1 | AO160: 0 | AP160: 2 - Good (46-70%) | AR160: Actual Cost | AS160: 900.6 | AU160: 0 | AV160: 0 | AW160: 0 | AX160: 900.6 | AY160: 50.033333 | AZ160: 0 | BC160: -850.56667 | BE160: NO | BH160: -50.033333 | BI160: -4.1694444 | BK160: Straight line | BL160: 0 | BM160: -900.6 | BR160: 0 | BS160: 0 | BW160: Purchased | BX160: Own funding | BZ160: N.V Mtshali
A161: NHC000857 | B161: Open Plan core business | C161: PPE | D161: Property, plant & equipment | E161: MOV | F161: Movable assets | G161: OTH | H161: FURNITURE AND FITTINGS | I161: OTH | J161: Other Assets | K161: Main offices | L161: Main offices | M161: OTH | N161: High Back Chair | O161: OTH | Q161: High Back Chair | R161: Cost Model | S161: Owned | T161: Core | U161: Other Assets | V161: Finance and Administration : Asset Management | W161: FX005002001000000000000000000000000 | X161: IA002015001018001001000000000000000000 | Y161: 1 | Z161: 17/02/2012 | AA161: 40956 | AB161: NO | AC161: Yes | AD161: 44651 | AE161: NA - Actual Cost | AF161: 6 | AG161: 0 | AH161: 0 | AI161: No Change | AL161: 1 | AN161: 1 | AO161: 0 | AP161: 4 - Poor (11-25%) | AR161: Actual Cost | AS161: 900.6 | AU161: 0 | AV161: 0 | AW161: 0 | AX161: 900.6 | AY161: 50.033333 | AZ161: 0 | BC161: -850.56667 | BE161: NO | BH161: -50.033333 | BI161: -4.1694444 | BK161: Straight line | BL161: 0 | BM161: -900.6 | BR161: 0 | BS161: 0 | BW161: Purchased | BX161: Own funding | BZ161: G. Mdluli
A162: 1026 | B162: Open plan finance | C162: PPE | D162: Property, plant & equipment | E162: MOV | F162: Movable assets | G162: OTH | H162: FURNITURE AND FITTINGS | I162: OTH | J162: Other Assets | K162: Main offices | L162: Main offices | M162: OTH | N162: High Back Chair | O162: OTH | Q162: High Back Chair Cloth Armrest and Wheels Black | R162: Cost Model | S162: Owned | T162: Core | U162: Other Assets | V162: Finance and Administration : Asset Management | W162: FX005002001000000000000000000000000 | X162: IA002015001018001001000000000000000000 | Y162: 1 | Z162: 17/02/2012 | AA162: 40956 | AB162: NO | AC162: Yes | AD162: 44651 | AE162: NA - Actual Cost | AF162: 6 | AG162: 0 | AH162: 0 | AI162: No Change | AL162: 1 | AN162: 1 | AO162: 0 | AP162: 2 - Good (46-70%) | AR162: Actual Cost | AS162: 900.6 | AU162: 0 | AV162: 0 | AW162: 0 | AX162: 900.6 | AY162: 50.033333 | AZ162: 0 | BC162: -850.56667 | BE162: NO | BH162: -50.033333 | BI162: -4.1694444 | BK162: Straight line | BL162: 0 | BM162: -900.6 | BR162: 0 | BS162: 0 | BW162: Purchased | BX162: Own funding | BZ162: L Zwane
A163: NHC000869 | B163: Open Plan HR | C163: PPE | D163: Property, plant & equipment | E163: MOV | F163: Movable assets | G163: OTH | H163: FURNITURE AND FITTINGS | I163: OTH | J163: Other Assets | K163: Main offices | L163: Main offices | M163: OTH | N163: Visitor Chairs | O163: OTH | Q163: Visitor Chairs | R163: Cost Model | S163: Owned | T163: Core | U163: Other Assets | V163: Finance and Administration : Asset Management | W163: FX005002001000000000000000000000000 | X163: IA002015001018001001000000000000000000 | Y163: 1 | Z163: 17/02/2012 | AA163: 40956 | AB163: NO | AC163: Yes | AD163: 44651 | AE163: NA - Actual Cost | AF163: 6 | AG163: 0 | AH163: 0 | AI163: No Change | AL163: 1 | AN163: 1 | AO163: 0 | AP163: 2 - Good (46-70%) | AR163: Actual Cost | AS163: 832.2 | AU163: 0 | AV163: 0 | AW163: 0 | AX163: 832.2 | AY163: 46.233333 | AZ163: 0 | BC163: -785.96667 | BE163: NO | BH163: -46.233333 | BI163: -3.8527778 | BK163: Straight line | BL163: 0 | BM163: -832.2 | BR163: 0 | BS163: 0 | BW163: Purchased | BX163: Own funding | BZ163: M. Ndalamo
A164: NHC000839 | B164: R21 HR store room | C164: PPE | D164: Property, plant & equipment | E164: MOV | F164: Movable assets | G164: OTH | H164: FURNITURE AND FITTINGS | I164: OTH | J164: Other Assets | K164: Main offices | L164: Main offices | M164: OTH | N164: Steel Cabinet | O164: OTH | Q164: Steel Cabinet | R164: Cost Model | S164: Owned | T164: Core | U164: Other Assets | V164: Finance and Administration : Asset Management | W164: FX005002001000000000000000000000000 | X164: IA002015001018001001000000000000000000 | Y164: 1 | Z164: 17/02/2012 | AA164: 40956 | AB164: NO | AC164: Yes | AD164: 44651 | AE164: NA - Actual Cost | AF164: 6 | AG164: 0 | AH164: 0 | AI164: No Change | AL164: 1 | AN164: 1 | AO164: 0 | AP164: 2 - Good (46-70%) | AR164: Actual Cost | AS164: 2040.6 | AU164: 0 | AV164: 0 | AW164: 0 | AX164: 2040.6 | AY164: 113.36667 | AZ164: 0 | BC164: -1927.2333 | BE164: NO | BH164: -113.36667 | BI164: -9.4472222 | BK164: Straight line | BL164: 0 | BM164: -2040.6 | BR164: 0 | BS164: 0 | BW164: Purchased | BX164: Own funding | BZ164: A.Noge
A165: NHC000836 | B165: Open Plan HR | C165: PPE | D165: Property, plant & equipment | E165: MOV | F165: Movable assets | G165: OTH | H165: FURNITURE AND FITTINGS | I165: OTH | J165: Other Assets | K165: Main offices | L165: Main offices | M165: OTH | N165: Steel Cabinet | O165: OTH | Q165: Steel Cabinet | R165: Cost Model | S165: Owned | T165: Core | U165: Other Assets | V165: Finance and Administration : Asset Management | W165: FX005002001000000000000000000000000 | X165: IA002015001018001001000000000000000000 | Y165: 1 | Z165: 17/02/2012 | AA165: 40956 | AB165: NO | AC165: Yes | AD165: 44651 | AE165: NA - Actual Cost | AF165: 6 | AG165: 0 | AH165: 0 | AI165: No Change | AL165: 1 | AN165: 1 | AO165: 0 | AP165: 2 - Good (46-70%) | AR165: Actual Cost | AS165: 2040.6 | AU165: 0 | AV165: 0 | AW165: 0 | AX165: 2040.6 | AY165: 113.36667 | AZ165: 0 | BC165: -1927.2333 | BE165: NO | BH165: -113.36667 | BI165: -9.4472222 | BK165: Straight line | BL165: 0 | BM165: -2040.6 | BR165: 0 | BS165: 0 | BW165: Purchased | BX165: Own funding | BZ165: M. Ndalamo
A166: NHC000840 | B166: Open Plan HR | C166: PPE | D166: Property, plant & equipment | E166: MOV | F166: Movable assets | G166: OTH | H166: FURNITURE AND FITTINGS | I166: OTH | J166: Other Assets | K166: Main offices | L166: Main offices | M166: OTH | N166: Steel Cabinet | O166: OTH | Q166: Steel Cabinet | R166: Cost Model | S166: Owned | T166: Core | U166: Other Assets | V166: Finance and Administration : Asset Management | W166: FX005002001000000000000000000000000 | X166: IA002015001018001001000000000000000000 | Y166: 1 | Z166: 17/02/2012 | AA166: 40956 | AB166: NO | AC166: Yes | AD166: 44651 | AE166: NA - Actual Cost | AF166: 6 | AG166: 0 | AH166: 0 | AI166: No Change | AL166: 1 | AN166: 1 | AO166: 0 | AP166: 2 - Good (46-70%) | AR166: Actual Cost | AS166: 2040.6 | AU166: 0 | AV166: 0 | AW166: 0 | AX166: 2040.6 | AY166: 113.36667 | AZ166: 0 | BC166: -1927.2333 | BE166: NO | BH166: -113.36667 | BI166: -9.4472222 | BK166: Straight line | BL166: 0 | BM166: -2040.6 | BR166: 0 | BS166: 0 | BW166: Purchased | BX166: Own funding | BZ166: M. Ndalamo
A167: NHC000860 | B167: Open plan co- business | C167: PPE | D167: Property, plant & equipment | E167: MOV | F167: Movable assets | G167: OTH | H167: FURNITURE AND FITTINGS | I167: OTH | J167: Other Assets | K167: Main offices | L167: Main offices | M167: OTH | N167: Wood Cabinet | O167: OTH | Q167: Wood Cabinet | R167: Cost Model | S167: Owned | T167: Core | U167: Other Assets | V167: Finance and Administration : Asset Management | W167: FX005002001000000000000000000000000 | X167: IA002015001018001001000000000000000000 | Y167: 1 | Z167: 17/02/2012 | AA167: 40956 | AB167: NO | AC167: Yes | AD167: 44651 | AE167: NA - Actual Cost | AF167: 6 | AG167: 0 | AH167: 0 | AI167: No Change | AL167: 1 | AN167: 1 | AO167: 0 | AP167: 1 - Very good (71-100%) | AR167: Actual Cost | AS167: 2793 | AU167: 0 | AV167: 0 | AW167: 0 | AX167: 2793 | AY167: 155.16667 | AZ167: 0 | BC167: -2637.8333 | BE167: NO | BH167: -155.16667 | BI167: -12.930556 | BK167: Straight line | BL167: 0 | BM167: -2793 | BR167: 0 | BS167: 0 | BW167: Purchased | BX167: Own funding | BZ167: S. Zimela
A168: NHC000813 | B168: R29 | C168: PPE | D168: Property, plant & equipment | E168: MOV | F168: Movable assets | G168: OTH | H168: FURNITURE AND FITTINGS | I168: OTH | J168: Other Assets | K168: Main offices | L168: Main offices | M168: OTH | N168: Wood Cabinet | O168: OTH | Q168: Wood Cabinet | R168: Cost Model | S168: Owned | T168: Core | U168: Other Assets | V168: Finance and Administration : Asset Management | W168: FX005002001000000000000000000000000 | X168: IA002015001018001001000000000000000000 | Y168: 1 | Z168: 17/02/2012 | AA168: 40956 | AB168: NO | AC168: Yes | AD168: 44651 | AE168: NA - Actual Cost | AF168: 6 | AG168: 0 | AH168: 0 | AI168: No Change | AL168: 1 | AN168: 1 | AO168: 0 | AP168: 3 - Fair (26-45%) | AR168: Actual Cost | AS168: 2793 | AU168: 0 | AV168: 0 | AW168: 0 | AX168: 2793 | AY168: 155.16667 | AZ168: 0 | BC168: -2637.8333 | BE168: NO | BH168: -155.16667 | BI168: -12.930556 | BK168: Straight line | BL168: 0 | BM168: -2793 | BR168: 0 | BS168: 0 | BW168: Purchased | BX168: Own funding | BZ168: A. Mulaudzi
A169: NHC000876 | B169: Open plan finance | C169: PPE | D169: Property, plant & equipment | E169: MOV | F169: Movable assets | G169: OTH | H169: FURNITURE AND FITTINGS | I169: OTH | J169: Other Assets | K169: Main offices | L169: Main offices | M169: OTH | N169: Work Station (Desk) | O169: OTH | Q169: Work Station (Desk) | R169: Cost Model | S169: Owned | T169: Core | U169: Other Assets | V169: Finance and Administration : Asset Management | W169: FX005002001000000000000000000000000 | X169: IA002015001018001001000000000000000000 | Y169: 1 | Z169: 17/02/2012 | AA169: 40956 | AB169: NO | AC169: Yes | AD169: 44651 | AE169: NA - Actual Cost | AF169: 6 | AG169: 0 | AH169: 0 | AI169: No Change | AL169: 1 | AN169: 1 | AO169: 0 | AP169: 2 - Good (46-70%) | AR169: Actual Cost | AS169: 3203.4 | AU169: 0 | AV169: 0 | AW169: 0 | AX169: 3203.4 | AY169: 177.96667 | AZ169: 0 | BC169: -3025.4333 | BE169: NO | BH169: -177.96667 | BI169: -14.830556 | BK169: Straight line | BL169: 0 | BM169: -3203.4 | BR169: 0 | BS169: 0 | BW169: Purchased | BX169: Own funding | BZ169: L.Mashilo
A170: NHC000890 | B170: R13 CEO Offce | C170: PPE | D170: Property, plant & equipment | E170: MOV | F170: Movable assets | G170: OTH | H170: FURNITURE AND FITTINGS | I170: OTH | J170: Other Assets | K170: Main offices | L170: Main offices | M170: OTH | N170: Wiston W/B Couch | O170: OTH | Q170: Wiston W/B Couch | R170: Cost Model | S170: Owned | T170: Core | U170: Other Assets | V170: Finance and Administration : Asset Management | W170: FX005002001000000000000000000000000 | X170: IA002015001018001001000000000000000000 | Y170: 1 | Z170: 09/03/2012 | AA170: 40977 | AB170: NO | AC170: Yes | AD170: 44651 | AE170: NA - Actual Cost | AF170: 6 | AG170: 0 | AH170: 0 | AI170: No Change | AL170: 1 | AN170: 1 | AO170: 0 | AP170: 2 - Good (46-70%) | AR170: Actual Cost | AS170: 2311.5 | AU170: 0 | AV170: 0 | AW170: 0 | AX170: 2311.5 | AY170: 128.41667 | AZ170: 0 | BC170: -2183.0833 | BE170: NO | BH170: -128.41667 | BI170: -10.701389 | BK170: Straight line | BL170: 0 | BM170: -2311.5 | BR170: 0 | BS170: 0 | BW170: Purchased | BX170: Own funding | BZ170: T. Manetsi
A171: NHC000525 | B171: R25 | C171: PPE | D171: Property, plant & equipment | E171: MOV | F171: Movable assets | G171: OTH | H171: FURNITURE AND FITTINGS | I171: OTH | J171: Other Assets | K171: Main offices | L171: Main offices | M171: OTH | N171: Hinged Door Cabinet | O171: OTH | Q171: Hinged Door Cabinet | R171: Cost Model | S171: Owned | T171: Core | U171: Other Assets | V171: Finance and Administration : Asset Management | W171: FX005002001000000000000000000000000 | X171: IA002015001018001001000000000000000000 | Y171: 1 | Z171: 31/07/2009 | AA171: 40025 | AB171: NO | AC171: Yes | AD171: 44651 | AE171: NA - Actual Cost | AF171: 6 | AG171: 0 | AH171: 0 | AI171: No Change | AL171: 1 | AN171: 1 | AO171: 0 | AP171: 2 - Good (46-70%) | AR171: Actual Cost | AS171: 3505.5 | AU171: 0 | AV171: 0 | AW171: 0 | AX171: 3505.5 | AY171: 194.75 | AZ171: 0 | BC171: -3310.75 | BE171: NO | BH171: -194.75 | BI171: -16.229167 | BK171: Straight line | BL171: 0 | BM171: -3505.5 | BR171: 0 | BS171: 0 | BW171: Purchased | BX171: Own funding | BZ171: L. Mphafe
A172: NHC 000277 | B172: R27 | C172: PPE | D172: Property, plant & equipment | E172: MOV | F172: Movable assets | G172: OTH | H172: FURNITURE AND FITTINGS | I172: OTH | J172: Other Assets | K172: Main offices | L172: Main offices | M172: OTH | N172: Rhodes Chair Leather | O172: OTH | Q172: Rhodes Chair Leather | R172: Cost Model | S172: Owned | T172: Core | U172: Other Assets | V172: Finance and Administration : Asset Management | W172: FX005002001000000000000000000000000 | X172: IA002015001018001001000000000000000000 | Y172: 1 | Z172: 09/09/2005 | AA172: 38604 | AB172: NO | AC172: Yes | AD172: 44651 | AE172: NA - Actual Cost | AF172: 6 | AG172: 0 | AH172: 0 | AI172: No Change | AL172: 1 | AN172: 1 | AO172: 0 | AP172: 2 - Good (46-70%) | AR172: Actual Cost | AS172: 2052 | AU172: 0 | AV172: 0 | AW172: 0 | AX172: 2052 | AY172: 114 | AZ172: 0 | BC172: -1938 | BE172: NO | BH172: -114 | BI172: -9.5 | BK172: Straight line | BL172: 0 | BM172: -2052 | BR172: 0 | BS172: 0 | BW172: Purchased | BX172: Own funding | BZ172: B. Maqasela
A173: NHC 000246 | B173: Open plan co- business | C173: PPE | D173: Property, plant & equipment | E173: MOV | F173: Movable assets | G173: OTH | H173: FURNITURE AND FITTINGS | I173: OTH | J173: Other Assets | K173: Main offices | L173: Main offices | M173: OTH | N173: Visitors chair Leather | O173: OTH | Q173: Visitors chair Leather | R173: Cost Model | S173: Owned | T173: Core | U173: Other Assets | V173: Finance and Administration : Asset Management | W173: FX005002001000000000000000000000000 | X173: IA002015001018001001000000000000000000 | Y173: 1 | Z173: 13/09/2005 | AA173: 38608 | AB173: NO | AC173: Yes | AD173: 44651 | AE173: NA - Actual Cost | AF173: 6 | AG173: 0 | AH173: 0 | AI173: No Change | AL173: 1 | AN173: 1 | AO173: 0 | AP173: 2 - Good (46-70%) | AR173: Actual Cost | AS173: 2237 | AU173: 0 | AV173: 0 | AW173: 0 | AX173: 2237 | AY173: 124.27778 | AZ173: 0 | BC173: -2112.7222 | BE173: NO | BH173: -124.27778 | BI173: -10.356481 | BK173: Straight line | BL173: 0 | BM173: -2237 | BR173: 0 | BS173: 0 | BW173: Purchased | BX173: Own funding | BZ173: T. Maso
A174: NHC 000262 | B174: R15 executive office | C174: PPE | D174: Property, plant & equipment | E174: MOV | F174: Movable assets | G174: OTH | H174: FURNITURE AND FITTINGS | I174: OTH | J174: Other Assets | K174: Main offices | L174: Main offices | M174: OTH | N174: Visitors chair Leather | O174: OTH | Q174: Visitors chair Leather | R174: Cost Model | S174: Owned | T174: Core | U174: Other Assets | V174: Finance and Administration : Asset Management | W174: FX005002001000000000000000000000000 | X174: IA002015001018001001000000000000000000 | Y174: 1 | Z174: 13/09/2005 | AA174: 38608 | AB174: NO | AC174: Yes | AD174: 44651 | AE174: NA - Actual Cost | AF174: 6 | AG174: 0 | AH174: 0 | AI174: No Change | AL174: 1 | AN174: 1 | AO174: 0 | AP174: 2 - Good (46-70%) | AR174: Actual Cost | AS174: 2237 | AU174: 0 | AV174: 0 | AW174: 0 | AX174: 2237 | AY174: 124.27778 | AZ174: 0 | BC174: -2112.7222 | BE174: NO | BH174: -124.27778 | BI174: -10.356481 | BK174: Straight line | BL174: 0 | BM174: -2237 | BR174: 0 | BS174: 0 | BW174: Purchased | BX174: Own funding | BZ174: C. Van Huyssteen
... A179: NHC000662 | B179: R22 | C179: PPE | D179: Property, plant & equipment | E179: MOV | F179: Movable assets | G179: OTH | H179: FURNITURE AND FITTINGS | I179: OTH | J179: Other Assets | K179: Main offices | L179: Main offices | M179: OTH | N179: CHAIR HIGHBACK LEATHER | O179: OTH | Q179: CHAIR HIGHBACK LEATHER | R179: Cost Model | S179: Owned | T179: Core | U179: Other Assets | V179: Finance and Administration : Asset Management | W179: FX005002001000000000000000000000000 | X179: IA002015001018001001000000000000000000 | Y179: 1 | Z179: 16/09/2013 | AA179: 41533 | AB179: NO | AC179: Yes | AD179: 44651 | AE179: NA - Actual Cost | AF179: 6 | AG179: 0 | AH179: 0 | AI179: No Change | AL179: 1 | AN179: 1 | AO179: 0 | AP179: 2 - Good (46-70%) | AR179: Actual Cost | AS179: 4250 | AU179: 0 | AV179: 0 | AW179: 0 | AX179: 4250 | AY179: 236.11111 | AZ179: 0 | BC179: -4013.8889 | BE179: NO | BH179: -236.11111 | BI179: -19.675926 | BK179: Straight line | BL179: 0 | BM179: -4250 | BR179: 0 | BS179: 0 | BW179: Purchased | BX179: Own funding | BZ179: S.P Pudikabekwa
A180: NHC000909 | B180: 0 | C180: PPE | D180: Property, plant & equipment | E180: MOV | F180: Movable assets | G180: OTH | H180: FURNITURE AND FITTINGS | I180: OTH | J180: Other Assets | K180: Main offices | L180: Main offices | M180: OTH | N180: CHAIR VISITORS | O180: OTH | Q180: CHAIR VISITORS | R180: Cost Model | S180: Owned | T180: Core | U180: Other Assets | V180: Finance and Administration : Asset Management | W180: FX005002001000000000000000000000000 | X180: IA002015001018001001000000000000000000 | Y180: 1 | Z180: 16/09/2013 | AA180: 41533 | AB180: NO | AC180: Yes | AD180: 44651 | AE180: NA - Actual Cost | AF180: 6 | AG180: 0 | AH180: 0 | AI180: No Change | AL180: 1 | AN180: 1 | AO180: 0 | AP180: 0 | AR180: Actual Cost | AS180: 1600 | AU180: 0 | AV180: 0 | AW180: 0 | AX180: 1600 | AY180: 88.888889 | AZ180: 0 | BC180: -1511.1111 | BE180: NO | BH180: -88.888889 | BI180: -7.4074074 | BK180: Straight line | BL180: 0 | BM180: -1600 | BR180: 0 | BS180: 0 | BW180: Purchased | BX180: Own funding | BZ180: 0
A181: NHC000915 | B181: Open plan co- business | C181: PPE | D181: Property, plant & equipment | E181: MOV | F181: Movable assets | G181: OTH | H181: FURNITURE AND FITTINGS | I181: OTH | J181: Other Assets | K181: Main offices | L181: Main offices | M181: OTH | N181: TABLE ROUND CONFERENCE | O181: OTH | Q181: TABLE ROUND CONFERENCE | R181: Cost Model | S181: Owned | T181: Core | U181: Other Assets | V181: Finance and Administration : Asset Management | W181: FX005002001000000000000000000000000 | X181: IA002015001018001001000000000000000000 | Y181: 1 | Z181: 08/11/2013 | AA181: 41586 | AB181: NO | AC181: Yes | AD181: 44651 | AE181: NA - Actual Cost | AF181: 6 | AG181: 0 | AH181: 0 | AI181: No Change | AL181: 1 | AN181: 1 | AO181: 0 | AP181: 2 - Good (46-70%) | AR181: Actual Cost | AS181: 4900 | AU181: 0 | AV181: 0 | AW181: 0 | AX181: 4900 | AY181: 272.22222 | AZ181: 0 | BC181: -4627.7778 | BE181: NO | BH181: -272.22222 | BI181: -22.685185 | BK181: Straight line | BL181: 0 | BM181: -4900 | BR181: 0 | BS181: 0 | BW181: Purchased | BX181: Own funding | BZ181: T. Maso
A182: NHC000681 | B182: R3 | C182: PPE | D182: Property, plant & equipment | E182: MOV | F182: Movable assets | G182: OTH | H182: FURNITURE AND FITTINGS | I182: OTH | J182: Other Assets | K182: Main offices | L182: Main offices | M182: OTH | N182: CHAIR HIGHBACK LEATHER | O182: OTH | Q182: CHAIR HIGHBACK LEATHER | R182: Cost Model | S182: Owned | T182: Core | U182: Other Assets | V182: Finance and Administration : Asset Management | W182: FX005002001000000000000000000000000 | X182: IA002015001018001001000000000000000000 | Y182: 1 | Z182: 16/09/2013 | AA182: 41533 | AB182: NO | AC182: Yes | AD182: 44651 | AE182: NA - Actual Cost | AF182: 6 | AG182: 0 | AH182: 0 | AI182: No Change | AL182: 1 | AN182: 1 | AO182: 0 | AP182: 2 - Good (46-70%) | AR182: Actual Cost | AS182: 4250 | AU182: 0 | AV182: 0 | AW182: 0 | AX182: 4250 | AY182: 236.11111 | AZ182: 0 | BC182: -4013.8889 | BE182: NO | BH182: -236.11111 | BI182: -19.675926 | BK182: Straight line | BL182: 0 | BM182: -4250 | BR182: 0 | BS182: 0 | BW182: Purchased | BX182: Own funding | BZ182: M. Manenzhe
A183: NHC000905 | B183: R30 | C183: PPE | D183: Property, plant & equipment | E183: MOV | F183: Movable assets | G183: OTH | H183: FURNITURE AND FITTINGS | I183: OTH | J183: Other Assets | K183: Main offices | L183: Main offices | M183: OTH | N183: CHAIR HIGHBACK LEATHER | O183: OTH | Q183: CHAIR HIGHBACK LEATHER | R183: Cost Model | S183: Owned | T183: Core | U183: Other Assets | V183: Finance and Administration : Asset Management | W183: FX005002001000000000000000000000000 | X183: IA002015001018001001000000000000000000 | Y183: 1 | Z183: 16/09/2013 | AA183: 41533 | AB183: NO | AC183: Yes | AD183: 44651 | AE183: NA - Actual Cost | AF183: 6 | AG183: 0 | AH183: 0 | AI183: No Change | AL183: 1 | AN183: 1 | AO183: 0 | AP183: 2 - Good (46-70%) | AR183: Actual Cost | AS183: 4250 | AU183: 0 | AV183: 0 | AW183: 0 | AX183: 4250 | AY183: 236.11111 | AZ183: 0 | BC183: -4013.8889 | BE183: NO | BH183: -236.11111 | BI183: -19.675926 | BK183: Straight line | BL183: 0 | BM183: -4250 | BR183: 0 | BS183: 0 | BW183: Purchased | BX183: Own funding | BZ183: S.skenjana
A184: NHC000670 | B184: Open Plan Co business | C184: PPE | D184: Property, plant & equipment | E184: MOV | F184: Movable assets | G184: OTH | H184: FURNITURE AND FITTINGS | I184: OTH | J184: Other Assets | K184: Main offices | L184: Main offices | M184: OTH | N184: CHAIR HIGHBACK LEATHER | O184: OTH | Q184: CHAIR HIGHBACK LEATHER | R184: Cost Model | S184: Owned | T184: Core | U184: Other Assets | V184: Finance and Administration : Asset Management | W184: FX005002001000000000000000000000000 | X184: IA002015001018001001000000000000000000 | Y184: 1 | Z184: 16/09/2013 | AA184: 41533 | AB184: NO | AC184: Yes | AD184: 44651 | AE184: NA - Actual Cost | AF184: 6 | AG184: 0 | AH184: 0 | AI184: No Change | AL184: 1 | AN184: 1 | AO184: 0 | AP184: 4 - Poor (11-25%) | AR184: Actual Cost | AS184: 4250 | AU184: 0 | AV184: 0 | AW184: 0 | AX184: 4250 | AY184: 236.11111 | AZ184: 0 | BC184: -4013.8889 | BE184: NO | BH184: -236.11111 | BI184: -19.675926 | BK184: Straight line | BL184: 0 | BM184: -4250 | BR184: 0 | BS184: 0 | BW184: Purchased | BX184: Own funding | BZ184: R. Mandiwana
A185: NHC000658 | B185: Open Plan Risk | C185: PPE | D185: Property, plant & equipment | E185: MOV | F185: Movable assets | G185: OTH | H185: FURNITURE AND FITTINGS | I185: OTH | J185: Other Assets | K185: Main offices | L185: Main offices | M185: OTH | N185: CHAIR HIGHBACK LEATHER | O185: OTH | Q185: CHAIR HIGHBACK LEATHER | R185: Cost Model | S185: Owned | T185: Core | U185: Other Assets | V185: Finance and Administration : Asset Management | W185: FX005002001000000000000000000000000 | X185: IA002015001018001001000000000000000000 | Y185: 1 | Z185: 16/09/2013 | AA185: 41533 | AB185: NO | AC185: Yes | AD185: 44651 | AE185: NA - Actual Cost | AF185: 6 | AG185: 0 | AH185: 0 | AI185: No Change | AL185: 1 | AN185: 1 | AO185: 0 | AP185: 2 - Good (46-70%) | AR185: Actual Cost | AS185: 4250 | AU185: 0 | AV185: 0 | AW185: 0 | AX185: 4250 | AY185: 236.11111 | AZ185: 0 | BC185: -4013.8889 | BE185: NO | BH185: -236.11111 | BI185: -19.675926 | BK185: Straight line | BL185: 0 | BM185: -4250 | BR185: 0 | BS185: 0 | BW185: Purchased | BX185: Own funding | BZ185: M. Ngwaila
A186: NHC000661 | B186: R10 executive office | C186: PPE | D186: Property, plant & equipment | E186: MOV | F186: Movable assets | G186: OTH | H186: FURNITURE AND FITTINGS | I186: OTH | J186: Other Assets | K186: Main offices | L186: Main offices | M186: OTH | N186: CHAIR HIGHBACK LEATHER | O186: OTH | Q186: CHAIR HIGHBACK LEATHER | R186: Cost Model | S186: Owned | T186: Core | U186: Other Assets | V186: Finance and Administration : Asset Management | W186: FX005002001000000000000000000000000 | X186: IA002015001018001001000000000000000000 | Y186: 1 | Z186: 16/09/2013 | AA186: 41533 | AB186: NO | AC186: Yes | AD186: 44651 | AE186: NA - Actual Cost | AF186: 6 | AG186: 0 | AH186: 0 | AI186: No Change | AL186: 1 | AN186: 1 | AO186: 0 | AP186: 2 - Good (46-70%) | AR186: Actual Cost | AS186: 4250 | AU186: 0 | AV186: 0 | AW186: 0 | AX186: 4250 | AY186: 236.11111 | AZ186: 0 | BC186: -4013.8889 | BE186: NO | BH186: -236.11111 | BI186: -19.675926 | BK186: Straight line | BL186: 0 | BM186: -4250 | BR186: 0 | BS186: 0 | BW186: Purchased | BX186: Own funding | BZ186: M Chamane
A187: NHC000668 | B187: Open Plan core business | C187: PPE | D187: Property, plant & equipment | E187: MOV | F187: Movable assets | G187: OTH | H187: FURNITURE AND FITTINGS | I187: OTH | J187: Other Assets | K187: Main offices | L187: Main offices | M187: OTH | N187: CHAIR HIGHBACL LEATHER | O187: OTH | Q187: CHAIR HIGHBACL LEATHER | R187: Cost Model | S187: Owned | T187: Core | U187: Other Assets | V187: Finance and Administration : Asset Management | W187: FX005002001000000000000000000000000 | X187: IA002015001018001001000000000000000000 | Y187: 1 | Z187: 16/09/2013 | AA187: 41533 | AB187: NO | AC187: Yes | AD187: 44651 | AE187: NA - Actual Cost | AF187: 6 | AG187: 0 | AH187: 0 | AI187: No Change | AL187: 1 | AN187: 1 | AO187: 0 | AP187: 4 - Poor (11-25%) | AR187: Actual Cost | AS187: 4250 | AU187: 0 | AV187: 0 | AW187: 0 | AX187: 4250 | AY187: 236.11111 | AZ187: 0 | BC187: -4013.8889 | BE187: NO | BH187: -236.11111 | BI187: -19.675926 | BK187: Straight line | BL187: 0 | BM187: -4250 | BR187: 0 | BS187: 0 | BW187: Purchased | BX187: Own funding | BZ187: M. Maponya
...

Sheet Detail2
A1: Details for Sum of Additions capitalised (@actual cost) - Sub class Item: Other Assets, Asset Sub Category (Level 3): COMPUTER EQUIPMENT, Asset Category (Level 2): Movable assets
A3: Component ID/ Bar code | B3: ROOM ID | C3: Code1 | D3: Accounting Group (Level 1) | E3: Code2 | F3: Asset Category (Level 2) | G3: Code3 | H3: Asset Sub Category (Level 3) | I3: Code4 | J3: Asset Group (Level 4) | K3: Asset Facility Sub-name / Area | L3: LOCATION | M3: Code5 | N3: Asset Type (Level 5) | O3: Code6 | P3: Asset Component (Level 6) | Q3: Descriptor Selection | R3: Accounting model applied | S3: Ownership | T3: Function importance | U3: Sub class Item | V3: MSCOA Function Class | W3: SCOA Function Code | X3: mSCOA Asset ID | Y3: Extent | Z3: Purchase Date | AA3: Take-On Date [dd-mm-yy] | AB3: Leased? | AC3: Movable asset? | AD3: Reporting date | AE3: Cost unit rate [@ recognition date] | AF3: EUL | AG3: Residual % | AH3: Residual Value | AI3: Accounting Policy Change confirmation | AJ3: Years utilised in Days | AK3: Years utilised in Years | AL3: Opening RUL | AM3: RUL Adjustment | AN3: Opening RUL 30 June 2026 | AO3: Closing RUL - June 2026 | AP3: Condition Rate | AQ3: Condition | AR3: Valuation method | AS3: Cost Price (opening balance) | AT3: Additions capitalised (@actual cost) | AU3: Revaluation Adjustment Cost | AV3: Derecognitions [-] | AW3: Derecognition costs | AX3: Cost Price (closing balance) | AY3: Carrying value (opening balance) | AZ3: Revaluation Value | BA3: Provision on rehabilitation cost | BB3: Fairvalue adjustment | BC3: Accumulated depreciation (Opening balance) | BD3: Revaluation adjustment Opening Accumulative depreciation | BE3: Change in Accounting Policy | BF3: Error Comments | BG3: Correction of RUL errors | BH3: Depreciation YTD | BI3: Monthly depreciation | BJ3: Change in useful life effect | BK3: Depreciation Method | BL3: Derecognitions (acc dep) [+] | BM3: Accumulated depreciation (Closing balance) | BN3: Accumulated impairments (Opening balance) | BO3: Revaluation adjustment: Opening Accumulative impairments | BP3: Annual impairment | BQ3: Derecognition Impairment balance [+] | BR3: Accumulated impairments (Closing balance) | BS3: Carrying value (closing balance) | BT3: Derecognitions date | BU3: Depreciation if no impairment took place - Depreciation | BV3: Depreciation if no impairment took place - Accumulative total | BW3: Method Acquired | BX3: Funding type | BY3: DEPARTMENT | BZ3: Asset Custodian/ Responsible Person | CA3: S/N | CB3: Make | CC3: Model | CD3: Insurance | CE3: Column1
B4: Council chamber | C4: PPE | D4: Property, plant & equipment | E4: MOV | F4: Movable assets | G4: OTH | H4: COMPUTER EQUIPMENT | I4: OTH | J4: Other Assets | K4: Main offices | L4: Main offices | M4: OTH | O4: OTH | R4: Cost Model | S4: Owned | T4: Core | U4: Other Assets | V4: Finance and Administration : Asset Management | W4: FX005002001000000000000000000000000 | X4: IA002015001018001001000000000000000000 | Y4: 1 | Z4: 45811 | AA4: 45811 | AB4: NO | AC4: Yes | AD4: 45747 | AE4: NA - Actual Cost | AF4: 5 | AG4: 0 | AH4: 0 | AI4: No Change | AJ4: 64 | AK4: 0.17534247 | AN4: 0 | AO4: 4.8246575 | AP4: 1 - Very good (71-100%) | AR4: Actual Cost | AT4: 10728.35 | AX4: 10728.35 | AY4: 0 | BC4: 0 | BE4: NO | BH4: -376.22707 | BI4: -31.352256 | BK4: Straight line | BM4: -376.22707 | BR4: 0 | BS4: 10352.123 | BT4: 0
A5: 1401 | B5: Open plan finance | C5: PPE | D5: Property, plant & equipment | E5: MOV | F5: Movable assets | G5: OTH | H5: COMPUTER EQUIPMENT | I5: OTH | J5: Other Assets | K5: Main offices | L5: Main offices | M5: OTH | N5: DELL LAPTOP/Tshepo | O5: OTH | Q5: DELL LAPTOP/Tshepo | R5: Cost Model | S5: Owned | T5: Core | U5: Other Assets | V5: Finance and Administration : Asset Management | W5: FX005002001000000000000000000000000 | X5: IA002015001018001001000000000000000000 | Y5: 1 | Z5: 12/01/2022 | AA5: 44573 | AB5: NO | AC5: Yes | AD5: 44651 | AE5: NA - Actual Cost | AF5: 3 | AG5: 0 | AH5: 0 | AI5: No Change | AL5: 2.5369863 | AN5: 3.5369863 | AO5: 2.5369863 | AP5: 2 - Good (46-70%) | AR5: Actual Cost | AS5: 30630.25 | AU5: 0 | AV5: 0 | AW5: 0 | AX5: 30630.25 | AY5: 12362.15 | BC5: -18268.1 | BE5: NO | BH5: -3495.1081 | BI5: -291.25901 | BK5: Straight line | BM5: -21763.209 | BR5: 0 | BS5: 8867.0414 | BZ5: Tshepo | CE5: 0
A6: 001957 | B6: CM | C6: PPE | D6: Property, plant & equipment | E6: MOV | F6: Movable assets | G6: OTH | H6: COMPUTER EQUIPMENT | I6: OTH | J6: Other Assets | K6: Main offices | L6: Main offices | M6: OTH | N6: Macbook - Bongiwe Mthombeni | O6: OTH | Q6: Macbook - Bongiwe Mthombeni | R6: Cost Model | S6: Owned | T6: Core | U6: Other Assets | V6: Finance and Administration : Asset Management | W6: FX005002001000000000000000000000000 | X6: IA002015001018001001000000000000000000 | Y6: 1 | Z6: 10/06/2024 | AA6: 45453 | AB6: NO | AC6: Yes | AD6: 45747 | AE6: NA - Actual Cost | AF6: 6 | AG6: 0 | AH6: 0 | AI6: No Change | AJ6: 294 | AK6: 0.80547945 | AL6: 5.1945205 | AM6: 0 | AN6: 5.1945205 | AO6: 5.1945205 | AP6: 1 - Very good (71-100%) | AR6: Actual Cost | AS6: 52000 | AV6: 0 | AX6: 52000 | AY6: 45019.178 | BC6: -6980.8219 | BE6: NO | BH6: -8666.6667 | BI6: -722.22222 | BK6: Straight line | BM6: -15647.489 | BR6: 0 | BS6: 36352.511 | BT6: -6980.8219 | CE6: 0
B7: Server room finance | C7: PPE | D7: Property, plant & equipment | E7: MOV | F7: Movable assets | G7: OTH | H7: COMPUTER EQUIPMENT | I7: OTH | J7: Other Assets | K7: Main offices | L7: Main offices | M7: OTH | N7: Server Equipment | O7: OTH | Q7: Server Equipment | R7: Cost Model | S7: Owned | T7: Core | U7: Other Assets | V7: Finance and Administration : Asset Management | W7: FX005002001000000000000000000000000 | X7: IA002015001018001001000000000000000000 | Y7: 1 | Z7: 27/08/2024 | AA7: 45531 | AB7: NO | AC7: Yes | AD7: 45747 | AE7: NA - Actual Cost | AF7: 6 | AG7: 0 | AH7: 0 | AI7: No Change | AJ7: 216 | AK7: 0.59178082 | AL7: 5.4082192 | AM7: 0 | AN7: 5.4082192 | AO7: 5.4082192 | AP7: 1 - Very good (71-100%) | AR7: Actual Cost | AS7: 4633070.9 | AV7: 0 | AX7: 4633070.9 | AY7: 4176110.5 | BC7: -456960.42 | BE7: NO | BH7: -772178.48 | BI7: -64348.207 | BK7: Straight line | BM7: -1229138.9 | BR7: 0 | BS7: 3403932 | BT7: -456960.42 | CE7: 0
A8: 001970 | B8: CM | C8: PPE | D8: Property, plant & equipment | E8: MOV | F8: Movable assets | G8: OTH | H8: COMPUTER EQUIPMENT | I8: OTH | J8: Other Assets | K8: Main offices | L8: Main offices | M8: OTH | N8: Macbook - CM Chairperson Masemola | O8: OTH | Q8: Macbook - CM Chairperson Masemola | R8: Cost Model | S8: Owned | T8: Core | U8: Other Assets | V8: Finance and Administration : Asset Management | W8: FX005002001000000000000000000000000 | X8: IA002015001018001001000000000000000000 | Y8: 1 | Z8: 10/06/2024 | AA8: 45453 | AB8: NO | AC8: Yes | AD8: 45747 | AE8: NA - Actual Cost | AF8: 6 | AG8: 0 | AH8: 0 | AI8: No Change | AJ8: 294 | AK8: 0.80547945 | AL8: 5.1945205 | AM8: 0 | AN8: 5.1945205 | AO8: 5.1945205 | AP8: 1 - Very good (71-100%) | AR8: Actual Cost | AS8: 52000 | AV8: 0 | AX8: 52000 | AY8: 45019.178 | BC8: -6980.8219 | BE8: NO | BH8: -8666.6667 | BI8: -722.22222 | BK8: Straight line | BM8: -15647.489 | BR8: 0 | BS8: 36352.511 | BT8: -6980.8219 | CE8: 0
A9: 1976 | B9: 2 | C9: PPE | D9: Property, plant & equipment | E9: MOV | F9: Movable assets | G9: OTH | H9: COMPUTER EQUIPMENT | I9: OTH | J9: Other Assets | K9: Main offices | L9: Main offices | M9: OTH | N9: Macbook - Nceba Gawula | O9: OTH | Q9: Macbook - Nceba Gawula | R9: Cost Model | S9: Owned | T9: Core | U9: Other Assets | V9: Finance and Administration : Asset Management | W9: FX005002001000000000000000000000000 | X9: IA002015001018001001000000000000000000 | Y9: 1 | Z9: 10/06/2024 | AA9: 45453 | AB9: NO | AC9: Yes | AD9: 45747 | AE9: NA - Actual Cost | AF9: 6 | AG9: 0 | AH9: 0 | AI9: No Change | AJ9: 294 | AK9: 0.80547945 | AL9: 5.1945205 | AM9: 0 | AN9: 5.1945205 | AO9: 5.1945205 | AP9: 1 - Very good (71-100%) | AR9: Actual Cost | AS9: 52000 | AV9: 0 | AX9: 52000 | AY9: 45019.178 | BC9: -6980.8219 | BE9: NO | BH9: -8666.6667 | BI9: -722.22222 | BK9: Straight line | BM9: -15647.489 | BR9: 0 | BS9: 36352.511 | BT9: -6980.8219 | CE9: 0
A10: 001948 | B10: CEO | C10: PPE | D10: Property, plant & equipment | E10: MOV | F10: Movable assets | G10: OTH | H10: COMPUTER EQUIPMENT | I10: OTH | J10: Other Assets | K10: Main offices | L10: Main offices | M10: OTH | N10: Macbook - CM Chairperson Edgar | O10: OTH | Q10: Macbook - CM Chairperson Edgar | R10: Cost Model | S10: Owned | T10: Core | U10: Other Assets | V10: Finance and Administration : Asset Management | W10: FX005002001000000000000000000000000 | X10: IA002015001018001001000000000000000000 | Y10: 1 | Z10: 10/06/2024 | AA10: 45453 | AB10: NO | AC10: Yes | AD10: 45747 | AE10: NA - Actual Cost | AF10: 6 | AG10: 0 | AH10: 0 | AI10: No Change | AJ10: 294 | AK10: 0.80547945 | AL10: 5.1945205 | AM10: 0 | AN10: 5.1945205 | AO10: 5.1945205 | AP10: 1 - Very good (71-100%) | AR10: Actual Cost | AS10: 52000 | AV10: 0 | AX10: 52000 | AY10: 8900 | BC10: -6980.8219 | BE10: NO | BH10: -1713.3439 | BI10: -142.77866 | BK10: Straight line | BL10: 0 | BM10: -8694.1658 | BN10: -36119.178 | BO10: 0 | BR10: -36119.178 | BS10: 7186.6561 | BT10: -6980.8219 | BZ10: CEO - Edger | CE10: 0
A11: 001968 | B11: Open Plan Finance | C11: PPE | D11: Property, plant & equipment | E11: MOV | F11: Movable assets | G11: OTH | H11: COMPUTER EQUIPMENT | I11: OTH | J11: Other Assets | K11: Main offices | L11: Main offices | M11: OTH | N11: Lenovo Laptop - Kleinbooi Mashilo | O11: OTH | Q11: Lenovo Laptop - Kleinbooi Mashilo | R11: Cost Model | S11: Owned | T11: Core | U11: Other Assets | V11: Finance and Administration : Asset Management | W11: FX005002001000000000000000000000000 | X11: IA002015001018001001000000000000000000 | Y11: 1 | Z11: 10/06/2024 | AA11: 45453 | AB11: NO | AC11: Yes | AD11: 45747 | AE11: NA - Actual Cost | AF11: 6 | AG11: 0 | AH11: 0 | AI11: No Change | AJ11: 294 | AK11: 0.80547945 | AL11: 5.1945205 | AM11: 0 | AN11: 5.1945205 | AO11: 5.1945205 | AP11: 1 - Very good (71-100%) | AR11: Actual Cost | AS11: 29000 | AX11: 29000 | AY11: 25106.849 | AZ11: 0 | BC11: -3893.1507 | BE11: NO | BH11: -4833.3333 | BI11: -402.77778 | BK11: Straight line | BL11: 0 | BM11: -8726.484 | BR11: 0 | BS11: 20273.516 | BV11: PW08SYQN82Y00054SA | CE11: 0
A12: 001960 | B12: ICT Room | C12: PPE | D12: Property, plant & equipment | E12: MOV | F12: Movable assets | G12: OTH | H12: COMPUTER EQUIPMENT | I12: OTH | J12: Other Assets | K12: Main offices | L12: Main offices | M12: OTH | N12: Lenovo Laptop - Andiswa Mbuli | O12: OTH | Q12: Lenovo Laptop - Andiswa Mbuli | R12: Cost Model | S12: Owned | T12: Core | U12: Other Assets | V12: Finance and Administration : Asset Management | W12: FX005002001000000000000000000000000 | X12: IA002015001018001001000000000000000000 | Y12: 1 | Z12: 10/06/2024 | AA12: 45453 | AB12: NO | AC12: Yes | AD12: 45747 | AE12: NA - Actual Cost | AF12: 6 | AG12: 0 | AH12: 0 | AI12: No Change | AJ12: 294 | AK12: 0.80547945 | AL12: 5.1945205 | AM12: 0 | AN12: 5.1945205 | AO12: 5.1945205 | AP12: 1 - Very good (71-100%) | AR12: Actual Cost | AS12: 29000 | AX12: 29000 | AY12: 25106.849 | AZ12: 0 | BC12: -3893.1507 | BE12: NO | BH12: -4833.3333 | BI12: -402.77778 | BK12: Straight line | BL12: 0 | BM12: -8726.484 | BR12: 0 | BS12: 20273.516 | BV12: PW08SYQN82Y00054SA | CE12: 0
A13: 001700 | B13: Server room finance | C13: PPE | D13: Property, plant & equipment | E13: MOV | F13: Movable assets | G13: OTH | H13: COMPUTER EQUIPMENT | I13: OTH | J13: Other Assets | K13: Main offices | L13: Main offices | M13: OTH | N13: Lenovo laptop-N. Gawula | O13: OTH | Q13: Lenovo laptop-N. Gawula | R13: Cost Model | S13: Owned | T13: Core | U13: Other Assets | V13: Finance and Administration : Asset Management | W13: FX005002001000000000000000000000000 | X13: IA002015001018001001000000000000000000 | Y13: 1 | Z13: 18/02/2025 | AA13: 45706 | AB13: NO | AC13: Yes | AD13: 45747 | AE13: NA - Actual Cost | AF13: 6 | AG13: 0 | AH13: 0 | AI13: No Change | AJ13: 41 | AK13: 0.11232877 | AL13: 5.8876712 | AM13: 0 | AN13: 5.8876712 | AO13: 5.8876712 | AP13: 1 - Very good (71-100%) | AR13: Actual Cost | AS13: 26291 | AX13: 26291 | AY13: 26291 | AZ13: 0 | BC13: 0 | BE13: NO | BH13: -4465.4328 | BI13: -372.1194 | BK13: Straight line | BL13: 0 | BM13: -4465.4328 | BR13: 0 | BS13: 21825.567 | BT13: 0 | CA13: pW0DYF72PWN0B4A04008 | CE13: 0
A14: 001829 | B14: Server room finance | C14: PPE | D14: Property, plant & equipment | E14: MOV | F14: Movable assets | G14: OTH | H14: COMPUTER EQUIPMENT | I14: OTH | J14: Other Assets | K14: Main offices | L14: Main offices | M14: OTH | N14: Lenovo laptop-N. Gawula | O14: OTH | Q14: Lenovo laptop-N. Gawula | R14: Cost Model | S14: Owned | T14: Core | U14: Other Assets | V14: Finance and Administration : Asset Management | W14: FX005002001000000000000000000000000 | X14: IA002015001018001001000000000000000000 | Y14: 1 | Z14: 18/02/2025 | AA14: 45706 | AB14: NO | AC14: Yes | AD14: 45747 | AE14: NA - Actual Cost | AF14: 6 | AG14: 0 | AH14: 0 | AI14: No Change | AJ14: 41 | AK14: 0.11232877 | AL14: 5.8876712 | AM14: 0 | AN14: 5.8876712 | AO14: 5.8876712 | AP14: 1 - Very good (71-100%) | AR14: Actual Cost | AS14: 26291 | AX14: 26291 | AY14: 25798.794 | AZ14: 0 | BC14: -492.20594 | BE14: NO | BH14: -4381.8333 | BI14: -365.15278 | BK14: Straight line | BL14: 0 | BM14: -4874.0393 | BR14: 0 | BS14: 21416.961 | BT14: -492.20594 | CA14: pW0DYF7QPWN0B4A04008 | CE14: 0
A15: 001560 | B15: Server room finance | C15: PPE | D15: Property, plant & equipment | E15: MOV | F15: Movable assets | G15: OTH | H15: COMPUTER EQUIPMENT | I15: OTH | J15: Other Assets | K15: Main offices | L15: Main offices | M15: OTH | N15: Lenovo laptop-N. Gawula | O15: OTH | Q15: Lenovo laptop-N. Gawula | R15: Cost Model | S15: Owned | T15: Core | U15: Other Assets | V15: Finance and Administration : Asset Management | W15: FX005002001000000000000000000000000 | X15: IA002015001018001001000000000000000000 | Y15: 1 | Z15: 18/02/2025 | AA15: 45706 | AB15: NO | AC15: Yes | AD15: 45747 | AE15: NA - Actual Cost | AF15: 6 | AG15: 0 | AH15: 0 | AI15: No Change | AJ15: 41 | AK15: 0.11232877 | AL15: 5.8876712 | AM15: 0 | AN15: 5.8876712 | AO15: 5.8876712 | AP15: 1 - Very good (71-100%) | AR15: Actual Cost | AS15: 26291 | AX15: 26291 | AY15: 25798.794 | AZ15: 0 | BC15: -492.20594 | BE15: NO | BH15: -4381.8333 | BI15: -365.15278 | BK15: Straight line | BL15: 0 | BM15: -4874.0393 | BR15: 0 | BS15: 21416.961 | BT15: -492.20594 | CA15: pW0DYF7ZPWN0B4A04008 | CE15: 0
A16: 001531 | B16: Server room finance | C16: PPE | D16: Property, plant & equipment | E16: MOV | F16: Movable assets | G16: OTH | H16: COMPUTER EQUIPMENT | I16: OTH | J16: Other Assets | K16: Main offices | L16: Main offices | M16: OTH | N16: Lenovo laptop-N. Gawula | O16: OTH | Q16: Lenovo laptop-N. Gawula | R16: Cost Model | S16: Owned | T16: Core | U16: Other Assets | V16: Finance and Administration : Asset Management | W16: FX005002001000000000000000000000000 | X16: IA002015001018001001000000000000000000 | Y16: 1 | Z16: 18/02/2025 | AA16: 45706 | AB16: NO | AC16: Yes | AD16: 45747 | AE16: NA - Actual Cost | AF16: 6 | AG16: 0 | AH16: 0 | AI16: No Change | AJ16: 41 | AK16: 0.11232877 | AL16: 5.8876712 | AM16: 0 | AN16: 5.8876712 | AO16: 5.8876712 | AP16: 1 - Very good (71-100%) | AR16: Actual Cost | AS16: 26291 | AX16: 26291 | AY16: 25798.794 | AZ16: 0 | BC16: -492.20594 | BE16: NO | BH16: -4381.8333 | BI16: -365.15278 | BK16: Straight line | BL16: 0 | BM16: -4874.0393 | BR16: 0 | BS16: 21416.961 | BT16: -492.20594 | CE16: 0
A17: 001539 | B17: Server room finance | C17: PPE | D17: Property, plant & equipment | E17: MOV | F17: Movable assets | G17: OTH | H17: COMPUTER EQUIPMENT | I17: OTH | J17: Other Assets | K17: Main offices | L17: Main offices | M17: OTH | N17: Lenovo laptop-N. Gawula | O17: OTH | Q17: Lenovo laptop-N. Gawula | R17: Cost Model | S17: Owned | T17: Core | U17: Other Assets | V17: Finance and Administration : Asset Management | W17: FX005002001000000000000000000000000 | X17: IA002015001018001001000000000000000000 | Y17: 1 | Z17: 18/02/2025 | AA17: 45706 | AB17: NO | AC17: Yes | AD17: 45747 | AE17: NA - Actual Cost | AF17: 6 | AG17: 0 | AH17: 0 | AI17: No Change | AJ17: 41 | AK17: 0.11232877 | AL17: 5.8876712 | AM17: 0 | AN17: 5.8876712 | AO17: 5.8876712 | AP17: 1 - Very good (71-100%) | AR17: Actual Cost | AS17: 26291 | AX17: 26291 | AY17: 25798.794 | AZ17: 0 | BC17: -492.20594 | BE17: NO | BH17: -4381.8333 | BI17: -365.15278 | BK17: Straight line | BL17: 0 | BM17: -4874.0393 | BR17: 0 | BS17: 21416.961 | BT17: -492.20594 | CE17: 0
A18: 001996 | B18: Server room finance | C18: PPE | D18: Property, plant & equipment | E18: MOV | F18: Movable assets | G18: OTH | H18: COMPUTER EQUIPMENT | I18: OTH | J18: Other Assets | K18: Main offices | L18: Main offices | M18: OTH | N18: Lenovo laptop-N. Gawula | O18: OTH | Q18: Lenovo laptop-N. Gawula | R18: Cost Model | S18: Owned | T18: Core | U18: Other Assets | V18: Finance and Administration : Asset Management | W18: FX005002001000000000000000000000000 | X18: IA002015001018001001000000000000000000 | Y18: 1 | Z18: 18/02/2025 | AA18: 45706 | AB18: NO | AC18: Yes | AD18: 45747 | AE18: NA - Actual Cost | AF18: 6 | AG18: 0 | AH18: 0 | AI18: No Change | AJ18: 41 | AK18: 0.11232877 | AL18: 5.8876712 | AM18: 0 | AN18: 5.8876712 | AO18: 5.8876712 | AP18: 1 - Very good (71-100%) | AR18: Actual Cost | AS18: 26291 | AX18: 26291 | AY18: 25798.794 | AZ18: 0 | BC18: -492.20594 | BE18: NO | BH18: -4381.8333 | BI18: -365.15278 | BK18: Straight line | BL18: 0 | BM18: -4874.0393 | BR18: 0 | BS18: 21416.961 | BT18: -492.20594 | CE18: 0
A19: 001528 | B19: Server room finance | C19: PPE | D19: Property, plant & equipment | E19: MOV | F19: Movable assets | G19: OTH | H19: COMPUTER EQUIPMENT | I19: OTH | J19: Other Assets | K19: Main offices | L19: Main offices | M19: OTH | N19: Lenovo laptop-N. Gawula | O19: OTH | Q19: Lenovo laptop-N. Gawula | R19: Cost Model | S19: Owned | T19: Core | U19: Other Assets | V19: Finance and Administration : Asset Management | W19: FX005002001000000000000000000000000 | X19: IA002015001018001001000000000000000000 | Y19: 1 | Z19: 18/02/2025 | AA19: 45706 | AB19: NO | AC19: Yes | AD19: 45747 | AE19: NA - Actual Cost | AF19: 6 | AG19: 0 | AH19: 0 | AI19: No Change | AJ19: 41 | AK19: 0.11232877 | AL19: 5.8876712 | AM19: 0 | AN19: 5.8876712 | AO19: 5.8876712 | AP19: 1 - Very good (71-100%) | AR19: Actual Cost | AS19: 26291 | AX19: 26291 | AY19: 25798.794 | AZ19: 0 | BC19: -492.20594 | BE19: NO | BH19: -4381.8333 | BI19: -365.15278 | BK19: Straight line | BL19: 0 | BM19: -4874.0393 | BR19: 0 | BS19: 21416.961 | BT19: -492.20594 | CE19: 0
A20: 001923 | B20: Server room finance | C20: PPE | D20: Property, plant & equipment | E20: MOV | F20: Movable assets | G20: OTH | H20: COMPUTER EQUIPMENT | I20: OTH | J20: Other Assets | K20: Main offices | L20: Main offices | M20: OTH | N20: Lenovo laptop-N. Gawula | O20: OTH | Q20: Lenovo laptop-N. Gawula | R20: Cost Model | S20: Owned | T20: Core | U20: Other Assets | V20: Finance and Administration : Asset Management | W20: FX005002001000000000000000000000000 | X20: IA002015001018001001000000000000000000 | Y20: 1 | Z20: 18/02/2025 | AA20: 45706 | AB20: NO | AC20: Yes | AD20: 45747 | AE20: NA - Actual Cost | AF20: 6 | AG20: 0 | AH20: 0 | AI20: No Change | AJ20: 41 | AK20: 0.11232877 | AL20: 5.8876712 | AM20: 0 | AN20: 5.8876712 | AO20: 5.8876712 | AP20: 1 - Very good (71-100%) | AR20: Actual Cost | AS20: 26291 | AX20: 26291 | AY20: 25798.794 | AZ20: 0 | BC20: -492.20594 | BE20: NO | BH20: -4381.8333 | BI20: -365.15278 | BK20: Straight line | BL20: 0 | BM20: -4874.0393 | BR20: 0 | BS20: 21416.961 | BT20: -492.20594 | CA20: pW0DYF7SPWN0B4A04008 | CE20: 0
A21: 001979 | B21: Server room finance | C21: PPE | D21: Property, plant & equipment | E21: MOV | F21: Movable assets | G21: OTH | H21: COMPUTER EQUIPMENT | I21: OTH | J21: Other Assets | K21: Main offices | L21: Main offices | M21: OTH | N21: Lenovo laptop-N. Gawula | O21: OTH | Q21: Lenovo laptop-N. Gawula | R21: Cost Model | S21: Owned | T21: Core | U21: Other Assets | V21: Finance and Administration : Asset Management | W21: FX005002001000000000000000000000000 | X21: IA002015001018001001000000000000000000 | Y21: 1 | Z21: 18/02/2025 | AA21: 45706 | AB21: NO | AC21: Yes | AD21: 45747 | AE21: NA - Actual Cost | AF21: 6 | AG21: 0 | AH21: 0 | AI21: No Change | AJ21: 41 | AK21: 0.11232877 | AL21: 5.8876712 | AM21: 0 | AN21: 5.8876712 | AO21: 5.8876712 | AP21: 1 - Very good (71-100%) | AR21: Actual Cost | AS21: 26291 | AX21: 26291 | AY21: 25798.794 | AZ21: 0 | BC21: -492.20594 | BE21: NO | BH21: -4381.8333 | BI21: -365.15278 | BK21: Straight line | BL21: 0 | BM21: -4874.0393 | BR21: 0 | BS21: 21416.961 | BT21: -492.20594 | CA21: PW08SYRY | CE21: 0
A22: 001527 | B22: Server room finance | C22: PPE | D22: Property, plant & equipment | E22: MOV | F22: Movable assets | G22: OTH | H22: COMPUTER EQUIPMENT | I22: OTH | J22: Other Assets | K22: Main offices | L22: Main offices | M22: OTH | N22: Lenovo laptop-N. Gawula | O22: OTH | Q22: Lenovo laptop-N. Gawula | R22: Cost Model | S22: Owned | T22: Core | U22: Other Assets | V22: Finance and Administration : Asset Management | W22: FX005002001000000000000000000000000 | X22: IA002015001018001001000000000000000000 | Y22: 1 | Z22: 18/02/2025 | AA22: 45706 | AB22: NO | AC22: Yes | AD22: 45747 | AE22: NA - Actual Cost | AF22: 6 | AG22: 0 | AH22: 0 | AI22: No Change | AJ22: 41 | AK22: 0.11232877 | AL22: 5.8876712 | AM22: 0 | AN22: 5.8876712 | AO22: 5.8876712 | AP22: 1 - Very good (71-100%) | AR22: Actual Cost | AS22: 26291 | AX22: 26291 | AY22: 25798.794 | AZ22: 0 | BC22: -492.20594 | BE22: NO | BH22: -4381.8333 | BI22: -365.15278 | BK22: Straight line | BL22: 0 | BM22: -4874.0393 | BR22: 0 | BS22: 21416.961 | BT22: -492.20594 | CA22: pW082B01PWN0B3A10004 | CE22: 0
A23: 001563 | B23: Server room finance | C23: PPE | D23: Property, plant & equipment | E23: MOV | F23: Movable assets | G23: OTH | H23: COMPUTER EQUIPMENT | I23: OTH | J23: Other Assets | K23: Main offices | L23: Main offices | M23: OTH | N23: Lenovo laptop-N. Gawula | O23: OTH | Q23: Lenovo laptop-N. Gawula | R23: Cost Model | S23: Owned | T23: Core | U23: Other Assets | V23: Finance and Administration : Asset Management | W23: FX005002001000000000000000000000000 | X23: IA002015001018001001000000000000000000 | Y23: 1 | Z23: 18/02/2025 | AA23: 45706 | AB23: NO | AC23: Yes | AD23: 45747 | AE23: NA - Actual Cost | AF23: 6 | AG23: 0 | AH23: 0 | AI23: No Change | AJ23: 41 | AK23: 0.11232877 | AL23: 5.8876712 | AM23: 0 | AN23: 5.8876712 | AO23: 5.8876712 | AP23: 1 - Very good (71-100%) | AR23: Actual Cost | AS23: 26291 | AX23: 26291 | AY23: 25798.794 | AZ23: 0 | BC23: -492.20594 | BE23: NO | BH23: -4381.8333 | BI23: -365.15278 | BK23: Straight line | BL23: 0 | BM23: -4874.0393 | BR23: 0 | BS23: 21416.961 | BT23: -492.20594 | CE23: 0
A24: 001551 | B24: Server room finance | C24: PPE | D24: Property, plant & equipment | E24: MOV | F24: Movable assets | G24: OTH | H24: COMPUTER EQUIPMENT | I24: OTH | J24: Other Assets | K24: Main offices | L24: Main offices | M24: OTH | N24: Lenovo laptop-N. Gawula | O24: OTH | Q24: Lenovo laptop-N. Gawula | R24: Cost Model | S24: Owned | T24: Core | U24: Other Assets | V24: Finance and Administration : Asset Management | W24: FX005002001000000000000000000000000 | X24: IA002015001018001001000000000000000000 | Y24: 1 | Z24: 18/02/2025 | AA24: 45706 | AB24: NO | AC24: Yes | AD24: 45747 | AE24: NA - Actual Cost | AF24: 6 | AG24: 0 | AH24: 0 | AI24: No Change | AJ24: 41 | AK24: 0.11232877 | AL24: 5.8876712 | AM24: 0 | AN24: 5.8876712 | AO24: 5.8876712 | AP24: 1 - Very good (71-100%) | AR24: Actual Cost | AS24: 26291 | AX24: 26291 | AY24: 25798.794 | AZ24: 0 | BC24: -492.20594 | BE24: NO | BH24: -4381.8333 | BI24: -365.15278 | BK24: Straight line | BL24: 0 | BM24: -4874.0393 | BR24: 0 | BS24: 21416.961 | BT24: -492.20594 | CE24: 0
A25: 001637 | B25: Server room finance | C25: PPE | D25: Property, plant & equipment | E25: MOV | F25: Movable assets | G25: OTH | H25: COMPUTER EQUIPMENT | I25: OTH | J25: Other Assets | K25: Main offices | L25: Main offices | M25: OTH | N25: Lenovo laptop-N. Gawula | O25: OTH | Q25: Lenovo laptop-N. Gawula | R25: Cost Model | S25: Owned | T25: Core | U25: Other Assets | V25: Finance and Administration : Asset Management | W25: FX005002001000000000000000000000000 | X25: IA002015001018001001000000000000000000 | Y25: 1 | Z25: 18/02/2025 | AA25: 45706 | AB25: NO | AC25: Yes | AD25: 45747 | AE25: NA - Actual Cost | AF25: 6 | AG25: 0 | AH25: 0 | AI25: No Change | AJ25: 41 | AK25: 0.11232877 | AL25: 5.8876712 | AM25: 0 | AN25: 5.8876712 | AO25: 5.8876712 | AP25: 1 - Very good (71-100%) | AR25: Actual Cost | AS25: 26291 | AX25: 26291 | AY25: 25798.794 | AZ25: 0 | BC25: -492.20594 | BE25: NO | BH25: -4381.8333 | BI25: -365.15278 | BK25: Straight line | BL25: 0 | BM25: -4874.0393 | BR25: 0 | BS25: 21416.961 | BT25: -492.20594 | CE25: 0
A26: 001968 | B26: Open Plan finance | C26: PPE | D26: Property, plant & equipment | E26: MOV | F26: Movable assets | G26: OTH | H26: COMPUTER EQUIPMENT | I26: OTH | J26: Other Assets | K26: Main offices | L26: Main offices | M26: OTH | N26: Lenovo Laptop | O26: OTH | Q26: Lenovo Laptop | R26: Cost Model | S26: Owned | T26: Core | U26: Other Assets | V26: Finance and Administration : Asset Management | W26: FX005002001000000000000000000000000 | X26: IA002015001018001001000000000000000000 | Y26: 1 | AB26: NO | AC26: Yes | AD26: 45747 | AE26: NA - Actual Cost | AF26: 6 | AG26: 0 | AH26: 0 | AI26: No Change | AJ26: 45747 | AK26: 125.33425 | AL26: -119.33425 | AM26: 0 | AN26: -119.33425 | AO26: -119.33425 | AP26: 2 - Good (46-70%) | AR26: Actual Cost | AY26: 0 | AZ26: 0 | BC26: 0 | BE26: NO | BH26: 0 | BI26: 0 | BK26: Straight line | BL26: 0 | BM26: 0 | BR26: 0 | BS26: 0 | BT26: 0 | CE26: 0
A27: 002000 | B27: Server room finance | C27: PPE | D27: Property, plant & equipment | E27: MOV | F27: Movable assets | G27: OTH | H27: COMPUTER EQUIPMENT | I27: OTH | J27: Other Assets | K27: Main offices | L27: Main offices | M27: OTH | N27: Lenovo laptop-N. Gawula | O27: OTH | Q27: Lenovo laptop-N. Gawula | R27: Cost Model | S27: Owned | T27: Core | U27: Other Assets | V27: Finance and Administration : Asset Management | W27: FX005002001000000000000000000000000 | X27: IA002015001018001001000000000000000000 | Y27: 1 | Z27: 18/02/2025 | AA27: 45706 | AB27: NO | AC27: Yes | AD27: 45747 | AE27: NA - Actual Cost | AF27: 6 | AG27: 0 | AH27: 0 | AI27: No Change | AJ27: 41 | AK27: 0.11232877 | AL27: 5.8876712 | AM27: 0 | AN27: 5.8876712 | AO27: 5.8876712 | AP27: 1 - Very good (71-100%) | AR27: Actual Cost | AS27: 26291 | AX27: 26291 | AY27: 25798.794 | AZ27: 0 | BC27: -492.20594 | BE27: NO | BH27: -4381.8333 | BI27: -365.15278 | BK27: Straight line | BL27: 0 | BM27: -4874.0393 | BR27: 0 | BS27: 21416.961 | BT27: -492.20594 | CE27: 0
A28: 1965 | B28: Open plan finance | C28: PPE | D28: Property, plant & equipment | E28: MOV | F28: Movable assets | G28: OTH | H28: COMPUTER EQUIPMENT | I28: OTH | J28: Other Assets | K28: Main offices | L28: Main offices | M28: OTH | N28: Lenovo Laptop - Sindisiwe Zawana | O28: OTH | Q28: Lenovo Laptop - Sindisiwe Zawana | R28: Cost Model | S28: Owned | T28: Core | U28: Other Assets | V28: Finance and Administration : Asset Management | W28: FX005002001000000000000000000000000 | X28: IA002015001018001001000000000000000000 | Y28: 1 | Z28: 18/02/2025 | AA28: 45706 | AB28: NO | AC28: Yes | AD28: 45747 | AE28: NA - Actual Cost | AF28: 6 | AG28: 0 | AH28: 0 | AI28: No Change | AJ28: 41 | AK28: 0.11232877 | AL28: 5.8876712 | AM28: 0 | AN28: 5.8876712 | AO28: 5.8876712 | AP28: 1 - Very good (71-100%) | AR28: Actual Cost | AS28: 26291 | AX28: 26291 | AY28: 25798.794 | AZ28: 0 | BC28: -492.20594 | BE28: NO | BH28: -4381.8333 | BI28: -365.15278 | BK28: Straight line | BL28: 0 | BM28: -4874.0393 | BR28: 0 | BS28: 21416.961 | BT28: -492.20594 | CE28: 0
A29: 001954 | B29: Open Plan HR | C29: PPE | D29: Property, plant & equipment | E29: MOV | F29: Movable assets | G29: OTH | H29: COMPUTER EQUIPMENT | I29: OTH | J29: Other Assets | K29: Main offices | L29: Main offices | M29: OTH | N29: Lenovo Laptop | O29: OTH | Q29: Lenovo Laptop | R29: Cost Model | S29: Owned | T29: Core | U29: Other Assets | V29: Finance and Administration : Asset Management | W29: FX005002001000000000000000000000000 | X29: IA002015001018001001000000000000000000 | Y29: 1 | Z29: 10/06/2024 | AA29: 45453 | AB29: NO | AC29: Yes | AD29: 45747 | AE29: NA - Actual Cost | AF29: 6 | AG29: 0 | AH29: 0 | AI29: No Change | AJ29: 294 | AK29: 0.80547945 | AL29: 5.1945205 | AM29: 0 | AN29: 5.1945205 | AO29: 5.1945205 | AP29: 1 - Very good (71-100%) | AR29: Actual Cost | AS29: 29000 | AX29: 29000 | AY29: 25106.849 | AZ29: 0 | BC29: -3893.1507 | BE29: NO | BH29: -4833.3333 | BI29: -402.77778 | BK29: Straight line | BL29: 0 | BM29: -8726.484 | BR29: 0 | BS29: 20273.516 | BT29: -3893.1507 | CE29: 0
A30: 001652 | B30: Open plan finance | C30: PPE | D30: Property, plant & equipment | E30: MOV | F30: Movable assets | G30: OTH | H30: COMPUTER EQUIPMENT | I30: OTH | J30: Other Assets | K30: Main offices | L30: Main offices | M30: OTH | N30: Lenovo Laptop | O30: OTH | Q30: Lenovo Laptop | R30: Cost Model | S30: Owned | T30: Core | U30: Other Assets | V30: Finance and Administration : Asset Management | W30: FX005002001000000000000000000000000 | X30: IA002015001018001001000000000000000000 | Y30: 1 | AB30: NO | AC30: Yes | AD30: 45747 | AE30: NA - Actual Cost | AF30: 6 | AG30: 0 | AH30: 0 | AI30: No Change | AJ30: 45747 | AK30: 125.33425 | AL30: -119.33425 | AM30: 0 | AN30: -119.33425 | AO30: -119.33425 | AP30: 2 - Good (46-70%) | AR30: Actual Cost | AY30: 0 | AZ30: 0 | BC30: 0 | BE30: NO | BH30: 0 | BI30: 0 | BK30: Straight line | BL30: 0 | BM30: 0 | BR30: 0 | BS30: 0 | BT30: 0 | CE30: 0
A31: 001882 | B31: R6 | C31: PPE | D31: Property, plant & equipment | E31: MOV | F31: Movable assets | G31: OTH | H31: COMPUTER EQUIPMENT | I31: OTH | J31: Other Assets | K31: Main offices | L31: Main offices | M31: OTH | N31: Lenovo Laptop | O31: OTH | Q31: Lenovo Laptop | R31: Cost Model | S31: Owned | T31: Core | U31: Other Assets | V31: Finance and Administration : Asset Management | W31: FX005002001000000000000000000000000 | X31: IA002015001018001001000000000000000000 | Y31: 1 | AB31: NO | AC31: Yes | AD31: 45747 | AE31: NA - Actual Cost | AF31: 6 | AG31: 0 | AH31: 0 | AI31: No Change | AJ31: 45747 | AK31: 125.33425 | AL31: -119.33425 | AM31: 0 | AN31: -119.33425 | AO31: -119.33425 | AP31: 2 - Good (46-70%) | AR31: Actual Cost | AY31: 0 | AZ31: 0 | BC31: 0 | BE31: NO | BH31: 0 | BI31: 0 | BK31: Straight line | BL31: 0 | BM31: 0 | BR31: 0 | BS31: 0 | BT31: 0 | CE31: 0
A32: 001661 | B32: R17 server room | C32: PPE | D32: Property, plant & equipment | E32: MOV | F32: Movable assets | G32: OTH | H32: COMPUTER EQUIPMENT | I32: OTH | J32: Other Assets | K32: Main offices | L32: Main offices | M32: OTH | N32: Ubiquiti unifi switch pro 48 port 40PoE+ 8PoE++600w 4SFP + USW-Pro-48-POE | O32: OTH | Q32: Ubiquiti unifi switch pro 48 port 40PoE+ 8PoE++600w 4SFP + USW-Pro-48-POE | R32: Cost Model | S32: Owned | T32: Core | U32: Other Assets | V32: Finance and Administration : Asset Management | W32: FX005002001000000000000000000000000 | X32: IA002015001018001001000000000000000000 | Y32: 1 | Z32: 27/08/2024 | AA32: 45531 | AB32: NO | AC32: Yes | AD32: 45747 | AE32: NA - Actual Cost | AF32: 6 | AG32: 0 | AH32: 0 | AI32: No Change | AJ32: 216 | AK32: 0.59178082 | AL32: 5.4082192 | AM32: 0 | AN32: 5.4082192 | AO32: 5.4082192 | AP32: 2 - Good (46-70%) | AR32: Actual Cost | AY32: 0 | AZ32: 0 | BC32: 0 | BE32: NO | BH32: 0 | BI32: 0 | BK32: Straight line | BL32: 0 | BM32: 0 | BR32: 0 | BS32: 0 | BT32: 0 | CE32: 0
A33: 001662 | B33: R17 server room | C33: PPE | D33: Property, plant & equipment | E33: MOV | F33: Movable assets | G33: OTH | H33: COMPUTER EQUIPMENT | I33: OTH | J33: Other Assets | K33: Main offices | L33: Main offices | M33: OTH | N33: Ubiquiti unifi switch pro 48 port 40PoE+ 8PoE++600w 4SFP + USW-Pro-48-POE | O33: OTH | Q33: Ubiquiti unifi switch pro 48 port 40PoE+ 8PoE++600w 4SFP + USW-Pro-48-POE | R33: Cost Model | S33: Owned | T33: Core | U33: Other Assets | V33: Finance and Administration : Asset Management | W33: FX005002001000000000000000000000000 | X33: IA002015001018001001000000000000000000 | Y33: 1 | Z33: 27/08/2024 | AA33: 45531 | AB33: NO | AC33: Yes | AD33: 45747 | AE33: NA - Actual Cost | AF33: 6 | AG33: 0 | AH33: 0 | AI33: No Change | AJ33: 216 | AK33: 0.59178082 | AL33: 5.4082192 | AM33: 0 | AN33: 5.4082192 | AO33: 5.4082192 | AP33: 2 - Good (46-70%) | AR33: Actual Cost | AY33: 0 | AZ33: 0 | BC33: 0 | BE33: NO | BH33: 0 | BI33: 0 | BK33: Straight line | BL33: 0 | BM33: 0 | BR33: 0 | BS33: 0 | BT33: 0 | CE33: 0
A34: 001663 | B34: R17 server room | C34: PPE | D34: Property, plant & equipment | E34: MOV | F34: Movable assets | G34: OTH | H34: COMPUTER EQUIPMENT | I34: OTH | J34: Other Assets | K34: Main offices | L34: Main offices | M34: OTH | N34: Ubiquiti unifi switch pro 48 port 40PoE+ 8PoE++600w 4SFP + USW-Pro-48-POE | O34: OTH | Q34: Ubiquiti unifi switch pro 48 port 40PoE+ 8PoE++600w 4SFP + USW-Pro-48-POE | R34: Cost Model | S34: Owned | T34: Core | U34: Other Assets | V34: Finance and Administration : Asset Management | W34: FX005002001000000000000000000000000 | X34: IA002015001018001001000000000000000000 | Y34: 1 | Z34: 27/08/2024 | AA34: 45531 | AB34: NO | AC34: Yes | AD34: 45747 | AE34: NA - Actual Cost | AF34: 6 | AG34: 0 | AH34: 0 | AI34: No Change | AJ34: 216 | AK34: 0.59178082 | AL34: 5.4082192 | AM34: 0 | AN34: 5.4082192 | AO34: 5.4082192 | AP34: 2 - Good (46-70%) | AR34: Actual Cost | AY34: 0 | AZ34: 0 | BC34: 0 | BE34: NO | BH34: 0 | BI34: 0 | BK34: Straight line | BL34: 0 | BM34: 0 | BR34: 0 | BS34: 0 | BT34: 0 | CE34: 0
A35: 001664 | B35: R17 server room | C35: PPE | D35: Property, plant & equipment | E35: MOV | F35: Movable assets | G35: OTH | H35: COMPUTER EQUIPMENT | I35: OTH | J35: Other Assets | K35: Main offices | L35: Main offices | M35: OTH | N35: Ubiquiti unifi switch pro server | O35: OTH | Q35: Ubiquiti unifi switch pro server | R35: Cost Model | S35: Owned | T35: Core | U35: Other Assets | V35: Finance and Administration : Asset Management | W35: FX005002001000000000000000000000000 | X35: IA002015001018001001000000000000000000 | Y35: 1 | AB35: NO | AC35: Yes | AD35: 45747 | AE35: NA - Actual Cost | AF35: 6 | AG35: 0 | AH35: 0 | AI35: No Change | AJ35: 45747 | AK35: 125.33425 | AL35: -119.33425 | AM35: 0 | AN35: -119.33425 | AO35: -119.33425 | AP35: 2 - Good (46-70%) | AR35: Actual Cost | AY35: 0 | AZ35: 0 | BC35: 0 | BE35: NO | BH35: 0 | BI35: 0 | BK35: Straight line | BL35: 0 | BM35: 0 | BR35: 0 | BS35: 0 | BT35: 0 | CE35: 0
A36: 1886 | B36: R17 server room | C36: PPE | D36: Property, plant & equipment | E36: MOV | F36: Movable assets | G36: OTH | H36: COMPUTER EQUIPMENT | I36: OTH | J36: Other Assets | K36: Main offices | L36: Main offices | M36: OTH | N36: Server | O36: OTH | Q36: Server | R36: Cost Model | S36: Owned | T36: Core | U36: Other Assets | V36: Finance and Administration : Asset Management | W36: FX005002001000000000000000000000000 | X36: IA002015001018001001000000000000000000 | Y36: 1 | AB36: NO | AC36: Yes | AD36: 45747 | AE36: NA - Actual Cost | AF36: 6 | AG36: 0 | AH36: 0 | AI36: No Change | AJ36: 45747 | AK36: 125.33425 | AL36: -119.33425 | AM36: 0 | AN36: -119.33425 | AO36: -119.33425 | AP36: 2 - Good (46-70%) | AR36: Actual Cost | AY36: 0 | AZ36: 0 | BC36: 0 | BE36: NO | BH36: 0 | BI36: 0 | BK36: Straight line | BL36: 0 | BM36: 0 | BR36: 0 | BS36: 0 | BT36: 0 | CE36: 0
A37: 001850 | B37: R17 server room | C37: PPE | D37: Property, plant & equipment | E37: MOV | F37: Movable assets | G37: OTH | H37: COMPUTER EQUIPMENT | I37: OTH | J37: Other Assets | K37: Main offices | L37: Main offices | M37: OTH | N37: Server | O37: OTH | Q37: Server | R37: Cost Model | S37: Owned | T37: Core | U37: Other Assets | V37: Finance and Administration : Asset Management | W37: FX005002001000000000000000000000000 | X37: IA002015001018001001000000000000000000 | Y37: 1 | AB37: NO | AC37: Yes | AD37: 45747 | AE37: NA - Actual Cost | AF37: 6 | AG37: 0 | AH37: 0 | AI37: No Change | AJ37: 45747 | AK37: 125.33425 | AL37: -119.33425 | AM37: 0 | AN37: -119.33425 | AO37: -119.33425 | AP37: 2 - Good (46-70%) | AR37: Actual Cost | AY37: 0 | AZ37: 0 | BC37: 0 | BE37: NO | BH37: 0 | BI37: 0 | BK37: Straight line | BL37: 0 | BM37: 0 | BR37: 0 | BS37: 0 | BT37: 0 | CE37: 0
A38: 001809 | B38: R17 server room | C38: PPE | D38: Property, plant & equipment | E38: MOV | F38: Movable assets | G38: OTH | H38: COMPUTER EQUIPMENT | I38: OTH | J38: Other Assets | K38: Main offices | L38: Main offices | M38: OTH | N38: Server | O38: OTH | Q38: Server | R38: Cost Model | S38: Owned | T38: Core | U38: Other Assets | V38: Finance and Administration : Asset Management | W38: FX005002001000000000000000000000000 | X38: IA002015001018001001000000000000000000 | Y38: 1 | AB38: NO | AC38: Yes | AD38: 45747 | AE38: NA - Actual Cost | AF38: 6 | AG38: 0 | AH38: 0 | AI38: No Change | AJ38: 45747 | AK38: 125.33425 | AL38: -119.33425 | AM38: 0 | AN38: -119.33425 | AO38: -119.33425 | AP38: 2 - Good (46-70%) | AR38: Actual Cost | AY38: 0 | AZ38: 0 | BC38: 0 | BE38: NO | BH38: 0 | BI38: 0 | BK38: Straight line | BL38: 0 | BM38: 0 | BR38: 0 | BS38: 0 | BT38: 0 | CA38: PW0DYF7F | CE38: 0
A39: 001969 | B39: Open Plan co-business | C39: PPE | D39: Property, plant & equipment | E39: MOV | F39: Movable assets | G39: OTH | H39: COMPUTER EQUIPMENT | I39: OTH | J39: Other Assets | K39: Main offices | L39: Main offices | M39: OTH | N39: Lenovo laptop- T.Maso | O39: OTH | Q39: Lenovo laptop- T.Maso | R39: Cost Model | S39: Owned | T39: Core | U39: Other Assets | V39: Finance and Administration : Asset Management | W39: FX005002001000000000000000000000000 | X39: IA002015001018001001000000000000000000 | Y39: 1 | Z39: 18/02/2025 | AA39: 45706 | AB39: NO | AC39: Yes | AD39: 45747 | AE39: NA - Actual Cost | AF39: 6 | AG39: 0 | AH39: 0 | AI39: No Change | AJ39: 41 | AK39: 0.11232877 | AL39: 5.8876712 | AM39: 0 | AN39: 5.8876712 | AO39: 5.8876712 | AP39: 1 - Very good (71-100%) | AR39: Actual Cost | AS39: 26291 | AX39: 26291 | AY39: 25798.794 | AZ39: 0 | BC39: -492.20594 | BE39: NO | BH39: -4381.8333 | BI39: -365.15278 | BK39: Straight line | BL39: 0 | BM39: -4874.0393 | BR39: 0 | BS39: 21416.961 | BT39: -492.20594 | CA39: PW08AZ5682Y00054SA | CE39: 0
A40: 001955 | B40: Open plan finance | C40: PPE | D40: Property, plant & equipment | E40: MOV | F40: Movable assets | G40: OTH | H40: COMPUTER EQUIPMENT | I40: OTH | J40: Other Assets | K40: Main offices | L40: Main offices | M40: OTH | N40: Lenovo Laptop - Lungile Zwane | O40: OTH | Q40: Lenovo Laptop - Lungile Zwane | R40: Cost Model | S40: Owned | T40: Core | U40: Other Assets | V40: Finance and Administration : Asset Management | W40: FX005002001000000000000000000000000 | X40: IA002015001018001001000000000000000000 | Y40: 1 | Z40: 10/06/2024 | AA40: 45453 | AB40: NO | AC40: Yes | AD40: 45747 | AE40: NA - Actual Cost | AF40: 6 | AG40: 0 | AH40: 0 | AI40: No Change | AJ40: 294 | AK40: 0.80547945 | AL40: 5.1945205 | AM40: 0 | AN40: 5.1945205 | AO40: 5.1945205 | AP40: 1 - Very good (71-100%) | AR40: Actual Cost | AS40: 29000 | AX40: 29000 | AY40: 25106.849 | AZ40: 0 | BC40: -3893.1507 | BE40: NO | BH40: -4833.3333 | BI40: -402.77778 | BK40: Straight line | BL40: 0 | BM40: -8726.484 | BR40: 0 | BS40: 20273.516 | BT40: -3893.1507 | CA40: PW08SYQN82Y00054SA | CE40: 0
A41: 001964 | B41: Open plan Risk | C41: PPE | D41: Property, plant & equipment | E41: MOV | F41: Movable assets | G41: OTH | H41: COMPUTER EQUIPMENT | I41: OTH | J41: Other Assets | K41: Main offices | L41: Main offices | M41: OTH | N41: Lenovo- A.Mbuli | O41: OTH | Q41: Lenovo- A.Mbuli | R41: Cost Model | S41: Owned | T41: Core | U41: Other Assets | V41: Finance and Administration : Asset Management | W41: FX005002001000000000000000000000000 | X41: IA002015001018001001000000000000000000 | Y41: 1 | Z41: 10/06/2024 | AA41: 45453 | AB41: NO | AC41: Yes | AD41: 45747 | AE41: NA - Actual Cost | AF41: 6 | AG41: 0 | AH41: 0 | AI41: No Change | AJ41: 294 | AK41: 0.80547945 | AL41: 5.1945205 | AM41: 0 | AN41: 5.1945205 | AO41: 5.1945205 | AP41: 1 - Very good (71-100%) | AR41: Actual Cost | AS41: 29000 | AX41: 29000 | AY41: 25106.849 | AZ41: 0 | BC41: -3893.1507 | BE41: NO | BH41: -4833.3333 | BI41: -402.77778 | BK41: Straight line | BL41: 0 | BM41: -8726.484 | BR41: 0 | BS41: 20273.516 | BT41: -3893.1507 | CA41: PW0DYF8082R700FESA | CE41: 0
A42: 001649 | B42: R5 | C42: PPE | D42: Property, plant & equipment | E42: MOV | F42: Movable assets | G42: OTH | H42: COMPUTER EQUIPMENT | I42: OTH | J42: Other Assets | K42: Main offices | L42: Main offices | M42: OTH | N42: Lenovo Laptop J.Mlilo | O42: OTH | Q42: Lenovo Laptop J.Mlilo | R42: Cost Model | S42: Owned | T42: Core | U42: Other Assets | V42: Finance and Administration : Asset Management | W42: FX005002001000000000000000000000000 | X42: IA002015001018001001000000000000000000 | Y42: 1 | Z42: 18/02/2025 | AA42: 45706 | AB42: NO | AC42: Yes | AD42: 45747 | AE42: NA - Actual Cost | AF42: 6 | AG42: 0 | AH42: 0 | AI42: No Change | AJ42: 41 | AK42: 0.11232877 | AL42: 5.8876712 | AM42: 0 | AN42: 5.8876712 | AO42: 5.8876712 | AP42: 1 - Very good (71-100%) | AR42: Actual Cost | AS42: 26291 | AX42: 26291 | AY42: 25798.794 | AZ42: 0 | BC42: -492.20594 | BE42: NO | BH42: -4381.8333 | BI42: -365.15278 | BK42: Straight line | BL42: 0 | BM42: -4874.0393 | BR42: 0 | BS42: 21416.961 | BT42: -492.20594 | CE42: 0
A43: 1978 | B43: Server room finance | C43: PPE | D43: Property, plant & equipment | E43: MOV | F43: Movable assets | G43: OTH | H43: COMPUTER EQUIPMENT | I43: OTH | J43: Other Assets | K43: Main offices | L43: Main offices | M43: OTH | N43: Projector - Mainboardroom | O43: OTH | Q43: Projector - Mainboardroom | R43: Cost Model | S43: Owned | T43: Core | U43: Other Assets | V43: Finance and Administration : Asset Management | W43: FX005002001000000000000000000000000 | X43: IA002015001018001001000000000000000000 | Y43: 1 | Z43: 28/03/2024 | AA43: 45379 | AB43: NO | AC43: Yes | AD43: 45382 | AE43: NA - Actual Cost | AF43: 5 | AG43: 0 | AH43: 0 | AI43: No Change | AL43: 3.9917808 | AM43: 0 | AN43: 3.9917808 | AO43: 2.9917808 | AP43: 2 - Good (46-70%) | AR43: Actual Cost | AS43: 64300 | AX43: 64300 | AY43: 51334.301 | AZ43: 0 | BC43: -12965.699 | BE43: NO | BH43: -12860 | BI43: -1071.6667 | BK43: Straight line | BL43: 0 | BM43: -25825.699 | BR43: 0 | BS43: 38474.301 | BT43: -12965.699 | BZ43: N.Gawula | CE43: 0
A44: 1453 | B44: 0 | C44: PPE | D44: Property, plant & equipment | E44: MOV | F44: Movable assets | G44: OTH | H44: COMPUTER EQUIPMENT | I44: OTH | J44: Other Assets | K44: Main offices | L44: Main offices | M44: OTH | N44: Samsung Galaxy Tab A9 - Ms Elodie Tlhoaele | O44: OTH | Q44: Samsung Galaxy Tab A9 - Ms Elodie Tlhoaele | R44: Cost Model | S44: Owned | T44: Core | U44: Other Assets | V44: Finance and Administration : Asset Management | W44: FX005002001000000000000000000000000 | X44: IA002015001018001001000000000000000000 | Y44: 1 | Z44: 16/02/2024 | AA44: 45338 | AB44: NO | AC44: Yes | AD44: 45382 | AE44: NA - Actual Cost | AF44: 5 | AG44: 0 | AH44: 0 | AI44: No Change | AL44: 3.8794521 | AM44: 0 | AN44: 3.8794521 | AO44: 2.8794521 | AP44: 0 | AR44: Actual Cost | AS44: 5274.19 | AX44: 5274.19 | AY44: 4092.1934 | AZ44: 0 | BC44: -1181.9966 | BE44: NO | BH44: -1054.838 | BI44: -87.903167 | BK44: Straight line | BL44: 0 | BM44: -2236.8346 | BR44: 0 | BS44: 3037.3554 | BT44: -1181.9966 | CE44: 0
A45: 1975 | B45: 0 | C45: PPE | D45: Property, plant & equipment | E45: MOV | F45: Movable assets | G45: OTH | H45: COMPUTER EQUIPMENT | I45: OTH | J45: Other Assets | K45: Main offices | L45: Main offices | M45: OTH | N45: Samsung Galaxy Tab A9 - Ms Kibini Elizabeth | O45: OTH | Q45: Samsung Galaxy Tab A9 - Ms Kibini Elizabeth | R45: Cost Model | S45: Owned | T45: Core | U45: Other Assets | V45: Finance and Administration : Asset Management | W45: FX005002001000000000000000000000000 | X45: IA002015001018001001000000000000000000 | Y45: 1 | Z45: 16/02/2024 | AA45: 45338 | AB45: NO | AC45: Yes | AD45: 45382 | AE45: NA - Actual Cost | AF45: 5 | AG45: 0 | AH45: 0 | AI45: No Change | AL45: 3.8794521 | AM45: 0 | AN45: 3.8794521 | AO45: 2.8794521 | AP45: 0 | AR45: Actual Cost | AS45: 5274.19 | AX45: 5274.19 | AY45: 4092.1934 | AZ45: 0 | BC45: -1181.9966 | BE45: NO | BH45: -1054.838 | BI45: -87.903167 | BK45: Straight line | BL45: 0 | BM45: -2236.8346 | BR45: 0 | BS45: 3037.3554 | BT45: -1181.9966 | BZ45: 0 | CE45: 0
A46: 1974 | B46: R2 Open plan finance | C46: PPE | D46: Property, plant & equipment | E46: MOV | F46: Movable assets | G46: OTH | H46: COMPUTER EQUIPMENT | I46: OTH | J46: Other Assets | K46: Main offices | L46: Main offices | M46: OTH | N46: Lenovo Laptop - Thandanani Mkhize | O46: OTH | Q46: Lenovo Laptop - Thandanani Mkhize | R46: Cost Model | S46: Owned | T46: Core | U46: Other Assets | V46: Finance and Administration : Asset Management | W46: FX005002001000000000000000000000000 | X46: IA002015001018001001000000000000000000 | Y46: 1 | Z46: 28/03/2024 | AA46: 45379 | AB46: NO | AC46: Yes | AD46: 45382 | AE46: NA - Actual Cost | AF46: 5 | AG46: 0 | AH46: 0 | AI46: No Change | AL46: 3.9917808 | AM46: 0 | AN46: 3.9917808 | AO46: 2.9917808 | AP46: 2 - Good (46-70%) | AR46: Actual Cost | AS46: 23000 | AX46: 23000 | AY46: 18362.192 | AZ46: 0 | BC46: -4637.8082 | BE46: NO | BH46: -4600 | BI46: -383.33333 | BK46: Straight line | BL46: 0 | BM46: -9237.8082 | BR46: 0 | BS46: 13762.192 | BT46: -4637.8082 | BZ46: N. Gawula | CE46: 0
A47: 1973 | B47: Open plan co- business | C47: PPE | D47: Property, plant & equipment | E47: MOV | F47: Movable assets | G47: OTH | H47: COMPUTER EQUIPMENT | I47: OTH | J47: Other Assets | K47: Main offices | L47: Main offices | M47: OTH | N47: Lenovo Laptop - Simon Nkosi | O47: OTH | Q47: Lenovo Laptop - Simon Nkosi | R47: Cost Model | S47: Owned | T47: Core | U47: Other Assets | V47: Finance and Administration : Asset Management | W47: FX005002001000000000000000000000000 | X47: IA002015001018001001000000000000000000 | Y47: 1 | Z47: 28/03/2024 | AA47: 45379 | AB47: NO | AC47: Yes | AD47: 45382 | AE47: NA - Actual Cost | AF47: 5 | AG47: 0 | AH47: 0 | AI47: No Change | AL47: 3.9917808 | AM47: 0 | AN47: 3.9917808 | AO47: 2.9917808 | AP47: 2 - Good (46-70%) | AR47: Actual Cost | AS47: 23000 | AX47: 23000 | AY47: 18362.192 | AZ47: 0 | BC47: -4637.8082 | BE47: NO | BH47: -4600 | BI47: -383.33333 | BK47: Straight line | BL47: 0 | BM47: -9237.8082 | BR47: 0 | BS47: 13762.192 | BT47: -4637.8082 | BZ47: T.Mpahlele | CE47: 0
A48: 1972 | B48: 0 | C48: PPE | D48: Property, plant & equipment | E48: MOV | F48: Movable assets | G48: OTH | H48: COMPUTER EQUIPMENT | I48: OTH | J48: Other Assets | K48: Main offices | L48: Main offices | M48: OTH | N48: Lenovo Laptop - Dr Tsholofelo Mosala | O48: OTH | Q48: Lenovo Laptop - Dr Tsholofelo Mosala | R48: Cost Model | S48: Owned | T48: Core | U48: Other Assets | V48: Finance and Administration : Asset Management | W48: FX005002001000000000000000000000000 | X48: IA002015001018001001000000000000000000 | Y48: 1 | Z48: 28/03/2024 | AA48: 45379 | AB48: NO | AC48: Yes | AD48: 45382 | AE48: NA - Actual Cost | AF48: 5 | AG48: 0 | AH48: 0 | AI48: No Change | AL48: 3.9917808 | AM48: 0 | AN48: 3.9917808 | AO48: 2.9917808 | AP48: 2 - Good (46-70%) | AR48: Actual Cost | AS48: 23000 | AX48: 23000 | AY48: 3149.55 | AZ48: 0 | BC48: -4637.8082 | BE48: NO | BH48: -789.00875 | BI48: -65.750729 | BK48: Straight line | BL48: 0 | BM48: -5426.817 | BN48: -15212.642 | BO48: 0 | BR48: -15212.642 | BS48: 2360.5412 | BT48: -4637.8082 | BZ48: T. Mosala | CE48: 0
A49: 1971 | B49: R25 | C49: PPE | D49: Property, plant & equipment | E49: MOV | F49: Movable assets | G49: OTH | H49: COMPUTER EQUIPMENT | I49: OTH | J49: Other Assets | K49: Main offices | L49: Main offices | M49: OTH | N49: Lenovo Laptop - Sibongile Ndzimande | O49: OTH | Q49: Lenovo Laptop - Sibongile Ndzimande | R49: Cost Model | S49: Owned | T49: Core | U49: Other Assets | V49: Finance and Administration : Asset Management | W49: FX005002001000000000000000000000000 | X49: IA002015001018001001000000000000000000 | Y49: 1 | Z49: 28/03/2024 | AA49: 45379 | AB49: NO | AC49: Yes | AD49: 45382 | AE49: NA - Actual Cost | AF49: 5 | AG49: 0 | AH49: 0 | AI49: No Change | AL49: 3.9917808 | AM49: 0 | AN49: 3.9917808 | AO49: 2.9917808 | AP49: 2 - Good (46-70%) | AR49: Actual Cost | AS49: 23000 | AX49: 23000 | AY49: 18362.192 | AZ49: 0 | BC49: -4637.8082 | BE49: NO | BH49: -4600 | BI49: -383.33333 | BK49: Straight line | BL49: 0 | BM49: -9237.8082 | BR49: 0 | BS49: 13762.192 | BT49: -4637.8082 | BZ49: S.Ndzimande | CE49: 0
A50: 1965 | B50: Open plan finance | C50: PPE | D50: Property, plant & equipment | E50: MOV | F50: Movable assets | G50: OTH | H50: COMPUTER EQUIPMENT | I50: OTH | J50: Other Assets | K50: Main offices | L50: Main offices | M50: OTH | N50: Lenovo Laptop - Sindisiwe Zawana | O50: OTH | Q50: Lenovo Laptop - Sindisiwe Zawana | R50: Cost Model | S50: Owned | T50: Core | U50: Other Assets | V50: Finance and Administration : Asset Management | W50: FX005002001000000000000000000000000 | X50: IA002015001018001001000000000000000000 | Y50: 1 | Z50: 28/03/2024 | AA50: 45379 | AB50: NO | AC50: Yes | AD50: 45382 | AE50: NA - Actual Cost | AF50: 5 | AG50: 0 | AH50: 0 | AI50: No Change | AL50: 3.9917808 | AM50: 0 | AN50: 3.9917808 | AO50: 2.9917808 | AP50: 2 - Good (46-70%) | AR50: Actual Cost | AS50: 23000 | AX50: 23000 | AY50: 18362.192 | AZ50: 0 | BC50: -4637.8082 | BE50: NO | BH50: -4600 | BI50: -383.33333 | BK50: Straight line | BL50: 0 | BM50: -9237.8082 | BR50: 0 | BS50: 13762.192 | BT50: -4637.8082 | BZ50: S.ZAWANA | CE50: 0
A51: 1962 | B51: R22 | C51: PPE | D51: Property, plant & equipment | E51: MOV | F51: Movable assets | G51: OTH | H51: COMPUTER EQUIPMENT | I51: OTH | J51: Other Assets | K51: Main offices | L51: Main offices | M51: OTH | N51: Lenovo Laptop - Unassigned | O51: OTH | Q51: Lenovo Laptop - Unassigned | R51: Cost Model | S51: Owned | T51: Core | U51: Other Assets | V51: Finance and Administration : Asset Management | W51: FX005002001000000000000000000000000 | X51: IA002015001018001001000000000000000000 | Y51: 1 | Z51: 28/03/2024 | AA51: 45379 | AB51: NO | AC51: Yes | AD51: 45382 | AE51: NA - Actual Cost | AF51: 5 | AG51: 0 | AH51: 0 | AI51: No Change | AL51: 3.9917808 | AM51: 0 | AN51: 3.9917808 | AO51: 2.9917808 | AP51: 2 - Good (46-70%) | AR51: Actual Cost | AS51: 23000 | AX51: 23000 | AY51: 18362.192 | AZ51: 0 | BC51: -4637.8082 | BE51: NO | BH51: -4600 | BI51: -383.33333 | BK51: Straight line | BL51: 0 | BM51: -9237.8082 | BR51: 0 | BS51: 13762.192 | BT51: -4637.8082 | BZ51: S.P Pudikabekwa | CE51: 0
A52: 1953 | B52: 0 | C52: PPE | D52: Property, plant & equipment | E52: MOV | F52: Movable assets | G52: OTH | H52: COMPUTER EQUIPMENT | I52: OTH | J52: Other Assets | K52: Main offices | L52: Main offices | M52: OTH | N52: Lenovo Laptop - Salome Sithole | O52: OTH | Q52: Lenovo Laptop - Salome Sithole | R52: Cost Model | S52: Owned | T52: Core | U52: Other Assets | V52: Finance and Administration : Asset Management | W52: FX005002001000000000000000000000000 | X52: IA002015001018001001000000000000000000 | Y52: 1 | Z52: 28/03/2024 | AA52: 45379 | AB52: NO | AC52: Yes | AD52: 45382 | AE52: NA - Actual Cost | AF52: 5 | AG52: 0 | AH52: 0 | AI52: No Change | AL52: 3.9917808 | AM52: 0 | AN52: 3.9917808 | AO52: 2.9917808 | AP52: 0 | AR52: Actual Cost | AS52: 23000 | AX52: 23000 | AY52: 18362.192 | AZ52: 0 | BC52: -4637.8082 | BE52: NO | BH52: -4600 | BI52: -383.33333 | BK52: Straight line | BL52: 0 | BM52: -9237.8082 | BR52: 0 | BS52: 13762.192 | BT52: -4637.8082 | BZ52: 0 | CE52: 0
A53: 1952 | B53: Open Plan finance | C53: PPE | D53: Property, plant & equipment | E53: MOV | F53: Movable assets | G53: OTH | H53: COMPUTER EQUIPMENT | I53: OTH | J53: Other Assets | K53: Main offices | L53: Main offices | M53: OTH | N53: Lenovo Laptop - Bongeka Buthelezi | O53: OTH | Q53: Lenovo Laptop - Bongeka Buthelezi | R53: Cost Model | S53: Owned | T53: Core | U53: Other Assets | V53: Finance and Administration : Asset Management | W53: FX005002001000000000000000000000000 | X53: IA002015001018001001000000000000000000 | Y53: 1 | Z53: 28/03/2024 | AA53: 45379 | AB53: NO | AC53: Yes | AD53: 45382 | AE53: NA - Actual Cost | AF53: 5 | AG53: 0 | AH53: 0 | AI53: No Change | AL53: 3.9917808 | AM53: 0 | AN53: 3.9917808 | AO53: 2.9917808 | AP53: 2 - Good (46-70%) | AR53: Actual Cost | AS53: 23000 | AX53: 23000 | AY53: 18362.192 | AZ53: 0 | BC53: -4637.8082 | BE53: NO | BH53: -4600 | BI53: -383.33333 | BK53: Straight line | BL53: 0 | BM53: -9237.8082 | BR53: 0 | BS53: 13762.192 | BT53: -4637.8082 | BZ53: B. Bhuthelezi | CE53: 0
A54: 1951 | B54: R13 | C54: PPE | D54: Property, plant & equipment | E54: MOV | F54: Movable assets | G54: OTH | H54: COMPUTER EQUIPMENT | I54: OTH | J54: Other Assets | K54: Main offices | L54: Main offices | M54: OTH | N54: Lenovo Laptop - T. Manetsi | O54: OTH | Q54: Lenovo Laptop - T. Manetsi | R54: Cost Model | S54: Owned | T54: Core | U54: Other Assets | V54: Finance and Administration : Asset Management | W54: FX005002001000000000000000000000000 | X54: IA002015001018001001000000000000000000 | Y54: 1 | Z54: 28/03/2024 | AA54: 45379 | AB54: NO | AC54: Yes | AD54: 45382 | AE54: NA - Actual Cost | AF54: 5 | AG54: 0 | AH54: 0 | AI54: No Change | AL54: 3.9917808 | AM54: 0 | AN54: 3.9917808 | AO54: 2.9917808 | AP54: 2 - Good (46-70%) | AR54: Actual Cost | AS54: 23000 | AX54: 23000 | AY54: 18362.192 | AZ54: 0 | BC54: -4637.8082 | BE54: NO | BH54: -4600 | BI54: -383.33333 | BK54: Straight line | BL54: 0 | BM54: -9237.8082 | BR54: 0 | BS54: 13762.192 | BT54: -4637.8082 | BZ54: T. Manetsi | CE54: 0
A55: 1949 | B55: Open plan co- business | C55: PPE | D55: Property, plant & equipment | E55: MOV | F55: Movable assets | G55: OTH | H55: COMPUTER EQUIPMENT | I55: OTH | J55: Other Assets | K55: Main offices | L55: Main offices | M55: OTH | N55: Lenovo Laptop - Matanato Ngwaila | O55: OTH | Q55: Lenovo Laptop - Matanato Ngwaila | R55: Cost Model | S55: Owned | T55: Core | U55: Other Assets | V55: Finance and Administration : Asset Management | W55: FX005002001000000000000000000000000 | X55: IA002015001018001001000000000000000000 | Y55: 1 | Z55: 28/03/2024 | AA55: 45379 | AB55: NO | AC55: Yes | AD55: 45382 | AE55: NA - Actual Cost | AF55: 5 | AG55: 0 | AH55: 0 | AI55: No Change | AL55: 3.9917808 | AM55: 0 | AN55: 3.9917808 | AO55: 2.9917808 | AP55: 2 - Good (46-70%) | AR55: Actual Cost | AS55: 23000 | AX55: 23000 | AY55: 18362.192 | AZ55: 0 | BC55: -4637.8082 | BE55: NO | BH55: -4600 | BI55: -383.33333 | BK55: Straight line | BL55: 0 | BM55: -9237.8082 | BR55: 0 | BS55: 13762.192 | BT55: -4637.8082 | BZ55: T.Mpahlele | CE55: 0
A56: 1943 | B56: R13 | C56: PPE | D56: Property, plant & equipment | E56: MOV | F56: Movable assets | G56: OTH | H56: COMPUTER EQUIPMENT | I56: OTH | J56: Other Assets | K56: Main offices | L56: Main offices | M56: OTH | N56: Lenovo Laptop - Dr Manetsi | O56: OTH | Q56: Lenovo Laptop - Dr Manetsi | R56: Cost Model | S56: Owned | T56: Core | U56: Other Assets | V56: Finance and Administration : Asset Management | W56: FX005002001000000000000000000000000 | X56: IA002015001018001001000000000000000000 | Y56: 1 | Z56: 28/03/2024 | AA56: 45379 | AB56: NO | AC56: Yes | AD56: 45382 | AE56: NA - Actual Cost | AF56: 5 | AG56: 0 | AH56: 0 | AI56: No Change | AL56: 3.9917808 | AM56: 0 | AN56: 3.9917808 | AO56: 2.9917808 | AP56: 2 - Good (46-70%) | AR56: Actual Cost | AS56: 23000 | AX56: 23000 | AY56: 18362.192 | AZ56: 0 | BC56: -4637.8082 | BE56: NO | BH56: -4600 | BI56: -383.33333 | BK56: Straight line | BL56: 0 | BM56: -9237.8082 | BR56: 0 | BS56: 13762.192 | BT56: -4637.8082 | BZ56: Dr Manetsi | CE56: 0
A57: 1795 | B57: Councilor | C57: PPE | D57: Property, plant & equipment | E57: MOV | F57: Movable assets | G57: OTH | H57: COMPUTER EQUIPMENT | I57: OTH | J57: Other Assets | K57: Main offices | L57: Main offices | M57: OTH | N57: Lenovo Thinking Pad - Adv Ralefatane | O57: OTH | Q57: Lenovo Thinking Pad - Adv Ralefatane | R57: Cost Model | S57: Owned | T57: Core | U57: Other Assets | V57: Finance and Administration : Asset Management | W57: FX005002001000000000000000000000000 | X57: IA002015001018001001000000000000000000 | Y57: 1 | Z57: 13/07/2023 | AA57: 45120 | AB57: NO | AC57: Yes | AD57: 45382 | AE57: NA - Actual Cost | AF57: 5 | AG57: 0 | AH57: 0 | AI57: No Change | AL57: 3.2821918 | AM57: 0 | AN57: 3.2821918 | AO57: 2.2821918 | AP57: 2 - Good (46-70%) | AR57: Actual Cost | AS57: 42973.2 | AX57: 42973.2 | AY57: 28209.257 | AZ57: 0 | BC57: -14763.943 | BE57: NO | BH57: -8594.64 | BI57: -716.22 | BK57: Straight line | BL57: 0 | BM57: -23358.583 | BR57: 0 | BS57: 19614.617 | BT57: -14763.943 | BZ57: MJ. Ralefatane | CE57: 0
A58: 1792 | B58: 0 | C58: PPE | D58: Property, plant & equipment | E58: MOV | F58: Movable assets | G58: OTH | H58: COMPUTER EQUIPMENT | I58: OTH | J58: Other Assets | K58: Main offices | L58: Main offices | M58: OTH | N58: Lenovo Thinking Pad - Tshehlane | O58: OTH | Q58: Lenovo Thinking Pad - Tshehlane | R58: Cost Model | S58: Owned | T58: Core | U58: Other Assets | V58: Finance and Administration : Asset Management | W58: FX005002001000000000000000000000000 | X58: IA002015001018001001000000000000000000 | Y58: 1 | Z58: 13/07/2023 | AA58: 45120 | AB58: NO | AC58: Yes | AD58: 45382 | AE58: NA - Actual Cost | AF58: 5 | AG58: 0 | AH58: 0 | AI58: No Change | AL58: 3.2821918 | AM58: 0 | AN58: 3.2821918 | AO58: 2.2821918 | AP58: 0 | AR58: Actual Cost | AS58: 42973.2 | AX58: 42973.2 | AY58: 28209.257 | AZ58: 0 | BC58: -14763.943 | BE58: NO | BH58: -8594.64 | BI58: -716.22 | BK58: Straight line | BL58: 0 | BM58: -23358.583 | BR58: 0 | BS58: 19614.617 | BT58: -14763.943 | BZ58: 0 | CE58: 0
A59: 1790 | B59: 0 | C59: PPE | D59: Property, plant & equipment | E59: MOV | F59: Movable assets | G59: OTH | H59: COMPUTER EQUIPMENT | I59: OTH | J59: Other Assets | K59: Main offices | L59: Main offices | M59: OTH | N59: Lenovo Thinking Pad - Mbalenhle | O59: OTH | Q59: Lenovo Thinking Pad - Mbalenhle | R59: Cost Model | S59: Owned | T59: Core | U59: Other Assets | V59: Finance and Administration : Asset Management | W59: FX005002001000000000000000000000000 | X59: IA002015001018001001000000000000000000 | Y59: 1 | Z59: 13/07/2023 | AA59: 45120 | AB59: NO | AC59: Yes | AD59: 45382 | AE59: NA - Actual Cost | AF59: 5 | AG59: 0 | AH59: 0 | AI59: No Change | AL59: 3.2821918 | AM59: 0 | AN59: 3.2821918 | AO59: 2.2821918 | AP59: 0 | AR59: Actual Cost | AS59: 42973.2 | AX59: 42973.2 | AY59: 28209.257 | AZ59: 0 | BC59: -14763.943 | BE59: NO | BH59: -8594.64 | BI59: -716.22 | BK59: Straight line | BL59: 0 | BM59: -23358.583 | BR59: 0 | BS59: 19614.617 | BT59: -14763.943 | BZ59: 0 | CE59: 0
A60: 1789 | B60: R18 | C60: PPE | D60: Property, plant & equipment | E60: MOV | F60: Movable assets | G60: OTH | H60: COMPUTER EQUIPMENT | I60: OTH | J60: Other Assets | K60: Main offices | L60: Main offices | M60: OTH | N60: Lenovo Thinking Pad - Palesa | O60: OTH | Q60: Lenovo Thinking Pad - Palesa | R60: Cost Model | S60: Owned | T60: Core | U60: Other Assets | V60: Finance and Administration : Asset Management | W60: FX005002001000000000000000000000000 | X60: IA002015001018001001000000000000000000 | Y60: 1 | Z60: 13/07/2023 | AA60: 45120 | AB60: NO | AC60: Yes | AD60: 45382 | AE60: NA - Actual Cost | AF60: 5 | AG60: 0 | AH60: 0 | AI60: No Change | AL60: 3.2821918 | AM60: 0 | AN60: 3.2821918 | AO60: 2.2821918 | AP60: 2 - Good (46-70%) | AR60: Actual Cost | AS60: 42973.2 | AX60: 42973.2 | AY60: 28209.257 | AZ60: 0 | BC60: -14763.943 | BE60: NO | BH60: -8594.64 | BI60: -716.22 | BK60: Straight line | BL60: 0 | BM60: -23358.583 | BR60: 0 | BS60: 19614.617 | BT60: -14763.943 | BZ60: P. Kadi | CE60: 0
A61: 1764 | B61: Open plan Risk | C61: PPE | D61: Property, plant & equipment | E61: MOV | F61: Movable assets | G61: OTH | H61: COMPUTER EQUIPMENT | I61: OTH | J61: Other Assets | K61: Main offices | L61: Main offices | M61: OTH | N61: Lenovo Thinking Pad | O61: OTH | Q61: Lenovo Thinking Pad | R61: Cost Model | S61: Owned | T61: Core | U61: Other Assets | V61: Finance and Administration : Asset Management | W61: FX005002001000000000000000000000000 | X61: IA002015001018001001000000000000000000 | Y61: 1 | Z61: 13/07/2023 | AA61: 45120 | AB61: NO | AC61: Yes | AD61: 45382 | AE61: NA - Actual Cost | AF61: 5 | AG61: 0 | AH61: 0 | AI61: No Change | AL61: 3.2821918 | AM61: 0 | AN61: 3.2821918 | AO61: 2.2821918 | AP61: 2 - Good (46-70%) | AR61: Actual Cost | AS61: 42973.2 | AX61: 42973.2 | AY61: 28209.257 | AZ61: 0 | BC61: -14763.943 | BE61: NO | BH61: -8594.64 | BI61: -716.22 | BK61: Straight line | BL61: 0 | BM61: -23358.583 | BR61: 0 | BS61: 19614.617 | BT61: -14763.943 | BZ61: A.Mbuli | CE61: 0
A62: 1747 | B62: 0 | C62: PPE | D62: Property, plant & equipment | E62: MOV | F62: Movable assets | G62: OTH | H62: COMPUTER EQUIPMENT | I62: OTH | J62: Other Assets | K62: Main offices | L62: Main offices | M62: OTH | N62: Lenovo Thinking Pad | O62: OTH | Q62: Lenovo Thinking Pad | R62: Cost Model | S62: Owned | T62: Core | U62: Other Assets | V62: Finance and Administration : Asset Management | W62: FX005002001000000000000000000000000 | X62: IA002015001018001001000000000000000000 | Y62: 1 | Z62: 13/07/2023 | AA62: 45120 | AB62: NO | AC62: Yes | AD62: 45382 | AE62: NA - Actual Cost | AF62: 5 | AG62: 0 | AH62: 0 | AI62: No Change | AL62: 3.2821918 | AM62: 0 | AN62: 3.2821918 | AO62: 2.2821918 | AP62: 0 | AR62: Actual Cost | AS62: 42973.2 | AX62: 42973.2 | AY62: 28209.257 | AZ62: 0 | BC62: -14763.943 | BE62: NO | BH62: -8594.64 | BI62: -716.22 | BK62: Straight line | BL62: 0 | BM62: -23358.583 | BR62: 0 | BS62: 19614.617 | BT62: -14763.943 | BZ62: 0 | CE62: 0
A63: 1714 | B63: 0 | C63: PPE | D63: Property, plant & equipment | E63: MOV | F63: Movable assets | G63: OTH | H63: COMPUTER EQUIPMENT | I63: OTH | J63: Other Assets | K63: Main offices | L63: Main offices | M63: OTH | N63: Lenovo Thinking Pad - Not yet allocated - August 23 | O63: OTH | Q63: Lenovo Thinking Pad - Not yet allocated - August 23 | R63: Cost Model | S63: Owned | T63: Core | U63: Other Assets | V63: Finance and Administration : Asset Management | W63: FX005002001000000000000000000000000 | X63: IA002015001018001001000000000000000000 | Y63: 1 | Z63: 13/07/2023 | AA63: 45120 | AB63: NO | AC63: Yes | AD63: 45382 | AE63: NA - Actual Cost | AF63: 5 | AG63: 0 | AH63: 0 | AI63: No Change | AL63: 3.2821918 | AM63: 0 | AN63: 3.2821918 | AO63: 2.2821918 | AP63: 0 | AR63: Actual Cost | AS63: 42973.2 | AX63: 42973.2 | AY63: 28209.257 | AZ63: 0 | BC63: -14763.943 | BE63: NO | BH63: -8594.64 | BI63: -716.22 | BK63: Straight line | BL63: 0 | BM63: -23358.583 | BR63: 0 | BS63: 19614.617 | BT63: -14763.943 | BZ63: 0 | CE63: 0
A64: 1713 | B64: 0 | C64: PPE | D64: Property, plant & equipment | E64: MOV | F64: Movable assets | G64: OTH | H64: COMPUTER EQUIPMENT | I64: OTH | J64: Other Assets | K64: Main offices | L64: Main offices | M64: OTH | N64: Biometric Devices - Server Room | O64: OTH | Q64: Biometric Devices - Server Room | R64: Cost Model | S64: Owned | T64: Core | U64: Other Assets | V64: Finance and Administration : Asset Management | W64: FX005002001000000000000000000000000 | X64: IA002015001018001001000000000000000000 | Y64: 1 | Z64: 18/05/2023 | AA64: 45064 | AB64: NO | AC64: Yes | AD64: 45382 | AE64: NA - Actual Cost | AF64: 5 | AG64: 0 | AH64: 0 | AI64: No Change | AL64: 3.1287671 | AM64: 0 | AN64: 3.1287671 | AO64: 2.1287671 | AP64: 0 | AR64: Actual Cost | AS64: 58000 | AX64: 58000 | AY64: 36293.699 | AZ64: 0 | BC64: -21706.301 | BE64: NO | BH64: -11600 | BI64: -966.66667 | BK64: Straight line | BL64: 0 | BM64: -33306.301 | BR64: 0 | BS64: 24693.699 | BT64: -21706.301 | BZ64: 0 | CE64: 0
A65: 1569 | B65: Open plan finance | C65: PPE | D65: Property, plant & equipment | E65: MOV | F65: Movable assets | G65: OTH | H65: COMPUTER EQUIPMENT | I65: OTH | J65: Other Assets | K65: Main offices | L65: Main offices | M65: OTH | N65: Samsung Tab S8 Ultra 14.6 5G Grey | O65: OTH | Q65: Samsung Tab S8 Ultra 14.6 5G Grey | R65: Cost Model | S65: Owned | T65: Core | U65: Other Assets | V65: Finance and Administration : Asset Management | W65: FX005002001000000000000000000000000 | X65: IA002015001018001001000000000000000000 | Y65: 1 | Z65: 03/11/2022 | AA65: 44868 | AB65: NO | AC65: Yes | AD65: 45016 | AE65: NA - Actual Cost | AF65: 6 | AG65: 0 | AH65: 0 | AI65: No Change | AL65: 3.5945205 | AM65: 0 | AN65: 3.5945205 | AO65: 2.5945205 | AP65: 3 - Fair (26-45%) | AR65: Actual Cost | AS65: 23099 | AX65: 23099 | AY65: 4499.55 | AZ65: 0 | BC65: -9260.695 | BE65: NO | BH65: -1251.7803 | BI65: -104.31502 | BK65: Straight line | BL65: 0 | BM65: -10512.475 | BN65: -9338.755 | BO65: 0 | BR65: -9338.755 | BS65: 3247.7697 | BT65: -9260.695 | BZ65: S. Skenjana | CE65: 0
A66: NHC001514 | B66: 0 | C66: PPE | D66: Property, plant & equipment | E66: MOV | F66: Movable assets | G66: OTH | H66: COMPUTER EQUIPMENT | I66: OTH | J66: Other Assets | K66: Main offices | L66: Main offices | M66: OTH | N66: Laptop Dell Mobile Precision Workstation 3561 CTO | O66: OTH | Q66: Laptop Dell Mobile Precision Workstation 3561 CTO | R66: Cost Model | S66: Owned | T66: Core | U66: Other Assets | V66: Finance and Administration : Asset Management | W66: FX005002001000000000000000000000000 | X66: IA002015001018001001000000000000000000 | Y66: 1 | Z66: 16/08/2022 | AA66: 44789 | AB66: NO | AC66: Yes | AD66: 45016 | AE66: NA - Actual Cost | AF66: 3 | AG66: 0 | AH66: 0 | AI66: No Change | AL66: 0.37808219 | AM66: 0 | AN66: 0.37808219 | AO66: -0.62191781 | AP66: 0 | AR66: Actual Cost | AS66: 27181.49 | AX66: 27181.49 | AY66: 3425.6124 | AZ66: 0 | BC66: -23755.878 | BE66: NO | BH66: -9060.4967 | BI66: -755.04139 | BK66: Straight line | BL66: 0 | BM66: -32816.374 | BR66: 0 | BS66: -5634.8842 | BT66: -23755.878 | BZ66: 0 | CE66: 0
A67: NHC001565 | B67: 0 | C67: PPE | D67: Property, plant & equipment | E67: MOV | F67: Movable assets | G67: OTH | H67: COMPUTER EQUIPMENT | I67: OTH | J67: Other Assets | K67: Main offices | L67: Main offices | M67: OTH | N67: Laptop Dell Mobile Precision Workstation 3561 CTO (Motlatjo Ralefane) | O67: OTH | Q67: Laptop Dell Mobile Precision Workstation 3561 CTO (Motlatjo Ralefane) | R67: Cost Model | S67: Owned | T67: Core | U67: Other Assets | V67: Finance and Administration : Asset Management | W67: FX005002001000000000000000000000000 | X67: IA002015001018001001000000000000000000 | Y67: 1 | Z67: 16/08/2022 | AA67: 44789 | AB67: NO | AC67: Yes | AD67: 45016 | AE67: NA - Actual Cost | AF67: 3 | AG67: 0 | AH67: 0 | AI67: No Change | AL67: 0.37808219 | AM67: 0 | AN67: 0.37808219 | AO67: -0.62191781 | AP67: 0 | AR67: Actual Cost | AS67: 30852.01 | AX67: 30852.01 | AY67: 3888.1985 | AZ67: 0 | BC67: -26963.811 | BE67: NO | BH67: -10284.003 | BI67: -857.00028 | BK67: Straight line | BL67: 0 | BM67: -37247.815 | BR67: 0 | BS67: -6395.8048 | BT67: -26963.811 | BZ67: 0 | CE67: 0
A68: NHC001509 | B68: 0 | C68: PPE | D68: Property, plant & equipment | E68: MOV | F68: Movable assets | G68: OTH | H68: COMPUTER EQUIPMENT | I68: OTH | J68: Other Assets | K68: Main offices | L68: Main offices | M68: OTH | N68: Laptop Dell Mobile Precision Workstation 3561 CTO | O68: OTH | Q68: Laptop Dell Mobile Precision Workstation 3561 CTO | R68: Cost Model | S68: Owned | T68: Core | U68: Other Assets | V68: Finance and Administration : Asset Management | W68: FX005002001000000000000000000000000 | X68: IA002015001018001001000000000000000000 | Y68: 1 | Z68: 16/08/2022 | AA68: 44789 | AB68: NO | AC68: Yes | AD68: 45016 | AE68: NA - Actual Cost | AF68: 3 | AG68: 0 | AH68: 0 | AI68: No Change | AL68: 0.37808219 | AM68: 0 | AN68: 0.37808219 | AO68: -0.62191781 | AP68: 0 | AR68: Actual Cost | AS68: 30852.01 | AX68: 30852.01 | AY68: 3888.1985 | AZ68: 0 | BC68: -26963.811 | BE68: NO | BH68: -10284.003 | BI68: -857.00028 | BK68: Straight line | BL68: 0 | BM68: -37247.815 | BR68: 0 | BS68: -6395.8048 | BT68: -26963.811 | BZ68: 0 | CE68: 0
A69: NHC001550 | B69: 0 | C69: PPE | D69: Property, plant & equipment | E69: MOV | F69: Movable assets | G69: OTH | H69: COMPUTER EQUIPMENT | I69: OTH | J69: Other Assets | K69: Main offices | L69: Main offices | M69: OTH | N69: Laptop Dell Mobile Precision Workstation 3561 CTO | O69: OTH | Q69: Laptop Dell Mobile Precision Workstation 3561 CTO | R69: Cost Model | S69: Owned | T69: Core | U69: Other Assets | V69: Finance and Administration : Asset Management | W69: FX005002001000000000000000000000000 | X69: IA002015001018001001000000000000000000 | Y69: 1 | Z69: 16/08/2022 | AA69: 44789 | AB69: NO | AC69: Yes | AD69: 45016 | AE69: NA - Actual Cost | AF69: 3 | AG69: 0 | AH69: 0 | AI69: No Change | AL69: 0.37808219 | AM69: 0 | AN69: 0.37808219 | AO69: -0.62191781 | AP69: 0 | AR69: Actual Cost | AS69: 30852.01 | AX69: 30852.01 | AY69: 3888.1985 | AZ69: 0 | BC69: -26963.811 | BE69: NO | BH69: -10284.003 | BI69: -857.00028 | BK69: Straight line | BL69: 0 | BM69: -37247.815 | BR69: 0 | BS69: -6395.8048 | BT69: -26963.811 | BZ69: 0 | CE69: 0
A70: NHC001566 | B70: Open plan co-Business | C70: PPE | D70: Property, plant & equipment | E70: MOV | F70: Movable assets | G70: OTH | H70: COMPUTER EQUIPMENT | I70: OTH | J70: Other Assets | K70: Main offices | L70: Main offices | M70: OTH | N70: Laptop Dell Mobile Precision Workstation 3561 CTO | O70: OTH | Q70: Laptop Dell Mobile Precision Workstation 3561 CTO | R70: Cost Model | S70: Owned | T70: Core | U70: Other Assets | V70: Finance and Administration : Asset Management | W70: FX005002001000000000000000000000000 | X70: IA002015001018001001000000000000000000 | Y70: 1 | Z70: 16/08/2022 | AA70: 44789 | AB70: NO | AC70: Yes | AD70: 45016 | AE70: NA - Actual Cost | AF70: 3 | AG70: 0 | AH70: 0 | AI70: No Change | AL70: 0.37808219 | AM70: 0 | AN70: 0.37808219 | AO70: -0.62191781 | AP70: 3 - Fair (26-45%) | AR70: Actual Cost | AS70: 30852.01 | AX70: 30852.01 | AY70: 3888.1985 | AZ70: 0 | BC70: -26963.811 | BE70: NO | BH70: -10284.003 | BI70: -857.00028 | BK70: Straight line | BL70: 0 | BM70: -37247.815 | BR70: 0 | BS70: -6395.8048 | BT70: -26963.811 | BZ70: G. Mdluli | CE70: 0
